Workbook
Name Area_of_Concern___Patient_Rights: '[1]Summary and Table of Content'!$C$5

Sheet Department Wise
C1: NQAS SCORE CARD-DISTRICT HOSPITAL | H1: Version : DH/ 02/19
C3: Hospital Score Card (Deparatment wise)
C4: Accident & Emergency | D4: Labour Room (LaQshya) | E4: ICU | F4: OT | G4: Pharmacy | H4: Hospital Score
C5: ='Emergency '!D743 -> 1 | D5: ='Labour Room (LaQshya)'!D659 -> 1 | E5: =ICU!D721 -> 1 | F5: =OT!D720 -> 1 | G5: =Pharmacy!D618 -> 1
C6: OPD | D6: Maternity OT (LaQshya) | E6: Maternity Ward | F6: NRC | G6: Auxillary Services | H6: =('Emergency '!B743+OPD!B797+'Labour Room (LaQshya)'!B659+'Maternity Ward'!B705+'Ped Ward'!B685+'SNCU '!B740+'NRC '!B712+OT!B720+'M-OT (LaQshya)'!B646+'PP Unit'!B757+ICU!B721+IPD!B669+'Blood Bank'!B658+Lab!B675+'Radiology '!B626+Pharmacy!B618+'Auxillary services'!B647+'Mortuary '!B590+Admin!B888)/('Emergency '!C743+OPD!C797+'Labour Room (LaQshya)'!C659+'Maternity Ward'!C705+'Ped Ward'!C685+'SNCU '!C740+'NRC '!C712+OT!C720+'M-OT (LaQshya)'!C646+'PP Unit'!C757+ICU!C721+IPD!C669+'Blood Bank'!C658+Lab!C675+'Radiology '!C626+Pharmacy!C618+'Auxillary services'!C647+'Mortuary '!C590+Admin!C888) -> 0.99992601
C7: =OPD!D797 -> 1 | D7: ='M-OT (LaQshya)'!D646 -> 1 | E7: ='Maternity Ward'!D705 -> 1 | F7: ='NRC '!D712 -> 1 | G7: ='Auxillary services'!D647 -> 1
C8: Laboratory | D8: SNCU | E8: Paediateric Ward | F8: Blood Bank | G8: General Admin | H8: LaQshya Score
C9: =Lab!D675 -> 1 | D9: ='SNCU '!D740 -> 1 | E9: ='Ped Ward'!D685 -> 1 | F9: ='Blood Bank'!D658 -> 1 | G9: =Admin!D888 -> 0.99915683
C10: Radiology | D10: PP Unit | E10: IPD | F10: Mortuary | H10: =('Labour Room (LaQshya)'!B659+'M-OT (LaQshya)'!B646)/('Labour Room (LaQshya)'!C659+'M-OT (LaQshya)'!C646) -> 1
C11: ='Radiology '!D626 -> 1 | D11: ='PP Unit'!D757 -> 1 | E11: =IPD!D669 -> 1 | F11: ='Mortuary '!D590 -> 1
C17: =UPPER("Hospital Quality Score Card Area of Concern wise") -> HOSPITAL QUALITY SCORE CARD AREA OF CONCERN WISE
C18: Service Provision | D18: Patient Rights | E18: Inputs | F18: Support Services
C19: =('Emergency '!B735+OPD!B789+'Labour Room (LaQshya)'!B651+'Maternity Ward'!B697+'Ped Ward'!B677+'SNCU '!B732+'NRC '!B704+OT!B712+'M-OT (LaQshya)'!B638+'PP Unit'!B749+ICU!B713+IPD!B661+'Blood Bank'!B650+Lab!B667+'Radiology '!B618+Pharmacy!B610+'Auxillary services'!B639+'Mortuary '!B582+Admin!B880)/('Emergency '!C735+OPD!C789+'Labour Room (LaQshya)'!C651+'Maternity Ward'!C697+'Ped Ward'!C677+'SNCU '!C732+'NRC '!C704+OT!C712+'M-OT (LaQshya)'!C638+'PP Unit'!C749+ICU!C713+IPD!C661+'Blood Bank'!C650+Lab!C667+'Radiology '!C618+Pharmacy!C610+'Auxillary services'!C639+'Mortuary '!C582+Admin!C880) -> 1 | D19: =('Emergency '!B736+OPD!B790+'Labour Room (LaQshya)'!B652+'Maternity Ward'!B698+'Ped Ward'!B678+'SNCU '!B733+'NRC '!B705+OT!B713+'M-OT (LaQshya)'!B639+'PP Unit'!B750+ICU!B714+IPD!B662+'Blood Bank'!B651+Lab!B668+'Radiology '!B619+Pharmacy!B611+'Auxillary services'!B640+'Mortuary '!B583+Admin!B881)/('Emergency '!C736+OPD!C790+'Labour Room (LaQshya)'!C652+'Maternity Ward'!C698+'Ped Ward'!C678+'SNCU '!C733+'NRC '!C705+OT!C713+'M-OT (LaQshya)'!C639+'PP Unit'!C750+ICU!C714+IPD!C662+'Blood Bank'!C651+Lab!C668+'Radiology '!C619+Pharmacy!C611+'Auxillary services'!C640+'Mortuary '!C583+Admin!C881) -> 1 | E19: =('Emergency '!B737+OPD!B791+'Labour Room (LaQshya)'!B653+'Maternity Ward'!B699+'Ped Ward'!B679+'SNCU '!B734+'NRC '!B706+OT!B714+'M-OT (LaQshya)'!B640+'PP Unit'!B751+ICU!B715+IPD!B663+'Blood Bank'!B652+Lab!B669+'Radiology '!B620+Pharmacy!B612+'Auxillary services'!B641+'Mortuary '!B584+Admin!B882)/('Emergency '!C737+OPD!C791+'Labour Room (LaQshya)'!C653+'Maternity Ward'!C699+'Ped Ward'!C679+'SNCU '!C734+'NRC '!C706+OT!C714+'M-OT (LaQshya)'!C640+'PP Unit'!C751+ICU!C715+IPD!C663+'Blood Bank'!C652+Lab!C669+'Radiology '!C620+Pharmacy!C612+'Auxillary services'!C641+'Mortuary '!C584+Admin!C882) -> 0.99961774 | F19: =('Emergency '!B738+OPD!B792+'Labour Room (LaQshya)'!B654+'Maternity Ward'!B700+'Ped Ward'!B680+'SNCU '!B735+'NRC '!B707+OT!B715+'M-OT (LaQshya)'!B641+'PP Unit'!B752+ICU!B716+IPD!B664+'Blood Bank'!B653+Lab!B670+'Radiology '!B621+Pharmacy!B613+'Auxillary services'!B642+'Mortuary '!B585+Admin!B883)/('Emergency '!C738+OPD!C792+'Labour Room (LaQshya)'!C654+'Maternity Ward'!C700+'Ped Ward'!C680+'SNCU '!C735+'NRC '!C707+OT!C715+'M-OT (LaQshya)'!C641+'PP Unit'!C752+ICU!C716+IPD!C664+'Blood Bank'!C653+Lab!C670+'Radiology '!C621+Pharmacy!C613+'Auxillary services'!C642+'Mortuary '!C585+Admin!C883) -> 1
C20: HOSPITAL SCORE
C21: =('Emergency '!B743+OPD!B797+'Labour Room (LaQshya)'!B659+'Maternity Ward'!B705+'Ped Ward'!B685+'SNCU '!B740+'NRC '!B712+OT!B720+'M-OT (LaQshya)'!B646+'PP Unit'!B757+ICU!B721+IPD!B669+'Blood Bank'!B658+Lab!B675+'Radiology '!B626+Pharmacy!B618+'Auxillary services'!B647+'Mortuary '!B590+Admin!B888)/('Emergency '!C743+OPD!C797+'Labour Room (LaQshya)'!C659+'Maternity Ward'!C705+'Ped Ward'!C685+'SNCU '!C740+'NRC '!C712+OT!C720+'M-OT (LaQshya)'!C646+'PP Unit'!C757+ICU!C721+IPD!C669+'Blood Bank'!C658+Lab!C675+'Radiology '!C626+Pharmacy!C618+'Auxillary services'!C647+'Mortuary '!C590+Admin!C888) -> 0.99992601
C22: Clinical Services | D22: Infection Control | E22: Quality Management | F22: Outcome
C23: =('Emergency '!B739+OPD!B793+'Labour Room (LaQshya)'!B655+'Maternity Ward'!B701+'Ped Ward'!B681+'SNCU '!B736+'NRC '!B708+OT!B716+'M-OT (LaQshya)'!B642+'PP Unit'!B753+ICU!B717+IPD!B665+'Blood Bank'!B654+Lab!B671+'Radiology '!B622+Pharmacy!B614+'Auxillary services'!B643+'Mortuary '!B586+Admin!B884)/('Emergency '!C739+OPD!C793+'Labour Room (LaQshya)'!C655+'Maternity Ward'!C701+'Ped Ward'!C681+'SNCU '!C736+'NRC '!C708+OT!C716+'M-OT (LaQshya)'!C642+'PP Unit'!C753+ICU!C717+IPD!C665+'Blood Bank'!C654+Lab!C671+'Radiology '!C622+Pharmacy!C614+'Auxillary services'!C643+'Mortuary '!C586+Admin!C884) -> 1 | D23: =('Emergency '!B740+OPD!B794+'Labour Room (LaQshya)'!B656+'Maternity Ward'!B702+'Ped Ward'!B682+'SNCU '!B737+'NRC '!B709+OT!B717+'M-OT (LaQshya)'!B643+'PP Unit'!B754+ICU!B718+IPD!B666+'Blood Bank'!B655+Lab!B672+'Radiology '!B623+Pharmacy!B615+'Auxillary services'!B644+'Mortuary '!B587+Admin!B885)/('Emergency '!C740+OPD!C794+'Labour Room (LaQshya)'!C656+'Maternity Ward'!C702+'Ped Ward'!C682+'SNCU '!C737+'NRC '!C709+OT!C717+'M-OT (LaQshya)'!C643+'PP Unit'!C754+ICU!C718+IPD!C666+'Blood Bank'!C655+Lab!C672+'Radiology '!C623+Pharmacy!C615+'Auxillary services'!C644+'Mortuary '!C587+Admin!C885) -> 1 | E23: =('Emergency '!B741+OPD!B795+'Labour Room (LaQshya)'!B657+'Maternity Ward'!B703+'Ped Ward'!B683+'SNCU '!B738+'NRC '!B710+OT!B718+'M-OT (LaQshya)'!B644+'PP Unit'!B755+ICU!B719+IPD!B667+'Blood Bank'!B656+Lab!B673+'Radiology '!B624+Pharmacy!B616+'Auxillary services'!B645+'Mortuary '!B588+Admin!B886)/('Emergency '!C741+OPD!C795+'Labour Room (LaQshya)'!C657+'Maternity Ward'!C703+'Ped Ward'!C683+'SNCU '!C738+'NRC '!C710+OT!C718+'M-OT (LaQshya)'!C644+'PP Unit'!C755+ICU!C719+IPD!C667+'Blood Bank'!C656+Lab!C673+'Radiology '!C624+Pharmacy!C616+'Auxillary services'!C645+'Mortuary '!C588+Admin!C886) -> 1 | F23: =('Emergency '!B742+OPD!B796+'Labour Room (LaQshya)'!B658+'Maternity Ward'!B704+'Ped Ward'!B684+'SNCU '!B739+'NRC '!B711+OT!B719+'M-OT (LaQshya)'!B645+'PP Unit'!B756+ICU!B720+IPD!B668+'Blood Bank'!B657+Lab!B674+'Radiology '!B625+Pharmacy!B617+'Auxillary services'!B646+'Mortuary '!B589+Admin!B887)/('Emergency '!C742+OPD!C796+'Labour Room (LaQshya)'!C658+'Maternity Ward'!C704+'Ped Ward'!C684+'SNCU '!C739+'NRC '!C711+OT!C719+'M-OT (LaQshya)'!C645+'PP Unit'!C756+ICU!C720+IPD!C668+'Blood Bank'!C657+Lab!C674+'Radiology '!C625+Pharmacy!C617+'Auxillary services'!C646+'Mortuary '!C589+Admin!C887) -> 1
B28: Reference No | C28: Area of Concern & Standards | H28: NQAS Score | I28: LaQshya Score
C29: Area of Concern A- Service Provision
B30: Standard A1. | C30: Facility Provides Curative Services | H30: =('Emergency '!H44+OPD!H43+'Labour Room (LaQshya)'!H49+'Maternity Ward'!H44+'Ped Ward'!H44+'SNCU '!H43+'NRC '!H44+OT!H44+'M-OT (LaQshya)'!H44+'PP Unit'!H44+ICU!H44+IPD!H44+'Blood Bank'!H44+'Radiology '!H43+Pharmacy!H43+'Mortuary '!H43+Admin!H43)/('Emergency '!I44+OPD!I43+'Labour Room (LaQshya)'!I49+'Maternity Ward'!I44+'Ped Ward'!I44+'SNCU '!I43+'NRC '!I44+OT!I44+'M-OT (LaQshya)'!I44+'PP Unit'!I44+ICU!I44+IPD!I44+'Blood Bank'!I44+'Radiology '!I43+Pharmacy!I43+'Mortuary '!I43+Admin!I43) -> 1 | I30: =('Labour Room (LaQshya)'!H49+'M-OT (LaQshya)'!H44)/('M-OT (LaQshya)'!I44+'Labour Room (LaQshya)'!I49) -> 1
B31: Standard A2 | C31: Facility provides RMNCHA Services | H31: =('Emergency '!H64+OPD!H72+'Labour Room (LaQshya)'!H68+'Maternity Ward'!H63+'Ped Ward'!H64+'SNCU '!H62+'NRC '!H63+OT!H63+'M-OT (LaQshya)'!H63+'PP Unit'!H64+'Blood Bank'!H66+'Radiology '!H63+Admin!H63)/('Emergency '!I64+OPD!I72+'Labour Room (LaQshya)'!I68+'Maternity Ward'!I63+'Ped Ward'!I64+'SNCU '!I62+'NRC '!I63+OT!I63+'M-OT (LaQshya)'!I63+'PP Unit'!I64+'Blood Bank'!I66+'Radiology '!I63+Admin!I63) -> 1 | I31: =('Labour Room (LaQshya)'!H68+'M-OT (LaQshya)'!H63)/('M-OT (LaQshya)'!I63+'Labour Room (LaQshya)'!I68) -> 1
B32: Standard A3. | C32: Facility Provides diagnostic Services | H32: =('Emergency '!H70+OPD!H79+'Labour Room (LaQshya)'!H80+'Maternity Ward'!H73+'SNCU '!H74+'NRC '!H78+OT!H71+'M-OT (LaQshya)'!H70+'PP Unit'!H77+ICU!H69+'Blood Bank'!H72+Lab!H70+'Radiology '!H69+Admin!H71)/('Emergency '!I70+OPD!I79+'Labour Room (LaQshya)'!I80+'Maternity Ward'!I73+'SNCU '!I74+'NRC '!I78+OT!I71+'M-OT (LaQshya)'!I70+'PP Unit'!I77+ICU!I69+'Blood Bank'!I72+Lab!I70+'Radiology '!I69+Admin!I71) -> 1 | I32: =('Labour Room (LaQshya)'!H80+'M-OT (LaQshya)'!H70)/('M-OT (LaQshya)'!I70+'Labour Room (LaQshya)'!I80) -> 1
B33: Standard A4 | C33: Facility provides services as mandated in national Health Programs/ state scheme | H33: =(OPD!H84+'Maternity Ward'!H77+'Ped Ward'!H80+OT!H75+ICU!H74+IPD!H75+'Blood Bank'!H76+Lab!H82+Pharmacy!H74+Admin!H77)/(OPD!I84+'Maternity Ward'!I77+'Ped Ward'!I80+ICU!I74+IPD!I75+'Blood Bank'!I76+Lab!I82+Pharmacy!I74+Admin!I77+OT!I75) -> 1 | I33: NA
B34: Standard A5. | C34: Facility provides support services | H34: =('Emergency '!H88+'NRC '!H95+Pharmacy!H88+'Auxillary services'!H85+'Mortuary '!H85+Admin!H93)/('Emergency '!I88+'NRC '!I95+Pharmacy!I88+'Auxillary services'!I85+'Mortuary '!I85+Admin!I93) -> 1 | I34: NA
B35: Standard A6. | C35: Health services provided at the facility are appropriate to community needs. | H35: =('Emergency '!H97+OPD!H113+IPD!H97+'Blood Bank'!H98+Lab!H105+Admin!H102)/('Emergency '!I97+OPD!I113+IPD!I97+'Blood Bank'!I98+Lab!I105+Admin!I102) -> 1 | I35: NA
C36: Area of Concern B- Patient Rights
B37: Standard B1. | C37: Facility provides the information to care seekers, attendants & community about the available services and their modalities | H37: =('Emergency '!H101+OPD!H117+'Labour Room (LaQshya)'!H110+'Maternity Ward'!H103+'Ped Ward'!H108+'SNCU '!H104+'NRC '!H108+OT!H102+'M-OT (LaQshya)'!H100+'PP Unit'!H107+ICU!H100+IPD!H101+'Blood Bank'!H102+Lab!H109+'Radiology '!H103+Pharmacy!H104+'Auxillary services'!H98+'Mortuary '!H101+Admin!H107)/('Emergency '!I101+OPD!I117+'Labour Room (LaQshya)'!I110+'Maternity Ward'!I103+'Ped Ward'!I108+'SNCU '!I104+'NRC '!I108+OT!I102+'M-OT (LaQshya)'!I100+'PP Unit'!I107+ICU!I100+IPD!I101+'Blood Bank'!I102+Lab!I109+'Radiology '!I103+Pharmacy!I104+'Auxillary services'!I98+'Mortuary '!I101+Admin!I107) -> 1 | I37: =('Labour Room (LaQshya)'!H110+'M-OT (LaQshya)'!H100)/('Labour Room (LaQshya)'!I110+'M-OT (LaQshya)'!I100) -> 1
B38: Standard B2. | C38: Services are delivered in a manner that is sensitive to gender, religious, and cultural needs, and there are no barrier on account of physical economic, cultural or social reasons. | H38: =('Emergency '!H114+OPD!H132+'Labour Room (LaQshya)'!H119+'Maternity Ward'!H117+'Ped Ward'!H119+'NRC '!H122+OT!H114+'M-OT (LaQshya)'!H108+'PP Unit'!H120+ICU!H114+IPD!H115+'Blood Bank'!H114+Lab!H120+'Radiology '!H115+Pharmacy!H116+'Mortuary '!H111+Admin!H137)/('Emergency '!I114+OPD!I132+'Labour Room (LaQshya)'!I119+'Maternity Ward'!I117+'Ped Ward'!I119+'NRC '!I122+OT!I114+'M-OT (LaQshya)'!I108+'PP Unit'!I120+ICU!I114+IPD!I115+'Blood Bank'!I114+Lab!I120+'Radiology '!I115+Pharmacy!I116+'Mortuary '!I111+Admin!I137) -> 1 | I38: =('Labour Room (LaQshya)'!H119+'M-OT (LaQshya)'!H108)/('M-OT (LaQshya)'!I108+('Labour Room (LaQshya)'!I119)) -> 1
B39: Standard B3. | C39: Facility maintains the privacy, confidentiality & Dignity of patient and related information. | H39: =('Emergency '!H130+OPD!H145+'Labour Room (LaQshya)'!H126+'Maternity Ward'!H127+'Ped Ward'!H126+'SNCU '!H125+'NRC '!H128+OT!H121+'M-OT (LaQshya)'!H114+'PP Unit'!H129+ICU!H121+IPD!H128+'Blood Bank'!H120+Lab!H126+'Radiology '!H121+Pharmacy!H122+'Auxillary services'!H113+'Mortuary '!H117+Admin!H161)/('Emergency '!I130+OPD!I145+'Labour Room (LaQshya)'!I126+'Maternity Ward'!I127+'Ped Ward'!I126+'SNCU '!I125+'NRC '!I128+OT!I121+'M-OT (LaQshya)'!I114+'PP Unit'!I129+ICU!I121+IPD!I128+'Blood Bank'!I120+Lab!I126+'Radiology '!I121+Pharmacy!I122+'Auxillary services'!I113+'Mortuary '!I117+Admin!I161) -> 1 | I39: =('Labour Room (LaQshya)'!H126+'M-OT (LaQshya)'!H114)/('M-OT (LaQshya)'!I114+'Labour Room (LaQshya)'!I126) -> 1
B40: Standard B4. | C40: Facility has defined and established procedures for informing and involving patient and their families about treatment and obtaining informed consent wherever it is required. | H40: =('Emergency '!H136+OPD!H152+'Labour Room (LaQshya)'!H136+'Maternity Ward'!H136+'Ped Ward'!H131+'SNCU '!H130+'NRC '!H133+OT!H128+'M-OT (LaQshya)'!H120+'PP Unit'!H138+ICU!H127+IPD!H138+'Blood Bank'!H125+Lab!H131+'Radiology '!H127+Pharmacy!H127+'Auxillary services'!H118+'Mortuary '!H122+Admin!H166)/('Emergency '!I136+OPD!I152+'Labour Room (LaQshya)'!I136+'Maternity Ward'!I136+'Ped Ward'!I131+'SNCU '!I130+'NRC '!I133+OT!I128+'M-OT (LaQshya)'!I120+'PP Unit'!I138+ICU!I127+IPD!I138+'Blood Bank'!I125+Lab!I131+'Radiology '!I127+Pharmacy!I127+'Auxillary services'!I118+'Mortuary '!I122+Admin!I166) -> 1 | I40: =('Labour Room (LaQshya)'!H136+'M-OT (LaQshya)'!H120)/('M-OT (LaQshya)'!I120+'Labour Room (LaQshya)'!I136) -> 1
B41: Standard B5. | C41: Facility ensures that there are no financial barrier to access and that there is financial protection given from cost of care. | H41: =('Emergency '!H142+OPD!H159+'Labour Room (LaQshya)'!H142+'Maternity Ward'!H142+'Ped Ward'!H137+'SNCU '!H137+'NRC '!H140+OT!H135+'M-OT (LaQshya)'!H127+'PP Unit'!H146+ICU!H134+IPD!H144+'Blood Bank'!H132+Lab!H137+'Radiology '!H133+Pharmacy!H133+'Auxillary services'!H124+Admin!H179)/('Emergency '!I142+OPD!I159+'Labour Room (LaQshya)'!I142+'Maternity Ward'!I142+'Ped Ward'!I137+'SNCU '!I137+'NRC '!I140+OT!I135+'M-OT (LaQshya)'!I127+'PP Unit'!I146+ICU!I134+IPD!I144+'Blood Bank'!I132+Lab!I137+'Radiology '!I133+Pharmacy!I133+'Auxillary services'!I124+Admin!I179) -> 1 | I41: =('Labour Room (LaQshya)'!H142+'M-OT (LaQshya)'!H127)/('M-OT (LaQshya)'!I127+'Labour Room (LaQshya)'!I142) -> 1
B42: Standard B6 | C42: Facility has defined framework for ethical management including dilemmas confronted during delivery of services at public health facilities | H42: =('Emergency '!H149+'Maternity Ward'!H156+'Ped Ward'!H151+'SNCU '!H151+'NRC '!H155+'PP Unit'!H155+ICU!H141+IPD!H152+Admin!H191)/('Emergency '!I149+'Maternity Ward'!I156+'Ped Ward'!I151+'SNCU '!I151+'NRC '!I155+'PP Unit'!I155+ICU!I141+IPD!I152+Admin!I191) -> 1 | I42: NA
C43: Area of Concern C - Inputs
B44: Standard C1. | C44: The facility has infrastructure for delivery of assured services, and available infrastructure meets the prevalent norms | H44: =('Emergency '!H164+OPD!H179+'Labour Room (LaQshya)'!H161+'Maternity Ward'!H169+'Ped Ward'!H164+'SNCU '!H165+'NRC '!H168+OT!H156+'M-OT (LaQshya)'!H147+'PP Unit'!H168+ICU!H156+IPD!H165+'Blood Bank'!H152+Lab!H158+'Radiology '!H153+Pharmacy!H154+'Auxillary services'!H144+'Mortuary '!H148+Admin!H204)/('Emergency '!I164+OPD!I179+'Labour Room (LaQshya)'!I161+'Maternity Ward'!I169+'Ped Ward'!I164+'SNCU '!I165+'NRC '!I168+OT!I156+'M-OT (LaQshya)'!I147+'PP Unit'!I168+ICU!I156+IPD!I165+'Blood Bank'!I152+Lab!I158+'Radiology '!I153+Pharmacy!I154+'Auxillary services'!I144+'Mortuary '!I148+Admin!I204) -> 1 | I44: =('Labour Room (LaQshya)'!H161+'M-OT (LaQshya)'!H147)/('M-OT (LaQshya)'!I147+'Labour Room (LaQshya)'!I161) -> 1
B45: Standard C2. | C45: The facility ensures the physical safety of the infrastructure. | H45: =('Emergency '!H193+OPD!H204+'Labour Room (LaQshya)'!H176+'Maternity Ward'!H194+'Ped Ward'!H186+'SNCU '!H192+'NRC '!H190+OT!H181+'M-OT (LaQshya)'!H164+'PP Unit'!H191+ICU!H175+IPD!H188+'Blood Bank'!H168+Lab!H174+'Radiology '!H166+Pharmacy!H169+'Auxillary services'!H159+'Mortuary '!H165+Admin!H233)/('Emergency '!I193+OPD!I204+'Labour Room (LaQshya)'!I176+'Maternity Ward'!I194+'Ped Ward'!I186+'SNCU '!I192+'NRC '!I190+OT!I181+'M-OT (LaQshya)'!I164+'PP Unit'!I191+ICU!I175+IPD!I188+'Blood Bank'!I168+Lab!I174+'Radiology '!I166+Pharmacy!I169+'Auxillary services'!I159+'Mortuary '!I165+Admin!I233) -> 1 | I45: =('Labour Room (LaQshya)'!H176+'M-OT (LaQshya)'!H164)/('M-OT (LaQshya)'!I164+'Labour Room (LaQshya)'!I176) -> 1
B46: Standard C3. | C46: The facility has established Programme for fire safety and other disaster | H46: =('Emergency '!H199+OPD!H210+'Labour Room (LaQshya)'!H181+'Maternity Ward'!H200+'Ped Ward'!H192+'SNCU '!H207+'NRC '!H196+OT!H188+'M-OT (LaQshya)'!H171+'PP Unit'!H198+ICU!H186+IPD!H194+'Blood Bank'!H176+Lab!H182+'Radiology '!H175+Pharmacy!H176+'Auxillary services'!H165+'Mortuary '!H172+Admin!H256)/('Emergency '!I199+OPD!I210+'Labour Room (LaQshya)'!I181+'Maternity Ward'!I200+'Ped Ward'!I192+'SNCU '!I207+'NRC '!I196+OT!I188+'M-OT (LaQshya)'!I171+'PP Unit'!I198+ICU!I186+IPD!I194+'Blood Bank'!I176+Lab!I182+'Radiology '!I175+Pharmacy!I176+'Auxillary services'!I165+'Mortuary '!I172+Admin!I256) -> 0.99509804 | I46: =('Labour Room (LaQshya)'!H181+'M-OT (LaQshya)'!H171)/('M-OT (LaQshya)'!I171+'Labour Room (LaQshya)'!I181) -> 1
B47: Standard C4. | C47: The facility has adequate qualified and trained staff, required for providing the assured services to the current case load | H47: =('Emergency '!H205+OPD!H216+'Labour Room (LaQshya)'!H185+'Maternity Ward'!H206+'Ped Ward'!H198+'SNCU '!H215+'NRC '!H202+OT!H194+'M-OT (LaQshya)'!H175+'PP Unit'!H204+ICU!H194+IPD!H200+'Blood Bank'!H183+Lab!H189+'Radiology '!H181+Pharmacy!H183+'Auxillary services'!H172+'Mortuary '!H177+Admin!H267)/('Emergency '!I205+OPD!I216+'Labour Room (LaQshya)'!I185+'Maternity Ward'!I206+'Ped Ward'!I198+'SNCU '!I215+'NRC '!I202+OT!I194+'M-OT (LaQshya)'!I175+'PP Unit'!I204+ICU!I194+IPD!I200+'Blood Bank'!I183+Lab!I189+'Radiology '!I181+Pharmacy!I183+'Auxillary services'!I172+'Mortuary '!I177+Admin!I267) -> 1 | I47: =('Labour Room (LaQshya)'!H185+'M-OT (LaQshya)'!H175)/('M-OT (LaQshya)'!I175+'Labour Room (LaQshya)'!I185) -> 1
B48: Standard C5. | C48: Facility provides drugs and consumables required for assured list of services. | H48: =('Emergency '!H214+OPD!H233+'Labour Room (LaQshya)'!H192+'Maternity Ward'!H214+'Ped Ward'!H205+'SNCU '!H223+'NRC '!H212+OT!H207+'M-OT (LaQshya)'!H182+'PP Unit'!H212+ICU!H202+IPD!H207+'Blood Bank'!H190+Lab!H198+'Radiology '!H189+Pharmacy!H189+'Auxillary services'!H181+'Mortuary '!H184+Admin!H301)/('Emergency '!I214+OPD!I233+'Labour Room (LaQshya)'!I192+'Maternity Ward'!I214+'Ped Ward'!I205+'SNCU '!I223+'NRC '!I212+OT!I207+'M-OT (LaQshya)'!I182+'PP Unit'!I212+ICU!I202+IPD!I207+'Blood Bank'!I190+Lab!I198+'Radiology '!I189+Pharmacy!I189+'Auxillary services'!I181+'Mortuary '!I184+Admin!I301) -> 1 | I48: =('Labour Room (LaQshya)'!H192+'M-OT (LaQshya)'!H182)/('M-OT (LaQshya)'!I182+'Labour Room (LaQshya)'!I192) -> 1
B49: Standard C6. | C49: The facility has equipment & instruments required for assured list of services. | H49: =('Emergency '!H232+OPD!H239+'Labour Room (LaQshya)'!H201+'Maternity Ward'!H227+'Ped Ward'!H215+'SNCU '!H235+'NRC '!H223+OT!H223+'M-OT (LaQshya)'!H194+'PP Unit'!H224+ICU!H215+IPD!H221+'Blood Bank'!H195+Lab!H205+'Radiology '!H194+Pharmacy!H211+'Auxillary services'!H186+'Mortuary '!H189+Admin!H305)/('Emergency '!I232+OPD!I239+'Labour Room (LaQshya)'!I201+'Maternity Ward'!I227+'Ped Ward'!I215+'SNCU '!I235+'NRC '!I223+OT!I223+'M-OT (LaQshya)'!I194+'PP Unit'!I224+ICU!I215+IPD!I221+'Blood Bank'!I195+Lab!I205+'Radiology '!I194+Pharmacy!I211+'Auxillary services'!I186+'Mortuary '!I189+Admin!I305) -> 1 | I49: =('Labour Room (LaQshya)'!H201+'M-OT (LaQshya)'!H194)/('M-OT (LaQshya)'!I194+'Labour Room (LaQshya)'!I201) -> 1
B50: Standard C7 | C50: Facility has a defined and established procedure for effective utilization, evaluation and augmentation of competence and performance of staff | H50: =('Emergency '!H248+OPD!H254+'Labour Room (LaQshya)'!H216+'Maternity Ward'!H239+'Ped Ward'!H227+'SNCU '!H248+'NRC '!H237+OT!H243+'M-OT (LaQshya)'!H208+'PP Unit'!H244+ICU!H228+IPD!H233+'Blood Bank'!H207+Lab!H222+'Radiology '!H209+Pharmacy!H219+'Auxillary services'!H199+'Mortuary '!H200+Admin!H315)/('Emergency '!I248+OPD!I254+'Labour Room (LaQshya)'!I216+'Maternity Ward'!I239+'Ped Ward'!I227+'SNCU '!I248+'NRC '!I237+OT!I243+'M-OT (LaQshya)'!I208+'PP Unit'!I244+ICU!I228+IPD!I233+'Blood Bank'!I207+Lab!I222+'Radiology '!I209+Pharmacy!I219+'Auxillary services'!I199+'Mortuary '!I200+Admin!I315) -> 1 | I50: =('Labour Room (LaQshya)'!H216+'M-OT (LaQshya)'!H208)/('M-OT (LaQshya)'!I208+'Labour Room (LaQshya)'!I216) -> 1
C51: Area of Concern D- Support Services
B52: Standard D1. | C52: The facility has established Programme for inspection, testing and maintenance and calibration of Equipment. | H52: =('Emergency '!H267+OPD!H275+'Labour Room (LaQshya)'!H232+'Maternity Ward'!H257+'Ped Ward'!H246+'SNCU '!H267+'NRC '!H254+OT!H264+'M-OT (LaQshya)'!H224+'PP Unit'!H271+ICU!H248+IPD!H248+'Blood Bank'!H222+Lab!H240+'Radiology '!H224+Pharmacy!H236+'Auxillary services'!H215+'Mortuary '!H215+Admin!H337)/('Emergency '!I267+OPD!I275+'Labour Room (LaQshya)'!I232+'Maternity Ward'!I257+'Ped Ward'!I246+'SNCU '!I267+'NRC '!I254+OT!I264+'M-OT (LaQshya)'!I224+'PP Unit'!I271+ICU!I248+IPD!I248+'Blood Bank'!I222+Lab!I240+'Radiology '!I224+Pharmacy!I236+'Auxillary services'!I215+'Mortuary '!I215+Admin!I337) -> 1 | I52: =('Labour Room (LaQshya)'!H232+'M-OT (LaQshya)'!H224)/('M-OT (LaQshya)'!I224+'Labour Room (LaQshya)'!I232) -> 1
B53: Standard D2. | C53: The facility has defined procedures for storage, inventory management and dispensing of drugs in pharmacy and patient care areas | H53: =('Emergency '!H273+OPD!H280+'Labour Room (LaQshya)'!H237+'Maternity Ward'!H262+'Ped Ward'!H251+'SNCU '!H276+'NRC '!H259+OT!H273+'M-OT (LaQshya)'!H230+'PP Unit'!H278+ICU!H257+IPD!H253+'Blood Bank'!H233+Lab!H252+'Radiology '!H233+Pharmacy!H241+'Mortuary '!H220+Admin!H348)/('Emergency '!I273+OPD!I280+'Labour Room (LaQshya)'!I237+'Maternity Ward'!I262+'Ped Ward'!I251+'SNCU '!I276+'NRC '!I259+OT!I273+'M-OT (LaQshya)'!I230+'PP Unit'!I278+ICU!I257+IPD!I253+'Blood Bank'!I233+Lab!I252+'Radiology '!I233+Pharmacy!I241+'Mortuary '!I220+Admin!I348) -> 1 | I53: =('Labour Room (LaQshya)'!H237+'M-OT (LaQshya)'!H230)/('M-OT (LaQshya)'!I230+'Labour Room (LaQshya)'!I237) -> 1
B54: Standard D3. | C54: The facility provides safe, secure and comfortable environment to staff, patients and visitors. | H54: =('Emergency '!H290+OPD!H295+'Labour Room (LaQshya)'!H248+'Maternity Ward'!H276+'Ped Ward'!H266+'SNCU '!H293+'NRC '!H275+OT!H288+'M-OT (LaQshya)'!H241+'PP Unit'!H292+ICU!H271+IPD!H267+'Blood Bank'!H248+Lab!H266+'Radiology '!H246+Pharmacy!H281+'Auxillary services'!H229+'Mortuary '!H230+Admin!H358)/('Emergency '!I290+OPD!I295+'Labour Room (LaQshya)'!I248+'Maternity Ward'!I276+'Ped Ward'!I266+'SNCU '!I293+'NRC '!I275+OT!I288+'M-OT (LaQshya)'!I241+'PP Unit'!I292+ICU!I271+IPD!I267+'Blood Bank'!I248+Lab!I266+'Radiology '!I246+Pharmacy!I281+'Auxillary services'!I229+'Mortuary '!I230+Admin!I358) -> 1 | I54: =('Labour Room (LaQshya)'!H248+'M-OT (LaQshya)'!H241)/('M-OT (LaQshya)'!I241+'Labour Room (LaQshya)'!I248) -> 1
B55: Standard D4. | C55: The facility has established Programme for maintenance and upkeep of the facility | H55: =('Emergency '!H299+OPD!H305+'Labour Room (LaQshya)'!H254+'Maternity Ward'!H286+'Ped Ward'!H279+'SNCU '!H307+'NRC '!H288+OT!H298+'M-OT (LaQshya)'!H247+'PP Unit'!H302+ICU!H282+IPD!H277+'Blood Bank'!H255+Lab!H276+'Radiology '!H259+Pharmacy!H288+'Auxillary services'!H241+'Mortuary '!H237+Admin!H384)/('Emergency '!I299+OPD!I305+'Labour Room (LaQshya)'!I254+'Maternity Ward'!I286+'Ped Ward'!I279+'SNCU '!I307+'NRC '!I288+OT!I298+'M-OT (LaQshya)'!I247+'PP Unit'!I302+ICU!I282+IPD!I277+'Blood Bank'!I255+Lab!I276+'Radiology '!I259+Pharmacy!I288+'Auxillary services'!I241+'Mortuary '!I237+Admin!I384) -> 1 | I55: =('Labour Room (LaQshya)'!H254+'M-OT (LaQshya)'!H247)/('M-OT (LaQshya)'!I247+'Labour Room (LaQshya)'!I254) -> 1
B56: Standard D5. | C56: The facility ensures 24X7 water and power backup as per requirement of service delivery, and support services norms | H56: =('Emergency '!H312+OPD!H318+'Labour Room (LaQshya)'!H263+'Maternity Ward'!H299+'Ped Ward'!H292+'SNCU '!H320+'NRC '!H302+OT!H311+'M-OT (LaQshya)'!H257+'PP Unit'!H315+ICU!H295+IPD!H290+'Blood Bank'!H268+Lab!H287+'Radiology '!H270+Pharmacy!H299+'Auxillary services'!H254+'Mortuary '!H249+Admin!H411)/('Emergency '!I312+OPD!I318+'Labour Room (LaQshya)'!I263+'Maternity Ward'!I299+'Ped Ward'!I292+'SNCU '!I320+'NRC '!I302+OT!I311+'M-OT (LaQshya)'!I257+'PP Unit'!I315+ICU!I295+IPD!I290+'Blood Bank'!I268+Lab!I287+'Radiology '!I270+Pharmacy!I299+'Auxillary services'!I254+'Mortuary '!I249+Admin!I411) -> 1 | I56: =('Labour Room (LaQshya)'!H263+'M-OT (LaQshya)'!H257)/('M-OT (LaQshya)'!I257+'Labour Room (LaQshya)'!I263) -> 1
B57: StandardD6 | C57: Dietary services are available as per service provision and nutritional requirement of the patients. | H57: =(OPD!H322+'Maternity Ward'!H304+'Ped Ward'!H296+'SNCU '!H326+'NRC '!H307+ICU!H301+IPD!H294+'Auxillary services'!H258)/(OPD!I322+'Maternity Ward'!I304+'Ped Ward'!I296+'SNCU '!I326+'NRC '!I307+ICU!I301+IPD!I294+'Auxillary services'!I258) -> 1 | I57: NA
B58: Standard D7. | C58: The facility ensures clean linen to the patients | H58: =('Emergency '!H322+OPD!H326+'Labour Room (LaQshya)'!H271+'Maternity Ward'!H309+'Ped Ward'!H301+'SNCU '!H331+'NRC '!H320+OT!H322+'M-OT (LaQshya)'!H266+'PP Unit'!H326+ICU!H306+IPD!H299+'Blood Bank'!H277+'Auxillary services'!H274+Admin!H439)/('Emergency '!I322+OPD!I326+'Labour Room (LaQshya)'!I271+'Maternity Ward'!I309+'Ped Ward'!I301+'SNCU '!I331+'NRC '!I320+OT!I322+'M-OT (LaQshya)'!I266+'PP Unit'!I326+ICU!I306+IPD!I299+'Blood Bank'!I277+'Auxillary services'!I274+Admin!I439) -> 1 | I58: =('Labour Room (LaQshya)'!H271+'M-OT (LaQshya)'!H266)/('M-OT (LaQshya)'!I266+'Labour Room (LaQshya)'!I271) -> 1
B59: Standard D8 | C59: The facility has defined and established procedures for promoting public participation in management of hospital transparency and accountability. | H59: =(Admin!H443)/(Admin!I443) -> 1 | I59: NA
B60: Standard D9 | C60: Hospital has defined and established procedures for Financial Management | H60: =(Admin!H454)/(Admin!I454) -> 1 | I60: NA
B61: Standard D10. | C61: Facility is compliant with all statutory and regulatory requirement imposed by local, state or central government | H61: =('Emergency '!H332+'PP Unit'!H337+'Blood Bank'!H287+Lab!H305+'Radiology '!H288+Pharmacy!H318+Admin!H463)/('Emergency '!I332+'PP Unit'!I337+'Blood Bank'!I287+Lab!I305+'Radiology '!I288+Pharmacy!I318+Admin!I463) -> 1 | I61: NA
B62: Standard D11. | C62: Roles & Responsibilities of administrative and clinical staff are determined as per govt. regulations and standards operating procedures. | H62: =('Emergency '!H336+OPD!H340+'Labour Room (LaQshya)'!H285+'Maternity Ward'!H325+'Ped Ward'!H316+'SNCU '!H346+'NRC '!H335+OT!H337+'M-OT (LaQshya)'!H281+'PP Unit'!H341+ICU!H321+IPD!H315+'Blood Bank'!H291+Lab!H309+'Radiology '!H298+Pharmacy!H322+'Auxillary services'!H300+'Mortuary '!H271+Admin!H480)/('Emergency '!I336+OPD!I340+'Labour Room (LaQshya)'!I285+'Maternity Ward'!I325+'Ped Ward'!I316+'SNCU '!I346+'NRC '!I335+OT!I337+'M-OT (LaQshya)'!I281+'PP Unit'!I341+ICU!I321+IPD!I315+'Blood Bank'!I291+Lab!I309+'Radiology '!I298+Pharmacy!I322+'Auxillary services'!I300+'Mortuary '!I271+Admin!I480) -> 1 | I62: =('Labour Room (LaQshya)'!H285+'M-OT (LaQshya)'!H281)/('M-OT (LaQshya)'!I281+'Labour Room (LaQshya)'!I285) -> 1
B63: Standard D12 | C63: Facility has established procedure for monitoring the quality of outsourced services and adheres to contractual obligations | H63: =('Emergency '!H341+OPD!H345+'Maternity Ward'!H330+'Ped Ward'!H321+'SNCU '!H351+'NRC '!H340+OT!H342+'PP Unit'!H346+ICU!H326+IPD!H320+'Blood Bank'!H296+Lab!H314+'Radiology '!H303+Pharmacy!H327+'Mortuary '!H276+Admin!H500)/('Emergency '!I341+OPD!I345+'Maternity Ward'!I330+'Ped Ward'!I321+'SNCU '!I351+'NRC '!I340+OT!I342+'PP Unit'!I346+ICU!I326+IPD!I320+'Blood Bank'!I296+Lab!I314+'Radiology '!I303+Pharmacy!I327+'Mortuary '!I276+Admin!I500) -> 1 | I63: NA
C64: Area of Concern E- Clinical Services
B65: Standard E1. | C65: The facility has defined procedures for registration, consultation and admission of patients. | H65: =('Emergency '!H345+OPD!H349+'Labour Room (LaQshya)'!H294+'Maternity Ward'!H334+'Ped Ward'!H325+'SNCU '!H355+'NRC '!H344+'PP Unit'!H350+ICU!H330+IPD!H324+'Blood Bank'!H300+Lab!H318+'Radiology '!H307+Admin!H511)/('Emergency '!I345+OPD!I349+'Labour Room (LaQshya)'!I294+'Maternity Ward'!I334+'Ped Ward'!I325+'SNCU '!I355+'NRC '!I344+'PP Unit'!I350+ICU!I330+IPD!I324+'Blood Bank'!I300+Lab!I318+'Radiology '!I307+Admin!I511) -> 1 | I65: =('Labour Room (LaQshya)'!H294/'Labour Room (LaQshya)'!I294) -> 1
B66: Standard E2. | C66: The facility has defined and established procedures for clinical assessment and reassessment of the patients. | H66: =('Emergency '!H359+OPD!H363+'Labour Room (LaQshya)'!H300+'Maternity Ward'!H343+'Ped Ward'!H334+'SNCU '!H364+'NRC '!H355+OT!H351+'M-OT (LaQshya)'!H294+'PP Unit'!H360+ICU!H339+IPD!H332+'Blood Bank'!H306)/('Emergency '!I359+OPD!I363+'Labour Room (LaQshya)'!I300+'Maternity Ward'!I343+'Ped Ward'!I334+'SNCU '!I364+'NRC '!I355+OT!I351+'M-OT (LaQshya)'!I294+'PP Unit'!I360+ICU!I339+IPD!I332+'Blood Bank'!I306) -> 1 | I66: =('Labour Room (LaQshya)'!H300+'M-OT (LaQshya)'!H294)/('M-OT (LaQshya)'!I294+'Labour Room (LaQshya)'!I300) -> 1
B67: Standard E3. | C67: Facility has defined and established procedures for continuity of care of patient and referral | H67: =('Emergency '!H364+OPD!H366+'Labour Room (LaQshya)'!H306+'Maternity Ward'!H352+'Ped Ward'!H343+'SNCU '!H373+'NRC '!H363+OT!H354+'M-OT (LaQshya)'!H297+'PP Unit'!H369+ICU!H348+IPD!H341+'Blood Bank'!H309+Lab!H327+'Radiology '!H316+Admin!H521)/('Emergency '!I364+OPD!I366+'Labour Room (LaQshya)'!I306+'Maternity Ward'!I352+'Ped Ward'!I343+'SNCU '!I373+'NRC '!I363+OT!I354+'M-OT (LaQshya)'!I297+'PP Unit'!I369+ICU!I348+IPD!I341+'Blood Bank'!I309+Lab!I327+'Radiology '!I316+Admin!I521) -> 1 | I67: =('Labour Room (LaQshya)'!H306+'M-OT (LaQshya)'!H297)/('M-OT (LaQshya)'!I297+'Labour Room (LaQshya)'!I306) -> 1
B68: Standard E4. | C68: The facility has defined and established procedures for nursing care | H68: =('Emergency '!H376+'Labour Room (LaQshya)'!H318+'Maternity Ward'!H364+'Ped Ward'!H354+'SNCU '!H383+'NRC '!H374+OT!H361+'M-OT (LaQshya)'!H302+'PP Unit'!H374+ICU!H362+IPD!H352+'Blood Bank'!H316+Lab!H333+Admin!H532)/('Emergency '!I376+'Labour Room (LaQshya)'!I318+'Maternity Ward'!I364+'Ped Ward'!I354+'SNCU '!I383+'NRC '!I374+OT!I361+'M-OT (LaQshya)'!I302+'PP Unit'!I374+ICU!I362+IPD!I352+'Blood Bank'!I316+Lab!I333+Admin!I532) -> 1 | I68: =('Labour Room (LaQshya)'!H318+'M-OT (LaQshya)'!H302)/('M-OT (LaQshya)'!I302+'Labour Room (LaQshya)'!I318) -> 1
B69: Standard E5. | C69: Facility has a procedure to identify high risk and vulnerable patients. | H69: =('Emergency '!H386+OPD!H382+'Labour Room (LaQshya)'!H325+'Maternity Ward'!H374+'Ped Ward'!H364+'SNCU '!H393+'NRC '!H384+OT!H368+'M-OT (LaQshya)'!H308+'PP Unit'!H382+ICU!H372+IPD!H362+'Radiology '!H327+Admin!H538)/('Emergency '!I386+OPD!I382+'Labour Room (LaQshya)'!I325+'Maternity Ward'!I374+'Ped Ward'!I364+'SNCU '!I393+'NRC '!I384+OT!I368+'M-OT (LaQshya)'!I308+'PP Unit'!I382+ICU!I372+IPD!I362+'Radiology '!I327+Admin!I538) -> 1 | I69: =('Labour Room (LaQshya)'!H325+'M-OT (LaQshya)'!H308)/('M-OT (LaQshya)'!I308+'Labour Room (LaQshya)'!I325) -> 1
B70: Standard E6. | C70: Facility follows standard treatment guidelines defined by state/Central government for prescribing the generic drugs & their rational use. | H70: =('Emergency '!H389+OPD!H385+'Labour Room (LaQshya)'!H328+'Maternity Ward'!H377+'Ped Ward'!H367+'SNCU '!H396+'NRC '!H387+OT!H371+'M-OT (LaQshya)'!H311+'PP Unit'!H385+ICU!H375+IPD!H365+Pharmacy!H353+Admin!H541)/('Emergency '!I389+OPD!I385+'Labour Room (LaQshya)'!I328+'Maternity Ward'!I377+'Ped Ward'!I367+'SNCU '!I396+'NRC '!I387+OT!I371+'M-OT (LaQshya)'!I311+'PP Unit'!I385+ICU!I375+IPD!I365+Pharmacy!I353+Admin!I541) -> 1 | I70: =('Labour Room (LaQshya)'!H328+'M-OT (LaQshya)'!H311)/('M-OT (LaQshya)'!I311+'Labour Room (LaQshya)'!I328) -> 1
B71: Standard E7. | C71: Facility has defined procedures for safe drug administration | H71: =('Emergency '!H395+OPD!H392+'Labour Room (LaQshya)'!H332+'Maternity Ward'!H383+'Ped Ward'!H373+'SNCU '!H402+'NRC '!H393+OT!H376+'M-OT (LaQshya)'!H315+'PP Unit'!H391+ICU!H381+IPD!H371+Pharmacy!H363+Admin!H546)/('Emergency '!I395+OPD!I392+'Labour Room (LaQshya)'!I332+'Maternity Ward'!I383+'Ped Ward'!I373+'SNCU '!I402+'NRC '!I393+OT!I376+'M-OT (LaQshya)'!I315+'PP Unit'!I391+ICU!I381+IPD!I371+Pharmacy!I363+Admin!I546) -> 1 | I71: =('Labour Room (LaQshya)'!H332+'M-OT (LaQshya)'!H315)/('M-OT (LaQshya)'!I315+'Labour Room (LaQshya)'!I332) -> 1
B72: Standard E8. | C72: Facility has defined and established procedures for maintaining, updating of patients’ clinical records and their storage | H72: =('Emergency '!H407+OPD!H402+'Labour Room (LaQshya)'!H341+'Maternity Ward'!H395+'Ped Ward'!H387+'SNCU '!H416+'NRC '!H407+OT!H388+'M-OT (LaQshya)'!H324+'PP Unit'!H403+ICU!H393+IPD!H383+'Blood Bank'!H335+Lab!H352+'Radiology '!H339+Pharmacy!H369+'Auxillary services'!H342+'Mortuary '!H311+Admin!H552)/('Emergency '!I407+OPD!I402+'Labour Room (LaQshya)'!I341+'Maternity Ward'!I395+'Ped Ward'!I387+'SNCU '!I416+'NRC '!I407+OT!I388+'M-OT (LaQshya)'!I324+'PP Unit'!I403+ICU!I393+IPD!I383+'Blood Bank'!I335+Lab!I352+'Radiology '!I339+Pharmacy!I369+'Auxillary services'!I342+'Mortuary '!I311+Admin!I552) -> 1 | I72: =('Labour Room (LaQshya)'!H341+'M-OT (LaQshya)'!H324)/('M-OT (LaQshya)'!I324+'Labour Room (LaQshya)'!I341) -> 1
B73: Standard E9. | C73: The facility has defined and established procedures for discharge of patient. | H73: =('Emergency '!H416+'Maternity Ward'!H404+'Ped Ward'!H396+'SNCU '!H425+'NRC '!H416+'PP Unit'!H414+ICU!H402+IPD!H392)/('Emergency '!I416+'Maternity Ward'!I404+'Ped Ward'!I396+'SNCU '!I425+'NRC '!I416+'PP Unit'!I414+ICU!I402+IPD!I392) -> 1 | I73: NA
B74: Standard E10. | C74: The facility has defined and established procedures for intensive care. | H74: =('SNCU '!H437+ICU!H413)/('SNCU '!I437+ICU!I413) -> 1 | I74: NA
B75: Standard E11. | C75: The facility has defined and established procedures for Emergency Services and Disaster Management | H75: =('Emergency '!H429+OPD!H419+'Maternity Ward'!H419+'Ped Ward'!H410+'SNCU '!H441+'NRC '!H433+OT!H406+'M-OT (LaQshya)'!H342+'PP Unit'!H429+ICU!H426+IPD!H406+'Blood Bank'!H352+Lab!H369+'Radiology '!H356+Pharmacy!H386+'Auxillary services'!H370+'Mortuary '!H327+Admin!H569)/('Emergency '!I429+OPD!I419+'Maternity Ward'!I419+'Ped Ward'!I410+'SNCU '!I441+'NRC '!I433+OT!I406+'M-OT (LaQshya)'!I342+'PP Unit'!I429+ICU!I426+IPD!I406+'Blood Bank'!I352+Lab!I369+'Radiology '!I356+Pharmacy!I386+'Auxillary services'!I370+'Mortuary '!I327+Admin!I569) -> 1 | I75: =('M-OT (LaQshya)'!H342)/('M-OT (LaQshya)'!I342) -> 1
B76: Standard E12. | C76: The facility has defined and established procedures of diagnostic services | H76: =('Emergency '!H456+OPD!H426+'Labour Room (LaQshya)'!H365+'Maternity Ward'!H419+'Ped Ward'!H417+'SNCU '!H454+'NRC '!H440+OT!H413+'M-OT (LaQshya)'!H348+'PP Unit'!H436+ICU!H433+IPD!H413+'Blood Bank'!H360+Lab!H376+'Radiology '!H363)/('Emergency '!I456+OPD!I426+'Labour Room (LaQshya)'!I365+'Maternity Ward'!I426+'Ped Ward'!I417+'SNCU '!I454+'NRC '!I440+OT!I413+'M-OT (LaQshya)'!I348+'PP Unit'!I436+ICU!I433+IPD!I413+'Blood Bank'!I360+Lab!I376+'Radiology '!I363) -> 1 | I76: =('Labour Room (LaQshya)'!H365+'M-OT (LaQshya)'!H348)/('M-OT (LaQshya)'!I348+'Labour Room (LaQshya)'!I365) -> 1
B77: Standard E13. | C77: The facility has defined and established procedures for Blood Bank/Storage Management and Transfusion. | H77: =('Emergency '!H460+'Labour Room (LaQshya)'!H369+'Maternity Ward'!H430+'Ped Ward'!H421+'SNCU '!H458+'NRC '!H444+OT!H417+'M-OT (LaQshya)'!H352+ICU!H437+IPD!H417+'Blood Bank'!H364)/('Emergency '!I460+'Labour Room (LaQshya)'!I369+'Maternity Ward'!I430+'Ped Ward'!I421+'SNCU '!I458+'NRC '!I444+OT!I417+'M-OT (LaQshya)'!I352+ICU!I437+IPD!I417+'Blood Bank'!I364) -> 1 | I77: =('Labour Room (LaQshya)'!H369+'M-OT (LaQshya)'!H342)/('M-OT (LaQshya)'!I342+'Labour Room (LaQshya)'!I369) -> 1
B78: Standard E14 | C78: Facility has established procedures for Anaesthetic Services | H78: =('Maternity Ward'!H445+'Ped Ward'!H436+OT!H432+'M-OT (LaQshya)'!H365+'PP Unit'!H451+ICU!H452+IPD!H432)/('Maternity Ward'!I445+'Ped Ward'!I436+OT!I432+'M-OT (LaQshya)'!I365+'PP Unit'!I451+ICU!I452+IPD!I432) -> 1 | I78: =('M-OT (LaQshya)'!H365)/('M-OT (LaQshya)'!I365) -> 1
B79: Standard E15. | C79: Facility has defined and established procedures of Surgical Services | H79: =('Emergency '!H479+OT!H446+'M-OT (LaQshya)'!H378+'PP Unit'!H455)/('Emergency '!I479+OT!I446+'M-OT (LaQshya)'!I378+'PP Unit'!I455) -> 1 | I79: =('M-OT (LaQshya)'!H378)/'M-OT (LaQshya)'!I378 -> 1
B80: Standard E16. | C80: The facility has defined and established procedures for end of life care and death | H80: =('Emergency '!H485+'Labour Room (LaQshya)'!H389+'Maternity Ward'!H454+'Ped Ward'!H445+'SNCU '!H482+OT!H460+'M-OT (LaQshya)'!H400+'PP Unit'!H464+ICU!H462+IPD!H441+'Mortuary '!H358+Admin!H600)/('Emergency '!I485+'Labour Room (LaQshya)'!I389+'Maternity Ward'!I454+'Ped Ward'!I445+'SNCU '!I482+OT!I460+'M-OT (LaQshya)'!I400+'PP Unit'!I464+ICU!I462+IPD!I441+'Mortuary '!I358+Admin!I600) -> 1 | I80: =('Labour Room (LaQshya)'!H389+'M-OT (LaQshya)'!H400)/('M-OT (LaQshya)'!I400+'Labour Room (LaQshya)'!I389) -> 1
B81: Standard E17 | C81: Facility has established procedures for Antenatal care as per guidelines | H81: =(OPD!H455+'Maternity Ward'!H461+'Ped Ward'!H452+'NRC '!H475+'PP Unit'!H471)/(OPD!I455+'Maternity Ward'!I461+'Ped Ward'!I452+'NRC '!I475+'PP Unit'!I471) -> 1 | I81: NA
B82: Standard E18 | C82: Facility has established procedures for Intranatal care as per guidelines | H82: =('Labour Room (LaQshya)'!H402+OT!H472+'M-OT (LaQshya)'!H412)/('Labour Room (LaQshya)'!I402+OT!I472+'M-OT (LaQshya)'!I412) -> 1 | I82: =('Labour Room (LaQshya)'!H402+'M-OT (LaQshya)'!H412)/('M-OT (LaQshya)'!I412+'Labour Room (LaQshya)'!I402) -> 1
B83: Standard E19 | C83: Facility has established procedures for postnatal care as per guidelines | H83: =('Labour Room (LaQshya)'!H440+'Maternity Ward'!H484+'M-OT (LaQshya)'!H432)/('Labour Room (LaQshya)'!I440+'Maternity Ward'!I484+'M-OT (LaQshya)'!I432) -> 1 | I83: =('Labour Room (LaQshya)'!H440+'M-OT (LaQshya)'!H432)/('M-OT (LaQshya)'!I432+'Labour Room (LaQshya)'!I440) -> 1
B84: Standard E20 | C84: The facility has established procedures for care of new born, infant and child as per guidelines | H84: =(OPD!H500+'Maternity Ward'!H495+'Ped Ward'!H478+'SNCU '!H517+'NRC '!H501+Admin!H631)/(OPD!I500+'Maternity Ward'!I495+'Ped Ward'!I478+'SNCU '!I517+'NRC '!I501+Admin!I631) -> 1 | I84: NA
B85: Standard E21 | C85: Facility has established procedures for abortion and family planning as per government guidelines and law | H85: ='PP Unit'!H508/'PP Unit'!I508 -> 1 | I85: NA
B86: Standard E22 | C86: Facility provides Adolescent Reproductive and Sexual Health services as per guidelines | H86: =(OPD!H535)/(OPD!I535) -> 1 | I86: NA
B87: Standard E23 | C87: Facility provides National health program as per operational/Clinical Guidelines | H87: =(OPD!H552+Lab!H467+IPD!H498)/(OPD!I552+IPD!I498+Lab!I467) -> 1 | I87: NA
C88: Area of Concern F- Infection Control
B89: Standard F1. | C89: Facility has infection control program and procedures in place for prevention and measurement of hospital associated infection | H89: =('Emergency '!H556+OPD!H599+'Labour Room (LaQshya)'!H487+'Maternity Ward'!H531+'Ped Ward'!H520+'SNCU '!H553+'NRC '!H540+OT!H529+'M-OT (LaQshya)'!H475+'PP Unit'!H552+ICU!H531+IPD!H510+'Blood Bank'!H486+Lab!H479+'Radiology '!H472+Pharmacy!H484+'Auxillary services'!H468+'Mortuary '!H437+Admin!H668)/('Emergency '!I556+OPD!I599+'Labour Room (LaQshya)'!I487+'Maternity Ward'!I531+'Ped Ward'!I520+'SNCU '!I553+'NRC '!I540+OT!I529+'M-OT (LaQshya)'!I475+'PP Unit'!I552+ICU!I531+IPD!I510+'Blood Bank'!I486+Lab!I479+'Radiology '!I472+Pharmacy!I484+'Auxillary services'!I468+'Mortuary '!I437+Admin!I668) -> 1 | I89: =('Labour Room (LaQshya)'!H487+'M-OT (LaQshya)'!H475)/('M-OT (LaQshya)'!I475+'Labour Room (LaQshya)'!I487) -> 1
B90: Standard F2. | C90: Facility has defined and Implemented procedures for ensuring hand hygiene practices and antisepsis | H90: =('Emergency '!H564+OPD!H607+'Labour Room (LaQshya)'!H494+'Maternity Ward'!H539+'Ped Ward'!H528+'SNCU '!H561+'NRC '!H548+OT!H537+'M-OT (LaQshya)'!H482+'PP Unit'!H560+ICU!H539+IPD!H518+'Blood Bank'!H494+Lab!H488+'Radiology '!H480+'Auxillary services'!H476+'Mortuary '!H445+Admin!H693)/('Emergency '!I564+OPD!I607+'Labour Room (LaQshya)'!I494+'Maternity Ward'!I539+'Ped Ward'!I528+'SNCU '!I561+'NRC '!I548+OT!I537+'M-OT (LaQshya)'!I482+'PP Unit'!I560+ICU!I539+IPD!I518+'Blood Bank'!I494+Lab!I488+'Radiology '!I480+'Auxillary services'!I476+'Mortuary '!I445+Admin!I693) -> 1 | I90: =('Labour Room (LaQshya)'!H494+'M-OT (LaQshya)'!H482)/('M-OT (LaQshya)'!I482+'Labour Room (LaQshya)'!I494) -> 1
B91: Standard F3. | C91: Facility ensures standard practices and materials for Personal protection | H91: =('Emergency '!H574+OPD!H617+'Labour Room (LaQshya)'!H502+'Maternity Ward'!H549+'Ped Ward'!H539+'SNCU '!H574+'NRC '!H560+OT!H553+'M-OT (LaQshya)'!H495+'PP Unit'!H576+ICU!H551+IPD!H528+'Blood Bank'!H506+Lab!H500+'Radiology '!H489+'Auxillary services'!H484+'Mortuary '!H454+Admin!H697)/('Emergency '!I574+OPD!I617+'Labour Room (LaQshya)'!I502+'Maternity Ward'!I549+'Ped Ward'!I539+'SNCU '!I574+'NRC '!I560+OT!I553+'M-OT (LaQshya)'!I495+'PP Unit'!I576+IPD!I528+'Blood Bank'!I506+Lab!I500+'Radiology '!I489+'Auxillary services'!I484+'Mortuary '!I454+Admin!I697+ICU!I551) -> 1 | I91: =('Labour Room (LaQshya)'!H502+'M-OT (LaQshya)'!H495)/('M-OT (LaQshya)'!I495+'Labour Room (LaQshya)'!I502) -> 1
B92: Standard F4. | C92: Facility has standard Procedures for processing of equipments and instruments | H92: =('Emergency '!H580+OPD!H622+'Labour Room (LaQshya)'!H511+'Maternity Ward'!H554+'Ped Ward'!H544+'SNCU '!H583+'NRC '!H565+OT!H563+'M-OT (LaQshya)'!H504+'PP Unit'!H586+ICU!H560+IPD!H533+'Blood Bank'!H512+Lab!H506+'Radiology '!H493+'Auxillary services'!H491+'Mortuary '!H459+Admin!H704)/('Emergency '!I580+OPD!I622+'Labour Room (LaQshya)'!I511+'Maternity Ward'!I554+'Ped Ward'!I544+'SNCU '!I583+'NRC '!I565+OT!I563+'M-OT (LaQshya)'!I504+'PP Unit'!I586+ICU!I560+IPD!I533+'Blood Bank'!I512+Lab!I506+'Radiology '!I493+'Auxillary services'!I491+'Mortuary '!I459+Admin!I704) -> 1 | I92: =('Labour Room (LaQshya)'!H511+'M-OT (LaQshya)'!H504)/('M-OT (LaQshya)'!I504+'Labour Room (LaQshya)'!I511) -> 1
B93: Standard F5. | C93: Physical layout and environmental control of the patient care areas ensures infection prevention | H93: =('Emergency '!H591+OPD!H632+'Labour Room (LaQshya)'!H518+'Maternity Ward'!H564+'Ped Ward'!H554+'SNCU '!H598+'NRC '!H576+OT!H582+'M-OT (LaQshya)'!H520+'PP Unit'!H605+ICU!H575+IPD!H543+'Blood Bank'!H519+Lab!H514+'Radiology '!H497+Pharmacy!H503+'Auxillary services'!H497+'Mortuary '!H467+Admin!H708)/('Emergency '!I591+OPD!I632+'Labour Room (LaQshya)'!I518+'Maternity Ward'!I564+'Ped Ward'!I554+'SNCU '!I598+'NRC '!I576+OT!I582+'M-OT (LaQshya)'!I520+'PP Unit'!I605+ICU!I575+IPD!I543+'Blood Bank'!I519+Lab!I514+'Radiology '!I497+Pharmacy!I503+'Auxillary services'!I497+'Mortuary '!I467+Admin!I708) -> 1 | I93: =('Labour Room (LaQshya)'!H518+'M-OT (LaQshya)'!H520)/('M-OT (LaQshya)'!I520+'Labour Room (LaQshya)'!I518) -> 1
B94: Standard F6. | C94: Facility has defined and established procedures for segregation, collection, treatment and disposal of Bio Medical and hazardous Waste. | H94: =('Emergency '!H603+OPD!H645+'Labour Room (LaQshya)'!H526+'Maternity Ward'!H575+'Ped Ward'!H565+'SNCU '!H616+'NRC '!H587+OT!H601+'M-OT (LaQshya)'!H536+'PP Unit'!H623+ICU!H591+IPD!H554+'Blood Bank'!H530+Lab!H525+'Radiology '!H508+Pharmacy!H509+'Auxillary services'!H511+'Mortuary '!H478+Admin!H714)/('Emergency '!I603+OPD!I645+'Labour Room (LaQshya)'!I526+'Maternity Ward'!I575+'Ped Ward'!I565+'SNCU '!I616+'NRC '!I587+OT!I601+'M-OT (LaQshya)'!I536+'PP Unit'!I623+ICU!I591+IPD!I554+'Blood Bank'!I530+Lab!I525+'Radiology '!I508+Pharmacy!I509+'Auxillary services'!I511+'Mortuary '!I478+Admin!I714) -> 1 | I94: =('Labour Room (LaQshya)'!H526+'M-OT (LaQshya)'!H536)/('M-OT (LaQshya)'!I536+'Labour Room (LaQshya)'!I526) -> 1
C95: Area of Concern G- Quality Control
B96: Standard G1 | C96: The facility has established organizational framework for quality improvement | H96: =('Emergency '!H620+OPD!H661+'Labour Room (LaQshya)'!H536+'Maternity Ward'!H591+'Ped Ward'!H581+'SNCU '!H633+'NRC '!H603+OT!H615+'M-OT (LaQshya)'!H547+'PP Unit'!H640+ICU!H608+IPD!H570+'Blood Bank'!H546+Lab!H543+'Radiology '!H517+Pharmacy!H517+'Auxillary services'!H522+'Mortuary '!H495+Admin!H737)/('Emergency '!I620+OPD!I661+'Labour Room (LaQshya)'!I536+'Maternity Ward'!I591+'Ped Ward'!I581+'SNCU '!I633+'NRC '!I603+OT!I615+'M-OT (LaQshya)'!I547+'PP Unit'!I640+ICU!I608+IPD!I570+'Blood Bank'!I546+Lab!I543+'Radiology '!I517+Pharmacy!I517+'Auxillary services'!I522+'Mortuary '!I495+Admin!I737) -> 1 | I96: =('Labour Room (LaQshya)'!H536+'M-OT (LaQshya)'!H547)/('M-OT (LaQshya)'!I547+'Labour Room (LaQshya)'!I536) -> 1
B97: Standard G2 | C97: Facility has established system for patient and employee satisfaction | H97: =(OPD!H664+'Labour Room (LaQshya)'!H539+'Maternity Ward'!H594+'Ped Ward'!H584+'SNCU '!H636+'NRC '!H606+'PP Unit'!H643+IPD!H573+'Blood Bank'!H549+Lab!H546+'Radiology '!H520+Pharmacy!H520+'Auxillary services'!H525+Admin!H754)/(OPD!I664+'Labour Room (LaQshya)'!I539+'Maternity Ward'!I594+'Ped Ward'!I584+'SNCU '!I636+'NRC '!I606+'PP Unit'!I643+IPD!I573+'Blood Bank'!I549+Lab!I546+'Radiology '!I520+Pharmacy!I520+'Auxillary services'!I525+Admin!I754) -> 1 | I97: =('Labour Room (LaQshya)'!H539/'Labour Room (LaQshya)'!I539) -> 1
B98: Standard G3. | C98: Facility have established internal and external quality assurance programs wherever it is critical to quality. | H98: =('Emergency '!H627+OPD!H668+'Labour Room (LaQshya)'!H543+'Maternity Ward'!H598+'Ped Ward'!H588+'SNCU '!H640+'NRC '!H610+OT!H622+'M-OT (LaQshya)'!H554+'PP Unit'!H647+ICU!H615+IPD!H577+'Blood Bank'!H554+Lab!H551+'Radiology '!H525+Pharmacy!H524+'Auxillary services'!H530+'Mortuary '!H502+Admin!H768)/('Emergency '!I627+OPD!I668+'Labour Room (LaQshya)'!I543+'Maternity Ward'!I598+'Ped Ward'!I588+'SNCU '!I640+'NRC '!I610+OT!I622+'M-OT (LaQshya)'!I554+'PP Unit'!I647+ICU!I615+IPD!I577+'Blood Bank'!I554+Lab!I551+'Radiology '!I525+Pharmacy!I524+'Auxillary services'!I530+'Mortuary '!I502+Admin!I768) -> 1 | I98: =('Labour Room (LaQshya)'!H543+'M-OT (LaQshya)'!H554)/('M-OT (LaQshya)'!I554+'Labour Room (LaQshya)'!I543) -> 1
B99: Standard G4. | C99: Facility has established, documented implemented and maintained Standard Operating Procedures for all key processes and support services. | H99: =('Emergency '!H632+OPD!H673+'Labour Room (LaQshya)'!H547+'Maternity Ward'!H602+'Ped Ward'!H592+'SNCU '!H644+'NRC '!H614+OT!H627+'M-OT (LaQshya)'!H558+'PP Unit'!H651+ICU!H619+IPD!H581+'Blood Bank'!H563+Lab!H565+'Radiology '!H530+Pharmacy!H528+'Auxillary services'!H534+'Mortuary '!H507+Admin!H773)/('Emergency '!I632+OPD!I673+'Labour Room (LaQshya)'!I547+'Maternity Ward'!I602+'Ped Ward'!I592+'SNCU '!I644+'NRC '!I614+OT!I627+'M-OT (LaQshya)'!I558+'PP Unit'!I651+ICU!I619+IPD!I581+'Blood Bank'!I563+Lab!I565+'Radiology '!I530+Pharmacy!I528+'Auxillary services'!I534+'Mortuary '!I507+Admin!I773) -> 1 | I99: =('Labour Room (LaQshya)'!H547+'M-OT (LaQshya)'!H558)/('M-OT (LaQshya)'!I558+'Labour Room (LaQshya)'!I547) -> 1
B100: Standard G5. | C100: Facility maps its key processes and seeks to make them more efficient by reducing non value adding activities and wastages | H100: =('Emergency '!H650+OPD!H691+'Labour Room (LaQshya)'!H562+'Maternity Ward'!H625+'Ped Ward'!H607+'SNCU '!H657+'NRC '!H632+OT!H642+'M-OT (LaQshya)'!H571+'PP Unit'!H672+ICU!H642+IPD!H597+'Blood Bank'!H578+Lab!H592+'Radiology '!H547+Pharmacy!H546+'Auxillary services'!H571+'Mortuary '!H524+Admin!H785)/('Emergency '!I650+OPD!I691+'Labour Room (LaQshya)'!I562+'Maternity Ward'!I625+'Ped Ward'!I607+'SNCU '!I657+'NRC '!I632+OT!I642+'M-OT (LaQshya)'!I571+'PP Unit'!I672+ICU!I642+IPD!I597+'Blood Bank'!I578+Lab!I592+'Radiology '!I547+Pharmacy!I546+'Auxillary services'!I571+'Mortuary '!I524+Admin!I785) -> 1 | I100: =('Labour Room (LaQshya)'!H562+'M-OT (LaQshya)'!H571)/('M-OT (LaQshya)'!I571+'Labour Room (LaQshya)'!I562) -> 1
B101: Standard G6. | C101: The facility has established system of periodic review as internal assessment , medical & death audit and prescription audit | H101: =('Emergency '!H654+OPD!H695+'Labour Room (LaQshya)'!H566+'Maternity Ward'!H629+'Ped Ward'!H611+'SNCU '!H661+'NRC '!H636+OT!H646+'M-OT (LaQshya)'!H575+'PP Unit'!H676+ICU!H646+IPD!H601+'Blood Bank'!H582+Lab!H596+'Radiology '!H551+Pharmacy!H550+'Auxillary services'!H575+'Mortuary '!H528+Admin!H789)/('Emergency '!I654+OPD!I695+'Labour Room (LaQshya)'!I566+'Maternity Ward'!I629+'Ped Ward'!I611+'SNCU '!I661+'NRC '!I636+OT!I646+'M-OT (LaQshya)'!I575+'PP Unit'!I676+ICU!I646+IPD!I601+'Blood Bank'!I582+Lab!I596+'Radiology '!I551+Pharmacy!I550+'Auxillary services'!I575+'Mortuary '!I528+Admin!I789) -> 1 | I101: =('Labour Room (LaQshya)'!H566+'M-OT (LaQshya)'!H575)/('M-OT (LaQshya)'!I575+'Labour Room (LaQshya)'!I566) -> 1
B102: Standard G7. | C102: The facility has defined Mission, values, Quality policy and objectives, and prepares a strategic plan to achieve them | H102: =('Emergency '!H662+OPD!H702+'Labour Room (LaQshya)'!H575+'Maternity Ward'!H638+'Ped Ward'!H617+'SNCU '!H667+'NRC '!H642+OT!H652+'M-OT (LaQshya)'!H582+'PP Unit'!H682+ICU!H654+IPD!H609+'Blood Bank'!H588+Lab!H602+'Radiology '!H557+Pharmacy!H557+'Auxillary services'!H582+'Mortuary '!H534+Admin!H811)/('Emergency '!I662+OPD!I702+'Labour Room (LaQshya)'!I575+'Maternity Ward'!I638+'Ped Ward'!I617+'SNCU '!I667+'NRC '!I642+OT!I652+'M-OT (LaQshya)'!I582+'PP Unit'!I682+ICU!I654+IPD!I609+'Blood Bank'!I588+Lab!I602+'Radiology '!I557+Pharmacy!I557+'Auxillary services'!I582+'Mortuary '!I534+Admin!I811) -> 1 | I102: =('Labour Room (LaQshya)'!H575+'M-OT (LaQshya)'!H582)/('M-OT (LaQshya)'!I582+'Labour Room (LaQshya)'!I575) -> 1
B103: Standard G8. | C103: Facility seeks continually improvement by practicing Quality method and tools. | H103: =('Emergency '!H670+OPD!H710+'Labour Room (LaQshya)'!H583+'Maternity Ward'!H646+'Ped Ward'!H625+'SNCU '!H675+'NRC '!H651+OT!H660+'M-OT (LaQshya)'!H590+'PP Unit'!H690+ICU!H662+IPD!H617+'Blood Bank'!H596+Lab!H610+'Radiology '!H565+Pharmacy!H565+'Auxillary services'!H590+'Mortuary '!H542+Admin!H819)/('Emergency '!I670+OPD!I710+'Labour Room (LaQshya)'!I583+'Maternity Ward'!I646+'Ped Ward'!I625+'SNCU '!I675+'NRC '!I651+OT!I660+'M-OT (LaQshya)'!I590+'PP Unit'!I690+ICU!I662+IPD!I617+'Blood Bank'!I596+Lab!I610+'Radiology '!I565+Pharmacy!I565+'Auxillary services'!I590+'Mortuary '!I542+Admin!I819) -> 1 | I103: =('Labour Room (LaQshya)'!H583+'M-OT (LaQshya)'!H600)/('M-OT (LaQshya)'!I600+'Labour Room (LaQshya)'!I583) -> 1
B104: Standard G9 | C104: Facility has de defined, approved and communicated Risk Management framework for existing and potential risks. | H104: =(Admin!H827)/(Admin!I827) -> 1 | I104: NA
B105: Standard G10. | C105: Facility has established procedures for assessing, reporting, evaluating and managing risk as per Risk Management Plan | H105: =('Emergency '!H681+OPD!H721+'Labour Room (LaQshya)'!H593+'Maternity Ward'!H657+'Ped Ward'!H636+'SNCU '!H686+'NRC '!H662+OT!H670+'M-OT (LaQshya)'!H600+'PP Unit'!H701+ICU!H673+IPD!H628+'Blood Bank'!H607+Lab!H621+'Radiology '!H576+Pharmacy!H576+'Auxillary services'!H601+'Mortuary '!H552+Admin!H834)/('Emergency '!I681+OPD!I721+'Labour Room (LaQshya)'!I593+'Maternity Ward'!I657+'Ped Ward'!I636+'SNCU '!I686+'NRC '!I662+OT!I670+'M-OT (LaQshya)'!I600+'PP Unit'!I701+ICU!I673+IPD!I628+'Blood Bank'!I607+Lab!I621+'Radiology '!I576+Pharmacy!I576+'Auxillary services'!I601+'Mortuary '!I552+Admin!I834) -> 1 | I105: =('Labour Room (LaQshya)'!H593+'M-OT (LaQshya)'!H600)/('M-OT (LaQshya)'!I600+'Labour Room (LaQshya)'!I593) -> 1
C106: Area of Concern H- Outcome
B107: Standard H1 . | C107: The facility measures Productivity Indicators and ensures compliance with State/National benchmarks | H107: =('Emergency '!H693+OPD!H733+'Labour Room (LaQshya)'!H605+'Maternity Ward'!H669+'Ped Ward'!H648+'SNCU '!H698+'NRC '!H674+OT!H682+'M-OT (LaQshya)'!H612+'PP Unit'!H713+ICU!H685+IPD!H640+'Blood Bank'!H619+Lab!H633+'Radiology '!H588+Pharmacy!H588+'Auxillary services'!H613+'Mortuary '!H564+Admin!H846)/('Emergency '!I693+OPD!I733+'Labour Room (LaQshya)'!I605+'Maternity Ward'!I669+'Ped Ward'!I648+'SNCU '!I698+'NRC '!I674+OT!I682+'M-OT (LaQshya)'!I612+'PP Unit'!I713+ICU!I685+IPD!I640+'Blood Bank'!I619+Lab!I633+'Radiology '!I588+Pharmacy!I588+'Auxillary services'!I613+'Mortuary '!I564+Admin!I846) -> 1 | I107: =('Labour Room (LaQshya)'!H605+'M-OT (LaQshya)'!H612)/('M-OT (LaQshya)'!I612+'Labour Room (LaQshya)'!I605) -> 1
B108: Standard H2 . | C108: The facility measures Efficiency Indicators and ensure to reach State/National Benchmark | H108: =('Emergency '!H704+OPD!H742+'Labour Room (LaQshya)'!H610+'Maternity Ward'!H675+'Ped Ward'!H656+'SNCU '!H706+'NRC '!H680+OT!H689+'M-OT (LaQshya)'!H616+'PP Unit'!H728+ICU!H689+IPD!H644+'Blood Bank'!H628+Lab!H644+'Radiology '!H596+Pharmacy!H593+'Auxillary services'!H619+'Mortuary '!H568+Admin!H858)/('Emergency '!I704+OPD!I742+'Labour Room (LaQshya)'!I610+'Maternity Ward'!I675+'Ped Ward'!I656+'SNCU '!I706+'NRC '!I680+OT!I689+'M-OT (LaQshya)'!I616+'PP Unit'!I728+ICU!I689+IPD!I644+'Blood Bank'!I628+Lab!I644+'Radiology '!I596+Pharmacy!I593+'Auxillary services'!I619+'Mortuary '!I568+Admin!I858) -> 1 | I108: =('Labour Room (LaQshya)'!H610+'M-OT (LaQshya)'!H616)/('M-OT (LaQshya)'!I616+'Labour Room (LaQshya)'!I610) -> 1
B109: Standard H3. | C109: The facility measures Clinical Care & Safety Indicators and tries to reach State/National benchmark | H109: =('Emergency '!H711+OPD!H755+'Labour Room (LaQshya)'!H615+'Maternity Ward'!H681+'Ped Ward'!H662+'SNCU '!H714+'NRC '!H690+OT!H697+'M-OT (LaQshya)'!H622+'PP Unit'!H733+ICU!H694+IPD!H650+'Blood Bank'!H634+Lab!H654+'Radiology '!H603+Pharmacy!H598+'Auxillary services'!H625+Admin!H864)/('Emergency '!I711+OPD!I755+'Labour Room (LaQshya)'!I615+'Maternity Ward'!I681+'Ped Ward'!I662+'SNCU '!I714+'NRC '!I690+OT!I697+'M-OT (LaQshya)'!I622+'PP Unit'!I733+ICU!I694+IPD!I650+'Blood Bank'!I634+Lab!I654+'Radiology '!I603+Pharmacy!I598+'Auxillary services'!I625+Admin!I864) -> 1 | I109: =('Labour Room (LaQshya)'!H615+'M-OT (LaQshya)'!H622)/('Labour Room (LaQshya)'!I615+'M-OT (LaQshya)'!I622) -> 1
B110: Standard H4. | C110: The facility measures Clinical Care & Safety Indicators and tries to reach State/National benchmark | H110: =('Emergency '!H715+OPD!H763+'Labour Room (LaQshya)'!H631+'Maternity Ward'!H690+'Ped Ward'!H671+'SNCU '!H725+'NRC '!H696+OT!H707+'M-OT (LaQshya)'!H629+'PP Unit'!H743+ICU!H705+IPD!H655+'Blood Bank'!H641+Lab!H661+'Radiology '!H611+Pharmacy!H604+'Auxillary services'!H629+'Mortuary '!H575+Admin!H871)/('Emergency '!I715+OPD!I763+'Labour Room (LaQshya)'!I631+'Maternity Ward'!I690+'Ped Ward'!I671+'SNCU '!I725+'NRC '!I696+OT!I707+'M-OT (LaQshya)'!I629+'PP Unit'!I743+ICU!I705+IPD!I655+'Blood Bank'!I641+Lab!I661+'Radiology '!I611+Pharmacy!I604+'Auxillary services'!I629+'Mortuary '!I575+Admin!I871) -> 1 | I110: =('Labour Room (LaQshya)'!H631+'M-OT (LaQshya)'!H629)/('M-OT (LaQshya)'!I629+'Labour Room (LaQshya)'!I631) -> 1

Sheet Emergency 
A1: National Quality Assurance Standards for District Hospitals | G1: Version: DH/02/19
A2: Emergency Score Card | G2: NA Switch
A3: Checklist for Accident & Emergency | H3: 1
A4: Assessment Summary
A5: Name of the Hospital | F5: Date of Assessment
A6: Names of Assessors | F6: Names of Assessees
A7: Type of Assessment (Internal/External) | F7: Action plan Submission Date
A8: Accident & Emergency Score Card
A9: Area of Concern wise Score | F9: Accident & Emergency Score
A10: A | B10: Service Provision | C10: ='Emergency '!D735 -> 1 | F10: =D743 -> 1
A11: B | B11: Patient Rights | C11: ='Emergency '!D736 -> 1
A12: C | B12: Inputs | C12: ='Emergency '!D737 -> 1
A13: D | B13: Support Services | C13: ='Emergency '!D738 -> 1
A14: E | B14: Clinical Services | C14: ='Emergency '!D739 -> 1
A15: F | B15: Infection Control | C15: ='Emergency '!D740 -> 1
A16: G | B16: Quality Manangement | C16: ='Emergency '!D741 -> 1
A17: H | B17: Outcome | C17: ='Emergency '!D742 -> 1
B19: Major Gaps Observed
A20: 1
A21: 2
A22: 3
A23: 4
A24: 5
B25: Strengths / Good Practices
A26: 1
A27: 2
A28: 3
A29: 4
A30: 5
B31: Recommendations/ Opportunites for Improvement
A32: 1
A33: 2
A34: 3
A35: 4
A36: 5
B37: Signature of Assessors
B38: Date
A41: Checklist for Accident & Emergency
A42: Reference No. | B42: Measurable Element | C42: Checkpoint | D42: Compliance | E42: Assessment Method | F42: Means of Verification | G42: Remarks | H42: obt | I42: Max
B43: Area of Concern - A Service Provision | H43: =H44+H64+H70+H75+H88+H97 -> 42 | I43: =I44+I64+I70+I75+I88+I97 -> 42
A44: Standard A1. | B44: Facility Provides Curative Services | H44: =SUM(D45:D63) -> 24 | I44: =COUNT(D45:D63)*2 -> 24
A45: ME A1.1. | B45: The facility provides General Medicine services | C45: Availability of Emergency Medical Procedures | D45: 2 | E45: SI/OB | F45: Poisoning, Snake Bite, CVA, Acute MI, ARF, Hypovolumic Shock , Dyspnoea, Unconscious Patients
A46: ME A1.2. | B46: The facility provides General Surgery services | C46: Availability of Emergency Surgical Procedures | D46: 2 | E46: SI/OB | F46: Appendicitis, Rupture spleen, Intestinal Obstruction, Assault Injuries, perforation, Burns
A47: ME A1.3. | B47: The facility provides Obstetrics & Gynaecology Services | C47: Availability of Emergency Obstetrics &Gynaecology Procedures | D47: 2 | E47: SI/OB | F47: APH, PPH, Eclampsia , Obstructed labour, Septic abortion, Emergency Contraceptives
A48: ME A1.4. | B48: The facility provides paediateric services | C48: Availability of emergency Paediatric procedures | D48: 2 | E48: SI/OB | F48: ARI, Diarrhoeal diseases, Hypothermia, PEM,resustication
A49: ME A1.5. | B49: The facility provides Ophthalmology Services | C49: Availability of Emergency Ophthalmology procedures | D49: 2 | E49: SI/OB | F49: Foreign body and injuries
A50: ME A1.6. | B50: The facility provides ENT Services | C50: Availability of Emergency ENT procedures | D50: 2 | E50: SI/OB | F50: Epitasis, foreign body
A51: ME A1.7. | B51: The facility provides Orthopaedics Services | C51: Availability of Emergency Orthopaedic procedures | D51: 2 | E51: SI/OB | F51: Fracture, RTA, Poly trauma
A52: ME A1.8 | B52: The facility provides Skin & VD Services
A53: ME A1.9. | B53: The facility provides Psychiatry Services | C53: Availability of Emergency Psychiatric procedures | D53: 2 | E53: SI/OB | F53: Conversion Reactions, other Psychiatric emergencies Hysteria, mania, psychosis
A54: ME A1.10 | B54: The facility provides Dental Treatment Services
A55: ME A1.11 | B55: The facility provides AYUSH Services
A56: ME A1.12 | B56: The facility provides Physiotherapy Services
A57: ME A1.13. | B57: The facility provides services for OPD procedures | C57: Availability of Dressing room facility | D57: 2 | E57: SI/OB | F57: Drainage, dressing, suturing
C58: Availability of injection room facilities | D58: 2 | E58: SI/OB | F58: Injection room facility with ARV, ASV and emergency drugs
A59: ME A1.14. | B59: Services are available for the time period as mandated | C59: 24X7 availability of dedicated emergency Services | D59: 2 | E59: SI/RR
A60: ME A1.15 | B60: The facility provides services for Super specialties, as mandated
A61: ME A1.16. | B61: The facility provides Accident & Emergency Services | C61: Availability of Emergency procedures | D61: 2 | E61: SI/OB | F61: Defibrillation, CPR, Mobilization, Chest Tube, Intubations, Tracheotomy, Mechanical Ventilation
A62: ME A1.17 | B62: The facility provides Intensive care Services
A63: ME A1.18 | B63: The facility provides Blood bank & transfusion services
A64: Standard A2 | B64: Facility provides RMNCHA Services | H64: =SUM(D65:D69) -> 4 | I64: =COUNT(D65:D69)*2 -> 4
A65: ME A2.1 | B65: The facility provides Reproductive health Services
A66: ME A2.2 | B66: The facility provides Maternal health Services | C66: Availability of Emergency Obstetrics & Gynaecology procedure | D66: 2 | E66: SI/OB
A67: ME A2.3 | B67: The facility provides Newborn health Services
A68: ME A2.4 | B68: The facility provides Child health Services | C68: Triage and emergency management of paediatric cases | D68: 2 | E68: SI/OB
A69: ME A2.5 | B69: The facility provides Adolescent health Services
A70: Standard A3 | B70: Facility Provides diagnostic Services | H70: =SUM(D71:D74) -> 8 | I70: =COUNT(D71:D74)*2 -> 8
A71: ME A3.1. | B71: The facility provides Radiology Services | C71: Availability / Linkage to X-ray & USG services | D71: 2 | E71: SI/OB
C72: Radiology Services are functional 24X7 | D72: 2 | E72: SI/OB | F72: Check services are functional at night
A73: ME A3.2. | B73: The facility Provides Laboratory Services | C73: Availability of Emergency diagnostic tests 24x7 | D73: 2 | E73: SI/OB | F73: HB%, CPC, Blood Sugar, RDK, Urine Protein, Electrolyte (Na+K)
A74: ME A3.3. | B74: The facility provides other diagnostic services, as mandated | C74: Availability of Functional ECG Services | D74: 2 | E74: SI/OB
A75: Standard A4 | B75: Facility provides services as mandated in national Health Programs/ state scheme | H75: =SUM(D76:D87) -> 0 | I75: =COUNT(D76:D87)*2 -> 0
A76: ME A4.1 | B76: The facility provides services under National Vector Borne Disease Control Programme as per guidelines
A77: ME A4.2 | B77: The facility provides services under Revised National TB Control Programme as per guidelines
A78: ME A4.3 | B78: The facility provides services under National Leprosy Eradication Programme as per guidelines
A79: ME A4.4 | B79: The facility provides services under National AIDS Control Programme as per guidelines
A80: ME A4.5 | B80: The facility provides services under National Programme for Prevention and control of Blindness as per guidelines
A81: ME A4.6 | B81: The facility provides services under Mental Health Programme as per guidelines
A82: ME A4.7 | B82: The facility provides services under National Programme for the health care of the elderly as per guidelines
A83: ME A4.8 | B83: The facility provides services under National Programme for Prevention and control of Cancer, Diabetes, Cardiovascular diseases & Stroke (NPCDCS) as per guidelines
A84: ME A4.9 | B84: The facility Provides services under Integrated Disease Surveillance Programme as per Guidelines
A85: ME A4.10 | B85: The facility provide services under National health Programme for deafness
A86: ME A4.11 | B86: The facility provides services as per State specific health programmes
A87: ME A 4.12 | B87: The facility provided services as per Rashtriya bal swasthya Karykram
A88: Standard A5. | B88: Facility provides support services | H88: =SUM(D89:D96) -> 4 | I88: =COUNT(D89:D96)*2 -> 4
A89: ME A5.1 | B89: The facility provides dietary services
A90: ME A5.2 | B90: The facility provides laundry services
A91: ME A5.3. | B91: The facility provides security services | C91: Availability of Police post | D91: 2 | E91: SI/OB
A92: ME A5.4 | B92: The facility provides housekeeping services
A93: ME A5.5 | B93: The facility ensures maintenance services
A94: ME A5.6 | B94: The facility provides pharmacy services
A95: ME A5.7. | B95: The facility has services of medical record department | C95: Availability of Medico-legal record services | D95: 2 | E95: SI/OB
A96: ME A5.8 | B96: The facility provides mortuary services
A97: Standard A6. | B97: Health services provided at the facility are appropriate to community needs. | H97: =SUM(D98:D99) -> 2 | I97: =COUNT(D98:D99)*2 -> 2
A98: ME A6.1. | B98: The facility provides curatives & preventive services for the health problems and diseases, prevalent locally. | C98: Availability of specific procedures for local prevalent emergencies | D98: 2 | E98: SI/OB | F98: Ask for the specific local health frequent emergencies. See if emergency is ready for it or not.
A99: ME A6.2 | B99: There is process for consulting community/ or their representatives when planning or revising scope of services of the facility
A100: . | B100: Area of Concern - B Patient Rights | H100: =H101+H114+H130+H136+H142+H149 -> 80 | I100: =I101+I114+I130+I136+I142+I149 -> 80
A101: Standard B1. | B101: Facility provides the information to care seekers, attendants & community about the available services and their modalities | H101: =SUM(D102:D113) -> 20 | I101: =COUNT(D102:D113)*2 -> 20
A102: ME B1.1. | B102: The facility has uniform and user-friendly signage system | C102: Availability departmental signage's . | D102: 2 | E102: OB | F102: Emergency department board is prominently displayed with facility of illumination in night.
C103: Availability of Directional Signage's. | D103: 2 | E103: OB | F103: Direction is displayed from main gate to direct.
...

Sheet OPD
A1: National Quality Assurance Standards for District Hospitals | G1: Version: DH/02/19
A2: Checklist for Outdoor Patient Department | H2: 2
A3: Assessment Summary
A4: Name of the Hospital | F4: Date of Assessment
A5: Names of Assessors | F5: Names of Assessees
A6: Type of Assessment (Internal/External) | F6: Action plan Submission Date
A7: OPD Score Card
B8: Area of Concern wise Score | F8: OPD Score
A9: A | B9: Service Provision | C9: =OPD!D789 -> 1 | F9: =D797 -> 1
A10: B | B10: Patient Rights | C10: =OPD!D790 -> 1
A11: C | B11: Inputs | C11: =OPD!D791 -> 1
A12: D | B12: Support Services | C12: =OPD!D792 -> 1
A13: E | B13: Clinical Services | C13: =OPD!D793 -> 1
A14: F | B14: Infection Control | C14: =OPD!D794 -> 1
A15: G | B15: Quality Management | C15: =OPD!D795 -> 1
A16: H | B16: Outcome | C16: =OPD!D796 -> 1
B18: Major Gaps Observed
A19: 1
A20: 2
A21: 3
A22: 4
A23: 5
B24: Strengths / Good Practices
A25: 1
A26: 2
A27: 3
A28: 4
A29: 5
B30: Recommendations/ Opportunites for Improvement
A31: 1
A32: 2
A33: 3
A34: 4
A35: 5
B36: Signature of Assessors
B37: Date
A40: Checklist for OPD
A41: Reference No. | B41: Measurable Element | C41: Checkpoint | D41: Compliance | E41: Assessment Method | F41: Means of Verification | G41: Remarks | H41: Obtained | I41: Maximum
B42: Area of Concern - A Service Provision | H42: =H43+H72+H79+H84+H113+H104 -> 102 | I42: =I43+I72+I79+I84+I113+I104 -> 102
A43: Standard A1 | B43: Facility Provides Curative Services | H43: =SUM(D44:D71) -> 50 | I43: =COUNT(D44:D71)*2 -> 50
A44: ME A1.1 | B44: The facility provides General Medicine services | C44: Availability of functional General Medicine Clinic | D44: 2 | E44: SI/OB | F44: Dedicated General speciality Medicine Clinic
A45: ME A1.2 | B45: The facility provides General Surgery services | C45: Availability of functional General Surgery Clinic | D45: 2 | E45: SI/OB | F45: Dedicated General speciality Surgical Clinic
A46: ME A1.3 | B46: The facility provides Obstetrics & Gynaecology Services | C46: Availability of Functional Obstetrics & Gynaecology Clinic | D46: 2 | E46: SI/OB | F46: Dedicated speciality Obstetrics & Gynaecology Clinic. High risk pregnancy cases are referred from ANC clinic and consulted.
A47: ME A1.4 | B47: The facility provides Paediatric Services | C47: Availability of Paediatric Clinic | D47: 2 | E47: SI/OB | F47: Dedicated Paediatric speciality Clinic
A48: ME A1.5 | B48: The facility provides Ophthalmology Services | C48: Availability of functional Ophthalmology Clinic | D48: 2 | E48: SI/OB | F48: Dedicated ophthalmology clinic providing consultation services
A49: ME A1.6 | B49: The facility provides ENT Services | C49: Availability of Functional ENT Clinic | D49: 2 | E49: SI/OB | F49: Dedicated ENT providing consultation services
C50: Availability of OPD ENT procedures | D50: 2 | E50: SI/OB | F50: Foreign Body Removal (Ear and Nose),Stitching of CLW’s, Dressings, Syringing of Ear, Chemical Cauterization (Nose & Ear), Eustachian Tube Function Test, Vestibular Function Test/Caloric Test
A51: ME A1.7 | B51: The facility provides Orthopaedics Services | C51: Availability of Functional Orthopaedic Clinic | D51: 2 | E51: SI/OB | F51: Dedicated clinical for Orthopaedic consultation
C52: Availability of OPD Orthopaedic procedure | D52: 2 | E52: SI/OB | F52: plaster room procedure
A53: ME A1.8 | B53: The facility provides Skin & VD Services | C53: Availability of functional Skin & VD Clinic | D53: 2 | E53: SI/OB | F53: Dedicated Clinic providing consultation services
A54: ME A1.9 | B54: The facility provides Psychiatry Services | C54: Availability of functional Psychiatry Clinic | D54: 2 | E54: SI/OB | F54: Dedicated Clinic providing consultation services
A55: ME A1.10 | B55: The facility provides Dental Treatment Services | C55: Availability of functional Dental Clinic | D55: 2 | E55: SI/OB | F55: Dedicated Clinic providing consultation services
C56: Availability of OPD Dental procedure | D56: 2 | E56: SI/OB | F56: Accompanied by dental lab. Extraction, scaling, tooth extraction, denture and Restoration.
A57: ME A1.11 | B57: The facility provides AYUSH Services | C57: Availability of Functional Ayush clinic | D57: 2 | E57: SI/OB | F57: AYUSH clinic accompanied by dispensary
A58: ME A1.12 | B58: The facility provides Physiotherapy Services | C58: Availability of Functional Physiotherapy Unit | D58: 2 | E58: SI/OB | F58: Pain Management with cryotherapy, Pain Management with deep heat therapy (SWD), Increase range of motion with mobilization,
A59: ME A1.13 | B59: The facility provides services for OPD procedures | C59: Availability of Dressing facilities at OPD | D59: 2 | E59: SI/OB | F59: Dressing, Suturing and drainage
C60: Availability of Injection room facilities at OPD | D60: 2 | E60: SI/OB
A61: ME A1.14 | B61: Services are available for the time period as mandated | C61: At least 6 Hours of OPD Services are available | D61: 2 | E61: SI/RR
A62: ME A1.15 | B62: The facility provides services for Super specialties, as mandated | C62: Availability of functional Cardiology clinic | D62: 2 | E62: SI/OB
C63: Availability of functional gastro entomology clinic | D63: 2 | E63: SI/OB
C64: Availability of functional nephrology clinic | D64: 2 | E64: SI/OB
C65: Availability of functional Neurology clinic | D65: 2 | E65: SI/OB
C66: Availability of functional endocrinology Clinic is available | D66: 2 | E66: SI/OB
C67: Availability of functional Oncology Clinic | D67: 2 | E67: SI/OB
C68: Availability of functional nuclear medicine clinic is available | D68: 2 | E68: SI/OB
A69: ME A1.16 | B69: The facility provides Accident & Emergency Services
A70: ME A1.17 | B70: The facility provides Intensive care Services
A71: ME A1.18 | B71: The facility provides Blood bank & transfusion services
A72: Standard A2 | B72: Facility provides RMNCHA Services | H72: =SUM(D74:D78) -> 10 | I72: =COUNT(D74:D78)*2 -> 10
A73: ME A2.1 | B73: The facility provides Reproductive health Services
A74: ME A2.2 | B74: The facility provides Maternal health Services | C74: Availability of functional ANC clinic | D74: 2 | E74: SI/OB
A75: ME A2.3 | B75: The facility provides Newborn health Services | C75: Availability of Functional immunization clinic | D75: 2 | E75: SI/OB
A76: ME A2.4 | B76: The facility provides Child health Services | C76: Availability Functional IYCF clinic | D76: 2 | E76: SI/OB
C77: Services under RBSY | D77: 2 | E77: SI/OB
A78: ME A2.5 | B78: The facility provides Adolescent health Services | C78: Availability of Functional ARSH clinic | D78: 2 | E78: SI/OB
A79: Standard A3 | B79: Facility Provides diagnostic Services | H79: =SUM(D80:D83) -> 6 | I79: =COUNT(D80:D83)*2 -> 6
A80: ME A3.1 | B80: The facility provides Radiology Services
A81: ME A3.2 | B81: The facility Provides Laboratory Services | C81: Availability of Sample collection Centre | D81: 2 | E81: SI/OB
A82: ME A3.3 | B82: The facility provides other diagnostic services, as mandated | C82: Functional ECG Services are available | D82: 2 | E82: SI/OB
C83: Availability of TMT services | D83: 2 | E83: SI/OB
A84: Standard A4 | B84: Facility provides services as mandated in national Health Programs/ state scheme | H84: =SUM(D85:D103) -> 34 | I84: =COUNT(D85:D103)*2 -> 34
A85: ME A4.1 | B85: The facility provides services under National Vector Borne Disease Control Programme as per guidelines | C85: Availability of OPD Services Under NVBDCP | D85: 2 | E85: SI/RR | F85: OPD Management of Malaeria, Kala Azar, Dengue
A86: ME A4.2 | B86: The facility provides services under Revised National TB Control Programme as per guidelines | C86: Availability of Functional DOTS clinic | D86: 2 | E86: SI/OB
A87: ME A4.3 | B87: The facility provides services under National Leprosy Eradication Programme as per guidelines | C87: Availability of OPD services under NLEP | D87: 2 | E87: SI/RR
C88: Assessment of Disability Status | D88: 2 | E88: SI/RR
C89: Supply of Customized Foot wear | D89: 2 | E89: SI/RR
A90: ME A4.4 | B90: The facility provides services under National AIDS Control Programme as per guidelines | C90: Availability of Functional ICTC | D90: 2 | E90: SI/OB
C91: Availability of HIV Testing and Counselling | D91: 2 | E91: SI/RR
C92: PPTCT Services for HIV positive Pregnant Women | D92: 2 | E92: SI/OB
C93: Availability of Functional ART Centre | D93: 2 | E93: SI/OB
C94: Availability of CD4 testing facility | D94: 2 | E94: SI/OB
A95: ME A4.5 | B95: The facility provides services under National Programme for prevention and control of Blindness as per guidelines | C95: Screening and early detection of visual impairment and refraction | D95: 2 | E95: SI/RR | F95: Refraction, syringing and probing, foreign body removal, Tonometery and retinoscopy
C96: Availability of OPD procedures | D96: 2 | E96: SI/OB | F96: Syringing and probing, foreign body removal , Tonometry ,Perimetry, Retinoscopy, Retrobulbar Injection
A97: ME A4.6 | B97: The facility provides services under Mental Health Programme as per guidelines | C97: Availability of counselling centre for Suicide prevention | D97: 2 | E97: SI/OB
A98: ME A4.7 | B98: The facility provides services under National Programme for the health care of the elderly as per guidelines | C98: Dedicated Geriatric Clinic | D98: 2 | E98: SI/OB
A99: ME A4.8 | B99: The facility provides services under National Programme for Prevention and control of Cancer, Diabetes, Cardiovascular diseases & Stroke (NPCDCS) as per guidelines | C99: Functional NCD clinic is available | D99: 2 | E99: SI/OB
A100: ME A4.9 | B100: The facility Provides services under Integrated Disease Surveillance Programme as per Guidelines | E100: SI/RR
A101: ME A4.10 | B101: The facility provide services under National health Programme for deafness | C101: Management of case referred from PHC/CHC directly reported to Hospital | D101: 2 | E101: SI/RR
A102: ME A4.11 | B102: The facility provides services as per State specific health programmes | C102: Availability of OPD services as per State Health Programs | D102: 2 | E102: SI/RR
A103: ME A 4.12 | B103: The facility provided services as per Rashtriya bal swasthya Karykram
...

Sheet Labour Room (LaQshya)
A1: National Quality Assurance Standards | G1: Version: DH/02/19
A2: Checklist for Labour Room | H2: 3
A10: Assessment Summary
A11: Name of the Hospital | F11: Date of Assessment
A12: Names of Assessors | F12: Names of Assessees
A13: Type of Assessment (Internal/Peer/External) | F13: Action plan Submission Date
A14: Labour room Score Card
A15: Area of Concern wise Score | F15: Labour Room Score
A16: A | B16: Service Provision | C16: ='Labour Room (LaQshya)'!D651 -> 1 | F16: =D659 -> 1
A17: B | B17: Patient Rights | C17: ='Labour Room (LaQshya)'!D652 -> 1
A18: C | B18: Inputs | C18: ='Labour Room (LaQshya)'!D653 -> 1
A19: D | B19: Support Services | C19: ='Labour Room (LaQshya)'!D654 -> 1
A20: E | B20: Clinical Services | C20: ='Labour Room (LaQshya)'!D655 -> 1
A21: F | B21: Infection Control | C21: ='Labour Room (LaQshya)'!D656 -> 1
A22: G | B22: Quality Management | C22: ='Labour Room (LaQshya)'!D657 -> 1
A23: H | B23: Outcome | C23: ='Labour Room (LaQshya)'!D658 -> 1
B25: Major Gaps Observed
A26: 1
A27: 2
A28: 3
A29: 4
A30: 5
B31: Strengths / Good Practices
A32: 1
A33: 2
A34: 3
A35: 4
A36: 5
B37: Recommendations/ Opportunities for Improvement
A38: 1
A39: 2
A40: 3
A41: 4
A42: 5
B43: Signature of Assessors
B44: Date
A46: Checklist for Labour Room
A47: Reference No | B47: Measurable Element | C47: Checkpoint | D47: Compliance | E47: Assessment Method | F47: Means of Verification | G47: Remarks | H47: Obtained | I47: Maximum | J47: %
B48: Area of Concern - A Service Provision | H48: =H49+H68+H80+H84+H97+H106 -> 22 | I48: =I49+I68+I80+I84+I97+I106 -> 22 | J48: =H48*100/I48 -> 100
A49: Standard A1 | B49: The facility provides Curative Services | H49: =SUM(D50:D67) -> 2 | I49: =COUNT(D50:D67)*2 -> 2 | J49: =H49*100/I49 -> 100
A50: ME A1.1 | B50: The facility provides General Medicine services
A51: ME A1.2 | B51: The facility provides General Surgery services
A52: ME A1.3 | B52: The facility provides Obstetrics & Gynaecology Services
A53: ME A1.4 | B53: The facility provides Paediatric Services
A54: ME A1.5 | B54: The facility provides Ophthalmology Services
A55: ME A1.6 | B55: The facility provides ENT Services
A56: ME A1.7 | B56: The facility provides Orthopaedics Services
A57: ME A1.8 | B57: The facility provides Skin & VD Services
A58: ME A1.9 | B58: The facility provides Psychiatry Services
A59: ME A1.10 | B59: The facility provides Dental Treatment Services
A60: ME A1.11 | B60: The facility provides AYUSH Services
A61: ME A1.12 | B61: The facility provides Physiotherapy Services
A62: ME A1.13 | B62: The facility provides services for OPD procedures
A63: ME A1.14 | B63: Services are available for the time period as mandated | C63: Labour room service is functional 24X7 | D63: 2 | E63: SI/RR | F63: Verify with records that deliveries have been conducted in night on regular basis
A64: ME A1.15 | B64: The facility provides services for Super specialties, as mandated
A65: ME A1.16 | B65: The facility provides Accident & Emergency Services
A66: ME A1.17 | B66: The facility provides Intensive care Services
A67: ME A1.18 | B67: The facility provides Blood bank & transfusion services
A68: Standard A2 | B68: The facility provides RMNCHA Services | H68: =SUM(D69:D79) -> 18 | I68: =COUNT(D69:D79)*2 -> 18 | J68: =H68*100/I68 -> 100
A69: ME A2.1 | B69: The facility provides Reproductive health Services | C69: Availability of Post Partum IUD insertion services | D69: 2 | E69: SI/RR | F69: Verify with records that PPIUD services have been offered in labour room
A70: ME A2.2 | B70: The facility provides Maternal health Services | C70: Availability of Vaginal Delivery services | D70: 2 | E70: SI/RR | F70: Normal vaginal & assisted (Vacuum / Forcep ) delivery
C71: Availability of Pre term delivery services | D71: 2 | E71: SI/RR | F71: Check if pre term delivery are being conducted at facility and not referred to higher centres unnecessarily
C72: Management of Postpartum Haemorrhage | D72: 2 | E72: SI/RR | F72: Check if Medical /Surgical management of PPH is being done at labour room
C73: Management of Retained Placenta | D73: 2 | E73: SI/RR | F73: Check staff manages retained placenta cases in labour room . Verify with records
C74: Septic Delivery & Delivery of HIV positive Pregnant Women | D74: 2 | E74: SI/RR | F74: Check if infected delivery cases are managed at labour room and not referred to higher centres unnecessarily
C75: Management of PIH/Eclampsia/ Pre eclampsia | D75: 2 | E75: SI/RR | F75: Check services for management of PIH/ Eclampsia are being proved at labour room
A76: ME A2.3 | B76: The facility provides Newborn health Services | C76: Availability of New born resuscitation | D76: 2 | E76: SI/OB | F76: Check if labour room has a functional New born resuscitation services available in labour room
C77: Availability of Essential new born care | D77: 2 | E77: SI/OB | F77: Check essential newborn care provisions such as Keeping baby on mother's abdomen, immediate drying of baby, Skin to skin contact, delayed chord clamp, initiation of breast feeding, recording of vitals and Vit. K are provided
A78: ME A2.4 | B78: The facility provides Child health Services
A79: ME A2.5 | B79: The facility provides Adolescent health Services
A80: Standard A3 | B80: The facility Provides diagnostic Services | H80: =SUM(D81:D83) -> 2 | I80: =COUNT(D81:D83)*2 -> 2 | J80: =H80*100/I80 -> 100
A81: ME A3.1 | B81: The facility provides Radiology Services
A82: ME A3.2 | B82: The facility Provides Laboratory Services | C82: 24 *7 Availability of point of care diagnostic tests | D82: 2 | E82: SI/OB | F82: HIV, Hb% , Random blood sugar , Protein Urea Test
A83: ME A3.3 | B83: The facility provides other diagnostic services, as mandated
A84: Standard A4 | B84: The facility provides services as mandated in national Health Programmes/ state scheme | H84: =SUM(D85:D96) -> 0 | I84: =COUNT(D85:D96)*2 -> 0
A85: ME A4.1 | B85: The facility provides services under National Vector Borne Disease Control Programme as per guidelines
A86: ME A4.2 | B86: The facility provides services under Revised National TB Control Programme as per guidelines
A87: ME A4.3 | B87: The facility provides services under National Leprosy Eradication Programme as per guidelines
A88: ME A4.4 | B88: The facility provides services under National AIDS Control Programme as per guidelines
A89: ME A4.5 | B89: The facility provides services under National Programme for prevention and control of Blindness as per guidelines
A90: ME A4.6 | B90: The facility provides services under Mental Health Programme as per guidelines
A91: ME A4.7 | B91: The facility provides services under National Programme for the health care of the elderly as per guidelines
A92: ME A4.8 | B92: The facility provides services under National Programme for Prevention and control of Cancer, Diabetes, Cardiovascular diseases & Stroke (NPCDCS) as per guidelines
A93: ME A4.9 | B93: The facility Provides services under Integrated Disease Surveillance Programme as per Guidelines
A94: ME A4.10 | B94: The facility provide services under National health Programme for deafness
A95: ME A4.11 | B95: The facility provides services as per State specific health programmes
A96: ME A4.12 | B96: The facility provided services as per Rashtriya bal swasthya Karykram
A97: Standard A5 | B97: The facility provides support services | H97: =SUM(D98:D105) -> 0 | I97: =COUNT(D98:D105)*2 -> 0
A98: ME A5.1 | B98: The facility provides dietary services
A99: ME A5.2 | B99: The facility provides laundry services
A100: ME A5.3 | B100: The facility provides security services
A101: ME A5.4 | B101: The facility provides housekeeping services
A102: ME A5.5 | B102: The facility ensures maintenance services
A103: ME A5.6 | B103: The facility provides pharmacy services
A104: ME A5.7 | B104: The facility has services of medical record department
A105: ME A5.8 | B105: The facility provides mortuary services
A106: Standard A6 | B106: Health services provided at the facility are appropriate to community needs. | H106: =SUM(D107:D108) -> 0 | I106: =COUNT(D107:D108)*2 -> 0
A107: ME A6.1 | B107: The facility provides curatives & preventive services for the health problems and diseases, prevalent locally.
A108: ME A6.2 | B108: There is process for consulting community/ or their representatives when planning or revising scope of services of the facility
B109: Area of Concern - B Patient Rights | H109: =H110+H119+H126+H136+H142+H148 -> 40 | I109: =I110+I119+I126+I136+I142+I148 -> 40 | J109: =H109*100/I109 -> 100
...

Sheet Maternity Ward
A1: National Quality Assurance Standards for District Hospitals | G1: Version: DH/02/19
A2: Checklist for Maternity Ward | H2: 4
A3: Assessment Summary
A4: Name of the Hospital | F4: Date of Assessment
A5: Names of Assessors | F5: Names of Assessees
A6: Type of Assessment (Internal/External) | F6: Action plan Submission Date
A7: Maternity Ward Score Card
B8: Area of Concern wise Score | D8: Maternity Ward Score
A9: A | B9: Service Provision | C9: ='Maternity Ward'!D697 -> 1 | D9: =D705 -> 1
A10: B | B10: Patient Rights | C10: ='Maternity Ward'!D698 -> 1
A11: C | B11: Inputs | C11: ='Maternity Ward'!D699 -> 1
A12: D | B12: Support Services | C12: ='Maternity Ward'!D700 -> 1
A13: E | B13: Clinical Services | C13: ='Maternity Ward'!D701 -> 1
A14: F | B14: Infection Control | C14: ='Maternity Ward'!D702 -> 1
A15: G | B15: Quality Management | C15: ='Maternity Ward'!D703 -> 1
A16: H | B16: Outcome | C16: ='Maternity Ward'!D704 -> 1
B18: Major Gaps Observed
A19: 1
A20: 2
A21: 3
A22: 4
A23: 5
B24: Strengths / Good Practices
A25: 1
A26: 2
A27: 3
A28: 4
A29: 5
B30: Recommendations/ Opportunites for Improvement
A31: 1
A32: 2
A33: 3
A34: 4
A35: 5
B36: Signature of Assessors
B37: Date
A41: Checklist for Maternity Ward
A42: Reference no | B42: Measurable Element | C42: Checkpoints | D42: Compliance | E42: Assessment method | F42: Means of verification | G42: Remarks | H42: Obtained Marks | I42: Maximum Marks
B43: Area of Concern - A Service Provision | H43: =H44+H63+H73+H77+H90+H99 -> 28 | I43: =I44+I63+I73+I77+ I90+I99 -> 28
A44: Standard A1 | B44: The facility provides Curative Services | H44: =SUM(D45:D62) -> 6 | I44: =COUNT(D45:D62)*2 -> 6
A45: ME A1.1 | B45: The facility provides General Medicine services
A46: ME A1.2 | B46: The facility provides General Surgery services
A47: ME A1.3 | B47: The facility provides Obstetrics & Gynaecology Services | C47: Availability of Gynaecology indoor services | D47: 2 | E47: SI/OB | F47: For obstetric indoor services kindly refer to ME A2.2
A48: ME A1.4 | B48: The facility provides Paediatric Services
A49: ME A1.5 | B49: The facility provides Ophthalmology Services
A50: ME A1.6 | B50: The facility provides ENT Services
A51: ME A1.7 | B51: The facility provides Orthopaedics Services
A52: ME A1.8 | B52: The facility provides Skin & VD Services
A53: ME A1.9 | B53: The facility provides Psychiatry Services
A54: ME A1.10 | B54: The facility provides Dental Treatment Services
A55: ME A1.11 | B55: The facility provides AYUSH Services
A56: ME A1.12 | B56: The facility provides Physiotherapy Services
A57: ME A1.13 | B57: The facility provides services for OPD procedures
A58: ME A1.14 | B58: Services are available for the time period as mandated | C58: Availability of nursing services 24X7 | D58: 2 | E58: SI/RR
A59: ME A1.15 | B59: The facility provides services for Super specialties, as mandated
A60: ME A1.16 | B60: The facility provides Accident & Emergency Services
A61: ME A1.17 | B61: The facility provides Intensive care Services
A62: ME A1.18 | B62: The facility provides Blood bank & transfusion services | C62: Availability/ linkage with blood bank | D62: 2 | E62: SI/OB
A63: Standard A2 | B63: The facility provides RMNCHA Services | H63: =SUM(D64:D72) -> 14 | I63: =COUNT(D64:D72)*2 -> 14
A64: ME A2.1 | B64: The facility provides Reproductive health Services
A65: ME A2.2 | B65: The facility provides Maternal health Services | C65: Availability of indoor services for Antenatal cases | D65: 2 | E65: SI/OB | F65: Antenatal ward- Clean Ward
C66: Availability of indoor services for normal delivery | D66: 2 | E66: SI/OB | F66: Postnatal ward -Normal delivery
C67: Availability of indoor services for C section | D67: 2 | E67: SI/OB | F67: Postnatal ward -C-section delivery
C68: Availability of indoor services for Septic cases | D68: 2 | E68: SI/OB | F68: Septic ward
C69: Availability of indoor services for Eclampsia cases | D69: 2 | E69: SI/OB | F69: Eclampsia room
A70: ME A2.3 | B70: The facility provides Newborn health Services | C70: Prevention of hypothermia and initiation of breast feeding | D70: 2 | E70: SI/OB
A71: ME A2.4 | B71: The facility provides Child health Services | C71: Screening of New born for Birth Defects | D71: 2 | E71: SI/OB
A72: ME A2.5 | B72: The facility provides Adolescent health Services
A73: Standard A3 | B73: The facility Provides diagnostic Services | H73: =SUM(D74:D76) -> 4 | I73: =COUNT(D74:D76)*2 -> 4
A74: ME A3.1 | B74: The facility provides Radiology Services | C74: Availability / linkage with Radiology | D74: 2 | E74: SI/OB
A75: ME A3.2 | B75: The facility Provides Laboratory Services | C75: Availability / linkage with laboratory | D75: 2 | E75: SI/OB
A76: ME A3.3 | B76: The facility provides other diagnostic services, as mandated
A77: Standard A4 | B77: The facility provides services as mandated in national Health Programmes/ state scheme | H77: =SUM(D78:D89) -> 4 | I77: =COUNT(D78:D89)*2 -> 4
A78: ME A4.1 | B78: The facility provides services under National Vector Borne Disease Control Programme as per guidelines | C78: Treatment of Malaria in pregnancy | D78: 2 | E78: SI/OB | F78: check the records for management of cases in last one year
A79: ME A4.2 | B79: The facility provides services under Revised National TB Control Programme as per guidelines
A80: ME A4.3 | B80: The facility provides services under National Leprosy Eradication Programme as per guidelines
A81: ME A4.4 | B81: The facility provides services under National AIDS Control Programme as per guidelines
A82: ME A4.5 | B82: The facility provides services under National Programme for control of Blindness as per guidelines
A83: ME A4.6 | B83: The facility provides services under Mental Health Programme as per guidelines
A84: ME A4.7 | B84: The facility provides services under National Programme for the health care of the elderly as per guidelines
A85: ME A4.8 | B85: The facility provides services under National Programme for Prevention and control of Cancer, Diabetes, Cardiovascular diseases & Stroke (NPCDCS) as per guidelines
A86: ME A4.9 | B86: The facility Provides services under Integrated Disease Surveillance Programme as per Guidelines
A87: ME A4.10 | B87: The facility provide services under National health Programme for prevention and control of deafness | C87: Referral of of child born of High Risk pregnancy showing features suggestive of hearing empairment | D87: 2 | E87: SI/OB
A88: ME A4.11 | B88: The facility provides services as per State specific health programmes
A89: ME A 4.12 | B89: The facility provided services as per Rashtriya bal swasthya Karykram
A90: Standard A5 | B90: The facility provides support services | H90: =SUM(D91:D98) -> 0 | I90: =COUNT(D91:D98)*2 -> 0
A91: ME A5.1 | B91: The facility provides dietary services
A92: ME A5.2 | B92: The facility provides laundry services
A93: ME A5.3 | B93: The facility provides security services
A94: ME A5.4 | B94: The facility provides housekeeping services
A95: ME A5.5 | B95: The facility ensures maintenance services
A96: ME A5.6 | B96: The facility provides pharmacy services
A97: ME A5.7 | B97: The facility has services of medical record department
A98: ME A5.8 | B98: The facility provides mortuary services
A99: Standard A6 | B99: Health services provided at the facility are appropriate to community needs. | H99: =SUM(D100:D101) -> 0 | I99: =COUNT(D100:D101)*2 -> 0
A100: ME A6.1 | B100: The facility provides curatives & preventive services for the health problems and diseases, prevalent locally.
A101: ME A6.2 | B101: There is process for consulting community/ or their representatives when planning or revising scope of services of the facility
B102: Area of Concern - B Patient Rights | H102: =H103+H117+H127+H136+H142+H156 -> 80 | I102: =I103+I117+I127+I136+I142+I156 -> 80
A103: Standard B1 | B103: The facility provides the information to care seekers, attendants & community about the available services and their modalities | H103: =SUM(D104:D116) -> 22 | I103: =COUNT(D104:D116)*2 -> 22
A104: ME B1.1 | B104: The facility has uniform and user-friendly signage system | C104: Availability departmental signage's | D104: 2 | E104: OB | F104: (Numbering, main department and internal sectional signage
...

Sheet Ped Ward
A1: National Quality Assurance Standards for District Hospitals | G1: Version: DH/02/19
A2: Checklist for Paediatrics Ward | H2: 5
A3: Assessment Summary
A4: Name of the Hospital | F4: Date of Assessment
A5: Names of Assessors | F5: Names of Assessees
A6: Type of Assessment (Internal/External) | F6: Action plan Submission Date
A7: Paediatrics Ward Score Card
A8: Area of Concern wise Score | D8: Paediatrics Ward Score
A9: A | B9: Service Provision | C9: ='Ped Ward'!D677 -> 1 | D9: =D685 -> 1
A10: B | B10: Patient Rights | C10: ='Ped Ward'!D678 -> 1
A11: C | B11: Inputs | C11: ='Ped Ward'!D679 -> 1
A12: D | B12: Support Services | C12: ='Ped Ward'!D680 -> 1
A13: E | B13: Clinical Services | C13: ='Ped Ward'!D681 -> 1
A14: F | B14: Infection Control | C14: ='Ped Ward'!D682 -> 1
A15: G | B15: Quality Management | C15: ='Ped Ward'!D683 -> 1
A16: H | B16: Outcome | C16: ='Ped Ward'!D685 -> 1
B18: Major Gaps Observed
A19: 1
A20: 2
A21: 3
A22: 4
A23: 5
B24: Strengths / Good Practices
A25: 1
A26: 2
A27: 3
A28: 4
A29: 5
B30: Recommendations/ Opportunites for Improvement
A31: 1
A32: 2
A33: 3
A34: 4
A35: 5
B36: Signature of Assessors
B37: Date
A41: Checklist for Paediatrics Ward
A42: Reference No. | B42: Measurable Element | C42: Checkpoint | D42: Compliance Full/Partial/No | E42: Assessment Method | F42: Means of verification | G42: Remarks
B43: Area of Concern - A Service Provision | H43: =H44+H64+H80+H76+H95+H104 -> 32 | I43: =I44+I64+I80+I76+I95+I104 -> 32
A44: Standard A1 | B44: The facility provides Curative Services | H44: =SUM(D45:D63) -> 6 | I44: =COUNT(D45:D63)*2 -> 6
A45: ME A1.1 | B45: The facility provides General Medicine services
A46: ME A1.2 | B46: The facility provides General Surgery services
A47: ME A1.3 | B47: The facility provides Obstetrics & Gynaecology Services
A48: ME A1.4 | B48: The facility provides Paediatric Services | C48: Availability of dedicated paediatric ward | D48: 2 | E48: SI/OB
C49: Availability of isolation room | D49: 2 | E49: SI/OB | F49: Particularly for chicken pox, measles etc.)
A50: ME A1.5 | B50: The facility provides Ophthalmology Services
A51: ME A1.6 | B51: The facility provides ENT Services
A52: ME A1.7 | B52: The facility provides Orthopaedics Services
A53: ME A1.8 | B53: The facility provides Skin & VD Services
A54: ME A1.9 | B54: The facility provides Psychiatry Services
A55: ME A1.10 | B55: The facility provides Dental Treatment Services
A56: ME A1.11 | B56: The facility provides AYUSH Services
A57: ME A1.12 | B57: The facility provides Physiotherapy Services
A58: ME A1.13 | B58: The facility provides services for OPD procedures
A59: ME A1.14 | B59: Services are available for the time period as mandated | C59: Availability of nursing care services 24X7 | D59: 2 | E59: SI/RR
A60: ME A1.15 | B60: The facility provides services for Super specialties, as mandated
A61: ME A1.16 | B61: The facility provides Accident & Emergency Services
A62: ME A1.17 | B62: The facility provides Intensive care Services
A63: ME A1.18 | B63: The facility provides Blood bank & transfusion services
A64: Standard A2 | B64: The facility provides RMNCHA Services | H64: =SUM(D65:D75) -> 14 | I64: =COUNT(D65:D75)*2 -> 14
A65: ME A2.1 | B65: The facility provides Reproductive health Services
A66: ME A2.2 | B66: The facility provides Maternal health Services
A67: ME A2.3 | B67: The facility provides Newborn health Services
A68: ME A2.4 | B68: The facility provides Child health Services | C68: Indoor Management of Severe Acute Malnutrition | D68: 2 | E68: SI/RR
C69: Indoor Management of Severe Diarrhoea with severe dehydration | D69: 2 | E69: SI/RR
C70: Indoor Management of Meningitis | D70: 2 | E70: SI/RR
C71: Indoor Management of Acute respiratory infections | D71: 2 | E71: SI/RR
C72: Seizers and convulsions | D72: 2 | E72: SI/RR
C73: Shock | D73: 2 | E73: SI/RR
C74: Accidental poisoning | D74: 2 | E74: SI/RR
A75: ME A2.5 | B75: The facility provides Adolescent health Services
A76: Standard A3 | B76: The facility Provides diagnostic Services | H76: =SUM(D77:D79) -> 0 | I76: =COUNT(D77:D79)*2 -> 0
A77: ME A3.1 | B77: The facility provides Radiology Services
A78: ME A3.2 | B78: The facility Provides Laboratory Services
A79: ME A3.3 | B79: The facility provides other diagnostic services, as mandated
A80: Standard A4 | B80: The facility provides services as mandated in national Health Programmes/ state scheme | H80: =SUM(D81:D94) -> 12 | I80: =COUNT(D81:D94)*2 -> 12
A81: ME A4.1 | B81: The facility provides services under National Vector Borne Disease Control Programme as per guidelines | C81: Indoor management of malaria | D81: 2 | E81: SI/RR | F81: check the records for management of cases in last one year
C82: Indoor management of Chikungunia | D82: 2 | E82: SI/RR | F82: check the records for management of cases in last one year
C83: Indoor management of JE | D83: 2 | E83: SI/RR | F83: check the records for management of cases in last one year
A84: ME A4.2 | B84: The facility provides services under Revised National TB Control Programme as per guidelines | C84: Management of paediateric Tuberculosis | D84: 2 | E84: SI/RR
A85: ME A4.3 | B85: The facility provides services under National Leprosy Eradication Programme as per guidelines
A86: ME A4.4 | B86: The facility provides services under National AIDS Control Programme as per guidelines
A87: ME A4.5 | B87: The facility provides services under National Programme for preventation and control of Blindness as per guidelines
A88: ME A4.6 | B88: The facility provides services under Mental Health Programme as per guidelines
A89: ME A4.7 | B89: The facility provides services under National Programme for the health care of the elderly as per guidelines
A90: ME A4.8 | B90: The facility provides services under National Programme for Prevention and control of Cancer, Diabetes, Cardiovascular diseases & Stroke (NPCDCS) as per guidelines
A91: ME A4.9 | B91: The facility Provides services under Integrated Disease Surveillance Programme as per Guidelines
A92: ME A4.10 | B92: The facility provide services under National health Programme for deafness | C92: Referral of child born of High Risk pregnancy showing features suggestive of hearing impairment | D92: 2 | E92: SI/RR
A93: ME A4.11 | B93: The facility provides services as per State specific health programmes
A94: ME A 4.12 | B94: The facility provided services as per Rashtriya bal swasthya Karykram | C94: Availability of services under RBSK | D94: 2 | E94: SI/RR
A95: Standard A5 | B95: The facility provides support services | H95: =SUM(D96:D103) -> 0 | I95: =COUNT(D96:D103)*2 -> 0
A96: ME A5.1 | B96: The facility provides dietary services
A97: ME A5.2 | B97: The facility provides laundry services
A98: ME A5.3 | B98: The facility provides security services
A99: ME A5.4 | B99: The facility provides housekeeping services
A100: ME A5.5 | B100: The facility ensures maintenance services
A101: ME A5.6 | B101: The facility provides pharmacy services
A102: ME A5.7 | B102: The facility has services of medical record department
A103: ME A5.8 | B103: The facility provides mortuary services
A104: Standard A6 | B104: Health services provided at the facility are appropriate to community needs. | H104: =SUM(D105:D106) -> 0 | I104: =COUNT(E105:E106)*2 -> 0
...

Sheet SNCU 
A1: National Quality Assurance Standards for District Hospitals | G1: Version: DH/02/19
A2: Checklist for Sick Newborn Care Unit (SNCU) | H2: 6
A3: Assessment Summary
A4: Name of the Hospital | F4: Date of Assessment
A5: Names of Assessors | F5: Names of Assessees
A6: Type of Assessment (Internal/External) | F6: Action plan Submission Date
A7: SNCU Score Card
A8: Area of Concern wise Score | D8: SNCU Score
A9: A | B9: Service Provision | C9: ='SNCU '!D732 -> 1 | D9: =D740 -> 1
A10: B | B10: Patient Rights | C10: ='SNCU '!D733 -> 1
A11: C | B11: Inputs | C11: ='SNCU '!D734 -> 1
A12: D | B12: Support Services | C12: ='SNCU '!D735 -> 1
A13: E | B13: Clinical Services | C13: ='SNCU '!D736 -> 1
A14: F | B14: Infection Control | C14: ='SNCU '!D737 -> 1
A15: G | B15: Quality Management | C15: ='SNCU '!D738 -> 1
A16: H | B16: Outcome | C16: ='SNCU '!D739 -> 1
B18: Major Gaps Observed
A19: 1
A20: 2
A21: 3
A22: 4
A23: 5
B24: Strengths / Good Practices
A25: 1
A26: 2
A27: 3
A28: 4
A29: 5
B30: Recommendations/ Opportunites for Improvement
A31: 1
A32: 2
A33: 3
A34: 4
A35: 5
B36: Signature of Assessors
B37: Date
A41: Reference | B41: ME Statement | C41: Checkpoint | D41: Compliance/Full/ Partial/No | E41: Assessment Method | F41: Means of verification | G41: Remarks
B42: Area of Concern - A Service Provision | H42: =H43+H62+H74+ H78+H91+H100 -> 26 | I42: =I43+I62+I74+I78+I91+I100 -> 26
A43: Standard A1 | B43: Facility Provides Curative Services | H43: =SUM(D44:D61) -> 4 | I43: =COUNT(D44:D61)*2 -> 4
A44: ME A1.1 | B44: The Facility Provides of General Medicine Services
A45: ME A1.2 | B45: The Facility Provides General Surgeries Services
A46: ME A1.3 | B46: The Facility Provides Obstetrics & Gynaecology Services
A47: ME A1.4 | B47: The Facility Provides Paediatric Services | C47: Availability of functional SNCU | D47: 2 | E47: SI/OB | F47: For detailed service provision kindly refer A2.3
A48: ME A1.5 | B48: The Facility provides Ophthalmology Services
A49: ME A1.6 | B49: The Facility provides ENT Services
A50: ME A1.7 | B50: The Facility provides Orthopaedics Services
A51: ME A1.8 | B51: The Facility provides Skin & VD Services
A52: ME A1.9 | B52: The Facility Provides Psychiatry Services
A53: ME A1.10 | B53: The Facility Provides Dental Treatment Services
A54: ME A1.11 | B54: The Facility Provides AYUSH Services
A55: ME A1.12 | B55: The Facility provides Physiotherapy Services
A56: ME A1.13 | B56: The Facility provides services for OPD procedures
A57: ME A1.14 | B57: Services are available for the time period as mandated | C57: Availability of nursing care services 24X7 | D57: 2 | E57: SI/RR
A58: ME A1.15 | B58: The Facility provides services for Super specialties, as mandated
A59: ME A1.16 | B59: The Facility Provides Accident & Emergency Services
A60: ME A1.17 | B60: The Facility Provides Intensive care Services
A61: ME A1.18 | B61: The Facility provides blood bank and transfusion services
A62: Standard A2 | B62: Facility provides RMNCHA Services | H62: =SUM(D63:D73) -> 16 | I62: =COUNT(D63:D73)*2 -> 16
A63: ME A2.1 | B63: The Facility provides Reproductive health Services
A64: ME A2.2 | B64: The Facility provides maternal health Services
A65: ME A2.3 | B65: The Facility provides Newborn health Services | C65: Management of low birth weight infants <1800 gm and preterm | D65: 2 | E65: SI/RR
C66: Management of all sick new borns except those requiring mechanical ventilation and major surgical intervention | D66: 2 | E66: SI/RR
C67: Resuscitation | D67: 2 | E67: SI/RR
C68: Prevention of infection including management of newborn sepsis | D68: 2 | E68: SI/RR
C69: Provision of Warmth | D69: 2 | E69: SI/RR
C70: Phototherapy for new born | D70: 2 | E70: SI/RR
C71: Breast feeding/feeding support and Kangaroo Mother care (KMC) | D71: 2 | E71: SI/RR
A72: ME A2.4 | B72: The Facility provides child health Services | C72: Screening of New born for Birth Defects | D72: 2 | E72: SI/RR
A73: ME A2.5 | B73: The Facility provides adolescent health Services
A74: Standard A3 | B74: Facility Provides diagnostic Services | H74: =SUM(D75:D77) -> 4 | I74: =COUNT(D75:D77)*2 -> 4
A75: ME A3.1 | B75: The Facility provides Radiology Services | C75: Availability for USG and portable X ray services | D75: 2 | E75: SI/OB | F75: In house, Parent hospital and Outsourced
A76: ME A3.2 | B76: The Facility Provides Laboratory Services | C76: SNCU has facility /Linkage for laboratory investigation. | D76: 2 | E76: SI/OB | F76: Availability of side laboratory: Serum billirubin, Plasma glucose, Serum creatnine, Blood count, Platelet, C reactive protein, Prothrobin time, Blood gas analysis with PH measurement analysis. If linkage with outside lab than give partial compliance
A77: ME A3.3 | B77: Facility provides other diagnostic services, as mandated
A78: Standard A4 | B78: Facility provides services as mandated in national Health Programs/ state scheme | H78: =SUM(D79:D90) -> 2 | I78: =COUNT(D79:D90)*2 -> 2
A79: ME A4.1 | B79: The facility provides services under National Vector Borne Disease Control Programme as per guidelines
A80: ME A4.2 | B80: The facility provides services under Revised National TB Control Programme as per guidelines
A81: ME A4.3 | B81: The facility provides services under National Leprosy Eradication Programme as per guidelines
A82: ME A4.4 | B82: The facility provides services under National AIDS Control Programme as per guidelines
A83: ME A4.5 | B83: The facility provides services under National Programme for prevention and control of Blindness as per guidelines
A84: ME A4.6 | B84: The facility provides services under Mental Health Programme as per guidelines
A85: ME A4.7 | B85: The facility provides services under National Programme for the health care of the elderly as per guidelines
A86: ME A4.8 | B86: The facility provides services under National Programme for Prevention and control of Cancer, Diabetes, Cardiovascular diseases & Stroke (NPCDCS) as per guidelines
A87: ME A4.9 | B87: The facility Provides services under Integrated Disease Surveillance Programme as per Guidelines
A88: ME A4.10 | B88: The facility provide services under National health Programme for deafness
A89: ME A4.11 | B89: The facility provides services as per State specific health programmes
A90: ME A 4.12 | B90: The facility provided services as per Rashtriya bal swasthya Karykram | C90: Availability of services under RBSK | D90: 2 | E90: SI/RR
A91: Standard A5 | B91: Facility provides support services | H91: =SUM(D92:D99) -> 0 | I91: =COUNT(D92:D99)*2 -> 0
A92: ME A5.1 | B92: The facility provides dietary services
A93: ME A5.2 | B93: The facility provides laundry services
A94: ME A5.3 | B94: The facility provides security services
A95: ME A5.4 | B95: The facility provides housekeeping services
A96: ME A5.5 | B96: The facility ensures maintenance services
A97: ME A5.6 | B97: The facility provides pharmacy services
A98: ME A5.7 | B98: The facility has services of medical record department
A99: ME A5.8 | B99: The facility provides mortuary services
A100: Standard A6 | B100: Health services provided at the facility are appropriate to community needs. | H100: =SUM(D101:D102) -> 0 | I100: =COUNT(D101:D102)*2 -> 0
A101: ME A6.1 | B101: The facility provides curatives & preventive services for the health problems and diseases, prevalent locally.
A102: ME A6.2 | B102: There is process for consulting community/ or their representatives when planning or revising scope of services of the facility
B103: Area of Concern - B Patient Rights | H103: =H104+H125+H130+H137+H119+H151 -> 64 | I103: =I104+I125+I130+I137+I119+I151 -> 64
A104: Standard B1 | B104: Facility provides the information to care seekers, attendants & community about the available services and their modalities | H104: =SUM(D105:D118) -> 22 | I104: =COUNT(D105:D118)*2 -> 22
...

Sheet NRC 
A1: National Quality Assurance Standards for District Hospitals | G1: Version: DH/02/19
A2: Checklist for Nutrition Rehabilitation Center (NRC) | H2: 7
A3: Assessment Summary
A4: Name of the Hospital | F4: Date of Assessment
A5: Names of Assessors | F5: Names of Assessees
A6: Type of Assessment (Internal/External) | F6: Action plan Submission Date
A7: NRC Score Card
A8: Area of Concern wise Score | D8: NRC Score
A9: A | B9: Service Provision | C9: ='NRC '!D704 -> 1 | D9: =D712 -> 1
A10: B | B10: Patient Rights | C10: ='NRC '!D705 -> 1
A11: C | B11: Inputs | C11: ='NRC '!D706 -> 1
A12: D | B12: Support Services | C12: ='NRC '!D707 -> 1
A13: E | B13: Clinical Services | C13: ='NRC '!D708 -> 1
A14: F | B14: Infection Control | C14: ='NRC '!D709 -> 1
A15: G | B15: Quality Management | C15: ='NRC '!D710 -> 1
A16: H | B16: Outcome | C16: ='NRC '!D711 -> 1
B18: Major Gaps Observed
A19: 1
A20: 2
A21: 3
A22: 4
A23: 5
B24: Strengths / Good Practices
A25: 1
A26: 2
A27: 3
A28: 4
A29: 5
B30: Recommendations/ Opportunites for Improvement
A31: 1
A32: 2
A33: 3
A34: 4
A35: 5
B36: Signature of Assessors
B37: Date
A41: Checklist for NRC
A42: Reference no. | B42: Measurable Elements | C42: Checkpoint | D42: Compliance/Full/ Partial/No | E42: Assessment Method | F42: Means of verification | G42: Remarks
B43: Area of Concern - A Service Provision | H43: =H44+H63+H78+H95+H82+H104 -> 28 | I43: =I44+I63+I78+I95+I82+I104 -> 28
A44: Standard A1 | B44: Facility Provides Curative Services | H44: =SUM(D45:D62) -> 4 | I44: =COUNT(D45:D62)*2 -> 4
A45: ME A1.1 | B45: The Facility Provides of General Medicine Services
A46: ME A1.2 | B46: The Facility Provides General Surgeries Services
A47: ME A1.3 | B47: The Facility Provides Obstetrics & Gynaecology Services
A48: ME A1.4 | B48: The Facility Provides Paediatric Services | C48: Availability of functional NRC | D48: 2 | E48: SI/OB | F48: For detail service provision kindly refer A2.4
A49: ME A1.5 | B49: The Facility provides Ophthalmology Services
A50: ME A1.6 | B50: The Facility provides ENT Services
A51: ME A1.7 | B51: The Facility provides Orthopaedics Services
A52: ME A1.8 | B52: The Facility provides Skin & VD Services
A53: ME A1.9 | B53: The Facility Provides Psychiatry Services
A54: ME A1.10 | B54: The Facility Provides Dental Treatment Services
A55: ME A1.11 | B55: The Facility Provides AYUSH Services
A56: ME A1.12 | B56: The Facility provides Physiotherapy Services
A57: ME A1.13 | B57: The Facility provides services for OPD procedures
A58: ME A1.14 | B58: Services are available for the time period as mandated | C58: Availability of nursing care services 24X7 | D58: 2 | E58: SI/RR
A59: ME A1.15 | B59: The Facility provides services for Super specialties, as mandated
A60: ME A1.16 | B60: The Facility Provides Accident & Emergency Services
A61: ME A1.17 | B61: The Facility Provides Intensive care Services
A62: ME A1.18 | B62: The Facility provides blood bank and transfusion services
A63: Standard A2 | B63: Facility provides RMNCHA Services | H63: =SUM(D64:D77) -> 20 | I63: =COUNT(D64:D77)*2 -> 20
A64: ME A2.1 | B64: The Facility provides Reproductive health Services
A65: ME A2.2 | B65: The Facility provides maternal health Services
A66: ME A2.3 | B66: The Facility provides Newborn health Services
A67: ME A2.4 | B67: The Facility provides child health Services | C67: Management of hypoglycaemia as per the guideline | D67: 2 | E67: SI/RR
C68: Management of hypothermia as per the guideline | D68: 2 | E68: SI/RR
C69: Management of dehydration in the children with SAM, without shock as per the guideline | D69: 2 | E69: SI/RR
C70: Management of SAM child with shock as per the guideline | D70: 2 | E70: SI/RR
C71: Management of infection is done as per the guideline. | D71: 2 | E71: SI/RR
C72: Management of SAM children less than 6 month | D72: 2 | E72: SI/RR
C73: Management of SAM in HIV exposed/HIV infected and TB infected children as per the guideline | D73: 2 | E73: SI/RR
C74: Provision of Therapeutic feeding as per guideline | D74: 2 | E74: SI/RR/OB
C75: Counselling on appropriate feeding, care and hygiene as per guideline | D75: 2 | E75: SI/RR/OB
C76: Demonstration and practice- by -doing on preparation of energy dense child food using locally available item | D76: 2 | E76: SI/RR/OB
A77: ME A2.5 | B77: The Facility provides adolescent health Services
A78: Standard A3 | B78: Facility Provides diagnostic Services | H78: =SUM(D79:D81) -> 2 | I78: =COUNT(D79:D81)*2 -> 2
A79: ME A3.1 | B79: The Facility provides Radiology Services
A80: ME A3.2 | B80: The Facility Provides Laboratory Services | C80: NRC has facility /Linkage for laboratory investigation | D80: 2 | E80: SI/OB | F80: Availability of Side lab. Blood glucose, Haemoglobin, Serum electrolyte, TLC, DLC, urine routine, urine culture,Mantoux test, HIV (after counselling) and any specific test based on local and geographic needs like coeliac disease and malaria. If linkage to outside lab than give partial compliance
A81: ME A3.3 | B81: Facility provides other diagnostic services, as mandated
A82: Standard A4 | B82: Facility provides services as mandated in national Health Programs/ state scheme | H82: =SUM(D83:D94) -> 0 | I82: =COUNT(D83:D94)*2 -> 0
A83: ME A4.1 | B83: The facility provides services under National Vector Borne Disease Control Programme as per guidelines
A84: ME A4.2 | B84: The facility provides services under Revised National TB Control Programme as per guidelines
A85: ME A4.3 | B85: The facility provides services under National Leprosy Eradication Programme as per guidelines
A86: ME A4.4 | B86: The facility provides services under National AIDS Control Programme as per guidelines
A87: ME A4.5 | B87: The facility provides services under National Programme for control of Blindness as per guidelines
A88: ME A4.6 | B88: The facility provides services under Mental Health Programme as per guidelines
A89: ME A4.7 | B89: The facility provides services under National Programme for the health care of the elderly as per guidelines
A90: ME A4.8 | B90: The facility provides services under National Programme for Prevention and control of Cancer, Diabetes, Cardiovascular diseases & Stroke (NPCDCS) as per guidelines
A91: ME A4.9 | B91: The facility Provides services under Integrated Disease Surveillance Programme as per Guidelines
A92: ME A4.10 | B92: The facility provide services under National health Programme for deafness
A93: ME A4.11 | B93: The facility provides services as per State specific health programmes
A94: ME A 4.12 | B94: The facility provided services as per Rashtriya bal swasthya Karykram
A95: Standard A5 | B95: Facility provides support services | H95: =SUM(D96:D103) -> 2 | I95: =COUNT(D96:D103)*2 -> 2
A96: ME A5.1 | B96: The facility provides dietary services | C96: Availability of functional nutritional services | D96: 2 | E96: SI/OB
A97: ME A5.2 | B97: The facility provides laundry services
A98: ME A5.3 | B98: The facility provides security services
A99: ME A5.4 | B99: The facility provides housekeeping services
A100: ME A5.5 | B100: The facility ensures maintenance services
A101: ME A5.6 | B101: The facility provides pharmacy services
A102: ME A5.7 | B102: The facility has services of medical record department
A103: ME A5.8 | B103: The facility provides mortuary services
A104: Standard A6 | B104: Health services provided at the facility are appropriate to community needs. | H104: =SUM(D105:D106) -> 0 | I104: =COUNT(D105:D106)*2 -> 0
...

Sheet OT
A1: National Quality Assurance Standards for District Hospitals | G1: Version: DH/02/19
A2: Checklist for Operation Theatre | H2: 8
A3: Assessment Summary
A4: Name of the Hospital | F4: Date of Assessment
A5: Names of Assessors | F5: Names of Assessees
A6: Type of Assessment (Internal/External) | F6: Action plan Submission Date
A7: Operation Theatre Score Card
A8: Area of Concern wise Score | D8: Operation Theatre Score
A9: A | B9: Service Provision | C9: =OT!D712 -> 1 | D9: =D720 -> 1
A10: B | B10: Patient Rights | C10: =OT!D713 -> 1
A11: C | B11: Inputs | C11: =OT!D714 -> 1
A12: D | B12: Support Services | C12: =OT!D715 -> 1
A13: E | B13: Clinical Services | C13: =OT!D716 -> 1
A14: F | B14: Infection Control | C14: =OT!D717 -> 1
A15: G | B15: Quality Management | C15: =OT!D718 -> 1
A16: H | B16: Outcome | C16: =OT!D719 -> 1
B18: Major Gaps Observed
A19: 1
A20: 2
A21: 3
A22: 4
A23: 5
B24: Strengths / Good Practices
A25: 1
A26: 2
A27: 3
A28: 4
A29: 5
B30: Recommendations/ Opportunites for Improvement
A31: 1
A32: 2
A33: 3
A34: 4
A35: 5
B36: Signature of Assessors
B37: Date
A41: Checklist for Operation Theatre
A42: Reference No. | B42: ME Statement | C42: Checkpoint | D42: Compliance | E42: Assessment Method | F42: Means of Verification | G42: Remarks
B43: Area of Concern - A Service Provision | H43: =H44+H63+H71+H75+H89+H98 -> 38 | I43: =I44+I63+I71+I75+I89+I98 -> 38
A44: Standard A1 | B44: Facility Provides Curative Services | H44: =SUM(D45:D62) -> 18 | I44: =COUNT(D45:D62)*2 -> 18
A45: ME A1.1 | B45: The facility provides General Medicine services
A46: ME A1.2 | B46: The facility provides General Surgery services | C46: Availability of General Surgery procedures | D46: 2 | E46: SI/OB | F46: Appendectomy, Intestinal Obstruction, Perforation, Tongue Tie, Inguinal Hernia
A47: ME A1.3 | B47: The facility provides Obstetrics & Gynaecology Services | C47: Availability of Gynaecology procedures | D47: 2 | E47: SI/OB | F47: D & E, Hysterectomy . For Obstetric procedure kindly see A2.2
A48: ME A1.4 | B48: The facility provides Paediatric Services | C48: Availability of Paediatric Surgery procedure | D48: 2 | E48: SI/OB | F48: I&D, Pepuceal Dilation, Meatomy, Gland Biopsy, Reduction Paraphimosis, Brachial/Thyoglossal Cyst and Fistula, Inguinal Herniotomy, Neonatal Intestinal Obstruction
A49: ME A1.5 | B49: The facility provides Ophthalmology Services | C49: Availability of Ophthalmic Surgery procedures | D49: 2 | E49: SI/OB | F49: Cataract Extraction with IOL, Canthotomy, Paracentesis, Enucleation, Glaucoma, Cunjuctival Cyst,
A50: ME A1.6 | B50: The facility provides ENT Services | C50: Availability of ENT surgical procedure | D50: 2 | E50: SI/OB | F50: Nose, Ear and Throat surgical procedures ﻿Packing , Antral Puncture , Fracture Reduction, Mastoid Abscess I & D, ﻿Mastoidectomy Stapedotomy, Adenoidectomy, Tonsillectomy
A51: ME A1.7 | B51: The facility provides Orthopaedics Services | C51: Availability of Orthopaedic surgical procedures | D51: 2 | E51: SI/OB | F51: Open and Closed Reduction, Nailing and Plating, Amputation, Disarticulation of Hip and Shoulder
A52: ME A1.8 | B52: The facility provides Skin & VD Services
A53: ME A1.9 | B53: The facility provides Psychiatry Services
A54: ME A1.10 | B54: The facility provides Dental Treatment Services | C54: Availability of Oral surgery procedures | D54: 2 | E54: SI/OB | F54: Trauma Including Vehicular Accidents , Fracture Wiring
A55: ME A1.11 | B55: The facility provides AYUSH Services
A56: ME A1.12 | B56: The facility provides Physiotherapy Services
A57: ME A1.13 | B57: The facility provides services for OPD procedures
A58: ME A1.14 | B58: Services are available for the time period as mandated | C58: OT Services are available 24X7 | D58: 2 | E58: SI/RR
A59: ME A1.15 | B59: The facility provides services for Super specialties, as mandated
A60: ME A1.16 | B60: The facility provides Accident & Emergency Services | C60: Availability of Emergency OT services as and even when required | D60: 2 | E60: SI/OB
A61: ME A1.17 | B61: The facility provides Intensive care Services
A62: ME A1.18 | B62: The facility provides Blood bank & transfusion services
A63: Standard A2 | B63: Facility provides RMNCHA Services | H63: =SUM(D64:D70) -> 12 | I63: =COUNT(D64:D70)*2 -> 12
A64: ME A2.1 | B64: The facility provides Reproductive health Services | C64: Availability of Post partum sterilization services | D64: 2 | E64: SI/OB | F64: tubal ligation
A65: ME A2.2 | B65: The facility provides Maternal health Services | C65: Availability of C-section services | D65: 2 | E65: SI/OB
C66: Availability of OT for Management of complications | D66: 2 | E66: SI/OB
A67: ME A2.3 | B67: The facility provides Newborn health Services | C67: Availability of New born resuscitation | D67: 2 | E67: SI/OB
C68: Availability of essential new born care | D68: 2 | E68: SI/OB
A69: ME A2.4 | B69: The facility provides Child health Services | C69: Availability of Paediatric surgical Procedure under RBSY | D69: 2 | E69: SI/OB | F69: Developmental Dysplasia of the Hip,Congenital Cataract, cleft lip and palate
A70: ME A2.5 | B70: The facility provides Adolescent health Services
A71: Standard A3 | B71: Facility Provides diagnostic Services | H71: =SUM(D72:D74) -> 4 | I71: =COUNT(D72:D74)*2 -> 4
A72: ME A3.1 | B72: The facility provides Radiology Services | C72: Availability of C arm services | D72: 2 | E72: SI/OB
A73: ME A3.2 | B73: The facility Provides Laboratory Services | C73: Availability of point of care diagnostic test | D73: 2 | E73: SI/OB | F73: Blood gas analyser& USG
A74: ME A3.3 | B74: The facility provides other diagnostic services, as mandated
A75: Standard A4 | B75: Facility provides services as mandated in national Health Programs/ state scheme | H75: =SUM(D76:D88) -> 4 | I75: =COUNT(D76:D88)*2 -> 4
A76: ME A4.1 | B76: The facility provides services under National Vector Borne Disease Control Programme as per guidelines
A77: ME A4.2 | B77: The facility provides services under Revised National TB Control Programme as per guidelines
A78: ME A4.3 | B78: The facility provides services under National Leprosy Eradication Programme as per guidelines | C78: Availability of Reconstructive Surgery | D78: 2 | E78: SI/OB
C79: Availability of Amputation Surgery | D79: 2 | E79: SI/OB
A80: ME A4.4 | B80: The facility provides services under National AIDS Control Programme as per guidelines
A81: ME A4.5 | B81: The facility provides services under National Programme for prevention and control of Blindness as per guidelines
A82: ME A4.6 | B82: The facility provides services under Mental Health Programme as per guidelines
A83: ME A4.7 | B83: The facility provides services under National Programme for the health care of the elderly as per guidelines
A84: ME A4.8 | B84: The facility provides services under National Programme for Prevention and control of Cancer, Diabetes, Cardiovascular diseases & Stroke (NPCDCS) as per guidelines
A85: ME A4.9 | B85: The facility Provides services under Integrated Disease Surveillance Programme as per Guidelines
A86: ME A4.10 | B86: The facility provide services under National health Programme for deafness
A87: ME A4.11 | B87: The facility provides services as per State specific health programmes
A88: ME A4.12 | B88: The facility provides services under RBSK as per guidelines.
A89: Standard A5 | B89: Facility provides support services | H89: =SUM(D90:D97) -> 0 | I89: =COUNT(D90:D97)*2 -> 0
A90: ME A5.1 | B90: The facility provides dietary services
A91: ME A5.2 | B91: The facility provides laundry services
A92: ME A5.3 | B92: The facility provides security services
A93: ME A5.4 | B93: The facility provides housekeeping services
A94: ME A5.5 | B94: The facility ensures maintenance services
A95: ME A5.6 | B95: The facility provides pharmacy services
A96: ME A5.7 | B96: The facility has services of medical record department
A97: ME A5.8 | B97: The facility provides mortuary services
A98: Standard A6 | B98: Health services provided at the facility are appropriate to community needs. | H98: =SUM(D99:D100) -> 0 | I98: =COUNT(D99:D100)*2 -> 0
A99: ME A6.1 | B99: The facility provides curatives & preventive services for the health problems and diseases, prevalent locally.
A100: ME A6.2 | B100: There is process for consulting community/ or their representatives when planning or revising scope of services of the facility
B101: Area of Concern - B Patient Rights | H101: =H102+H114+H121+H128+H135+H143 -> 48 | I101: =I102+I114+I121+I128+I135+I143 -> 48
A102: Standard B1 | B102: Facility provides the information to care seekers, attendants & community about the available services and their modalities | H102: =SUM(D103:D113) -> 12 | I102: =COUNT(D103:D113)*2 -> 12
A103: ME B1.1 | B103: The facility has uniform and user-friendly signage system | C103: Availability of departmental signage's | D103: 2 | E103: OB | F103: (Numbering, main department and internal sectional signage
C104: Signage for restricted area are displayed | D104: 2 | E104: OB
...

Sheet M-OT (LaQshya)
A1: National Quality Assurance Standards | G1: Version: DH/02/19
A2: Checklist for Maternity Operation Theatre | H2: 9
A3: Assessment Summary
A4: Name of the Hospital | F4: Date of Assessment
A5: Names of Assessors | F5: Names of Assesses
A6: Type of Assessment (Internal/External) | F6: Action plan Submission Date
A7: Operation Theatre Score Card
A8: Area of Concern wise Score | D8: Operation Theatre Score
A9: A | B9: Service Provision | C9: ='M-OT (LaQshya)'!D638 -> 1 | D9: =D646 -> 1
A10: B | B10: Patient Rights | C10: ='M-OT (LaQshya)'!D639 -> 1
A11: C | B11: Inputs | C11: ='M-OT (LaQshya)'!D640 -> 1
A12: D | B12: Support Services | C12: ='M-OT (LaQshya)'!D641 -> 1
A13: E | B13: Clinical Services | C13: ='M-OT (LaQshya)'!D642 -> 1
A14: F | B14: Infection Control | C14: ='M-OT (LaQshya)'!D643 -> 1
A15: G | B15: Quality Management | C15: ='M-OT (LaQshya)'!D644 -> 1
A16: H | B16: Outcome | C16: ='M-OT (LaQshya)'!D645 -> 1
B18: Major Gaps Observed
A19: 1
A20: 2
A21: 3
A22: 4
A23: 5
B24: Strengths / Good Practices
A25: 1
A26: 2
A27: 3
A28: 4
A29: 5
B30: Recommendations/ Opportunities for Improvement
A31: 1
A32: 2
A33: 3
A34: 4
A35: 5
B36: Signature of Assessors
B37: Date
A41: Checklist for Operation Theatre
A42: Reference No. | B42: ME Statement | C42: Checkpoint | D42: Compliance | E42: Assessment Method | F42: Means of Verification | G42: Remarks | J42: %
B43: Area of Concern - A Service Provision | H43: =H44+H63+H70+H74+H87+H96 -> 18 | I43: =I44+I63+I70+I74+I87+I96 -> 18 | J43: =H43*100/I43 -> 100
A44: Standard A1 | B44: Facility Provides Curative Services | H44: =SUM(D45:D62) -> 6 | I44: =COUNT(D45:D62)*2 -> 6 | J44: =H44*100/I44 -> 100
A45: ME A1.1 | B45: The facility provides General Medicine services
A46: ME A1.2 | B46: The facility provides General Surgery services
A47: ME A1.3 | B47: The facility provides Obstetrics & Gynaecology Services
A48: ME A1.4 | B48: The facility provides Paediatric Services
A49: ME A1.5 | B49: The facility provides Ophthalmology Services
A50: ME A1.6 | B50: The facility provides ENT Services
A51: ME A1.7 | B51: The facility provides Orthopaedics Services
A52: ME A1.8 | B52: The facility provides Skin & VD Services
A53: ME A1.9 | B53: The facility provides Psychiatry Services
A54: ME A1.10 | B54: The facility provides Dental Treatment Services
A55: ME A1.11 | B55: The facility provides AYUSH Services
A56: ME A1.12 | B56: The facility provides Physiotherapy Services
A57: ME A1.13 | B57: The facility provides services for OPD procedures
A58: ME A1.14 | B58: Services are available for the time period as mandated | C58: OT Services are available 24X7 | D58: 2 | E58: SI/RR | F58: Check with OT records that OT services were functional in 24X7 and surgeries are being conducted in night hours
A59: ME A1.15 | B59: The facility provides services for Super specialties, as mandated
A60: ME A1.16 | B60: The facility provides Accident & Emergency Services | C60: Availability of Emergency OT services as and when required | D60: 2 | E60: SI/OB
A61: ME A1.17 | B61: The facility provides Intensive care Services | C61: Availability of Maternity HDU/ICU services in the facility | D61: 2 | E61: SI/OB
A62: ME A1.18 | B62: The facility provides Blood bank & transfusion services
A63: Standard A2 | B63: Facility provides RMNCHA Services | H63: =SUM(D64:D69) -> 10 | I63: =COUNT(D64:D69)*2 -> 10 | J63: =H63*100/I63 -> 100
A64: ME A2.1 | B64: The facility provides Reproductive health Services | C64: Availability of Post partum sterilization services | D64: 2 | E64: SI/OB | F64: tubal ligation
A65: ME A2.2 | B65: The facility provides Maternal health Services | C65: Availability of Elective C-section services | D65: 2 | E65: SI/RR | F65: Check services are available and are being utilized
C66: Availability of Emergency C-section services | D66: 2 | E66: SI/RR | F66: Check services are available and are being utilized
C67: Management of MTP | D67: 2 | E67: SI/OB | F67: Surgical management
A68: ME A2.3 | B68: The facility provides New-born health Services | C68: Availability of New born resuscitation& essential new born care | D68: 2 | E68: SI/OB | F68: Dedicated Functional New born Care services in Operation theatre
A69: ME A2.5 | B69: The facility provides Adolescent health Services
A70: Standard A3 | B70: Facility Provides diagnostic Services | H70: =SUM(D71:D73) -> 2 | I70: =COUNT(D71:D73)*2 -> 2 | J70: =H70*100/I70 -> 100
A71: ME A3.1 | B71: The facility provides Radiology Services
A72: ME A3.2 | B72: The facility Provides Laboratory Services | C72: Availability of point of care diagnostic test | D72: 2 | E72: SI/OB | F72: Glucometer, RDK , Blood grouping
A73: ME A3.3 | B73: The facility provides other diagnostic services, as mandated
A74: Standard A4 | B74: Facility provides services as mandated in national Health Programs/ state scheme | H74: =SUM(D75:D86) -> 0 | I74: =COUNT(D75:D86)*2 -> 0
A75: ME A4.1 | B75: The facility provides services under National Vector Borne Disease Control Programme as per guidelines
A76: ME A4.2 | B76: The facility provides services under Revised National TB Control Programme as per guidelines
A77: ME A4.3 | B77: The facility provides services under National Leprosy Eradication Programme as per guidelines
A78: ME A4.4 | B78: The facility provides services under National AIDS Control Programme as per guidelines
A79: ME A4.5 | B79: The facility provides services under National Programme for prevention and control of Blindness as per guidelines
A80: ME A4.6 | B80: The facility provides services under Mental Health Programme as per guidelines
A81: ME A4.7 | B81: The facility provides services under National Programme for the health care of the elderly as per guidelines
A82: ME A4.8 | B82: The facility provides services under National Programme for Prevention and control of Cancer, Diabetes, Cardiovascular diseases & Stroke (NPCDCS) as per guidelines
A83: ME A4.9 | B83: The facility Provides services under Integrated Disease Surveillance Programme as per Guidelines
A84: ME A4.10 | B84: The facility provide services under National health Programme for deafness
A85: ME A4.11 | B85: The facility provides services as per State specific health programmes
A86: ME A4.12 | B86: The facility provides services under RBSK as per guidelines.
A87: Standard A5 | B87: Facility provides support services | H87: =SUM(D88:D95) -> 0 | I87: =COUNT(D88:D95)*2 -> 0
A88: ME A5.1 | B88: The facility provides dietary services
A89: ME A5.2 | B89: The facility provides laundry services
A90: ME A5.3 | B90: The facility provides security services
A91: ME A5.4 | B91: The facility provides housekeeping services
A92: ME A5.5 | B92: The facility ensures maintenance services
A93: ME A5.6 | B93: The facility provides pharmacy services
A94: ME A5.7 | B94: The facility has services of medical record department
A95: ME A5.8 | B95: The facility provides mortuary services
A96: Standard A6 | B96: Health services provided at the facility are appropriate to community needs. | H96: =SUM(D97:D98) -> 0 | I96: =COUNT(D97:D98)*2 -> 0
A97: ME A6.1 | B97: The facility provides curatives & preventive services for the health problems and diseases, prevalent locally.
A98: ME A6.2 | B98: There is process for consulting community/ or their representatives when planning or revising scope of services of the facility
B99: Area of Concern - B Patient Rights | H99: =H100+H108+H114+H120+H127+H134 -> 22 | I99: =I100+I108+I114+I120+I127+I134 -> 22 | J99: =H99*100/I99 -> 100
A100: Standard B1 | B100: Facility provides the information to care seekers, attendants & community about the available services and their modalities | H100: =SUM(D101:D107) -> 4 | I100: =COUNT(D101:D107)*2 -> 4 | J100: =H100*100/I100 -> 100
A101: ME B1.1 | B101: The facility has uniform and user-friendly signage system | C101: Availability of departmental signage's | D101: 2 | E101: OB | F101: Numbering, main department and internal sectional signage, Restricted area signage displayed. Directional signages are given from the entry of the facility
A102: ME B1.2 | B102: The facility displays the services and entitlements available in its departments | C102: Information regarding services are displayed | D102: 2 | E102: OB | F102: Display doctor/ Nurse on duty and updated OT schedule displayed
A103: ME B1.3 | B103: The facility has established citizen charter, which is followed at all levels
A104: ME B1.4 | B104: User charges are displayed and communicated to patients effectively
...

Sheet PP Unit
A1: National Quality Assurance Standards for District Hospitals | G1: Version: DH/02/19
A2: Checklist for Post Partum Unit | H2: 10
A3: Assessment Summary
A4: Name of the Hospital | F4: Date of Assessment
A5: Names of Assessors | F5: Names of Assessees
A6: Type of Assessment (Internal/External) | F6: Action plan Submission Date
A7: Post Partum Unit Score Card
A8: Area of Concern wise Score | D8: Post Partum Unit Score
A9: A | B9: Service Provision | C9: ='PP Unit'!D749 -> 1 | D9: =D757 -> 1
A10: B | B10: Patient Rights | C10: ='PP Unit'!D750 -> 1
A11: C | B11: Inputs | C11: ='PP Unit'!D751 -> 1
A12: D | B12: Support Services | C12: ='PP Unit'!D752 -> 1
A13: E | B13: Clinical Services | C13: ='PP Unit'!D753 -> 1
A14: F | B14: Infection Control | C14: ='PP Unit'!D754 -> 1
A15: G | B15: Quality Management | C15: ='PP Unit'!D755 -> 1
A16: H | B16: Outcome | C16: ='PP Unit'!D756 -> 1
B18: Major Gaps Observed
A19: 1
A20: 2
A21: 3
A22: 4
A23: 5
B24: Strengths / Good Practices
A25: 1
A26: 2
A27: 3
A28: 4
A29: 5
B30: Recommendations/ Opportunites for Improvement
A31: 1
A32: 2
A33: 3
A34: 4
A35: 5
B36: Signature of Assessors
B37: Date
A41: Checklist for Post Partum Unit
A42: Reference No | B42: ME Statement | C42: Checkpoint | D42: Compliance | E42: Assessment Method | F42: Means of Verification | G42: Remarks
B43: Area of Concern - A Service Provision | H43: =H44+H64+H77+H81+H94+H103 -> 28 | I43: =I44+I64+I77+I81+I94+I103 -> 28
A44: Standard A1 | B44: Facility Provides Curative Services | H44: =SUM(D45:D63) -> 4 | I44: =COUNT(D45:D63)*2 -> 4
A45: ME A1.1 | B45: The facility provides General Medicine services
A46: ME A1.2 | B46: The facility provides General Surgery services
A47: ME A1.3 | B47: The facility provides Obstetrics & Gynaecology Services
A48: ME A1.4 | B48: The facility provides Paediatric Services
A49: ME A1.5 | B49: The facility provides Ophthalmology Services
A50: ME A1.6 | B50: The facility provides ENT Services
A51: ME A1.7 | B51: The facility provides Orthopaedics Services
A52: ME A1.8 | B52: The facility provides Skin & VD Services
A53: ME A1.9 | B53: The facility provides Psychiatry Services
A54: ME A1.10 | B54: The facility provides Dental Treatment Services
A55: ME A1.11 | B55: The facility provides AYUSH Services
A56: ME A1.12 | B56: The facility provides Physiotherapy Services
A57: ME A1.13 | B57: The facility provides services for OPD procedures
A58: ME A1.14 | B58: Services are available for the time period as mandated | C58: OPD services are available for family planning | D58: 2 | E58: SI/RR | F58: At least 6 hours
C59: Days for FP Surgeries are fixed | D59: 2 | E59: SI/RR | F59: As per Operational Guidelines for Fixed Day Surgery ( At least one day per week)
A60: ME A1.15 | B60: The facility provides services for Super specialties, as mandated
A61: ME A1.16 | B61: The facility provides Accident & Emergency Services
A62: ME A1.17 | B62: The facility provides Intensive care Services
A63: ME A1.18 | B63: The facility provides Blood bank & transfusion services
A64: Standard A2 | B64: Facility provides RMNCHA Services | H64: =SUM(D65:D76) -> 22 | I64: =COUNT(D65:D76)*2 -> 22
A65: ME A2.1 | B65: The facility provides Reproductive health Services | C65: Availability of Spacing methods of family planning | D65: 2 | E65: SI/OB | F65: IUCD, OCP, ECP & Condoms, Antra (injectables) & Chhaya (weekly OCP)
C66: Availability of Female Limiting Methods of family Planning | D66: 2 | E66: SI/OB | F66: Tubectomy (Minilap and Laparoscopic)
C67: Availability of Male Limiting Method for Family Planning | D67: 2 | E67: SI/OB | F67: NSV/Conventional
C68: Availability of Post partum FP services | D68: 2 | E68: SI/OB | F68: Tubal Ligation and PPIUD
C69: Availability of Family Planning Counselling and Promotive services | D69: 2 | E69: SI/OB | F69: Counselling and IEC
C70: Abortion and Contraception services for Ist and 2nd trimester | D70: 2 | E70: SI/OB
C71: Postpartum ward | D71: 2 | E71: SI/OB | F71: Dedicated postpartum ward for FP surgeries and abortion clients
A72: ME A2.2 | B72: The facility provides Maternal health Services | C72: Availability of post natal counselling and follow up services | D72: 2 | E72: SI/OB
A73: ME A2.3 | B73: The facility provides Newborn health Services | C73: Availability/Linkage to immunization services | D73: 2 | E73: SI/OB
A74: ME A2.4 | B74: The facility provides Child health Services
A75: ME A2.5 | B75: The facility provides Adolescent health Services | C75: Availability of Abortion services for adolescent | D75: 2 | E75: SI/OB
C76: Availability of Contraception services | D76: 2 | E76: SI/OB
A77: Standard A3 | B77: Facility Provides diagnostic Services | H77: =SUM(D78:D80) -> 2 | I77: =COUNT(D78:D80)*2 -> 2
A78: ME A3.1 | B78: The facility provides Radiology Services
A79: ME A3.2 | B79: The facility Provides Laboratory Services | C79: Availability of point of care diagnostic test | D79: 2 | E79: SI/OB | F79: For sterilization surgeries, availability of haemoglobin, Urine pregnacy test, urine analysis for sugar and albumin
A80: ME A3.3 | B80: The facility provides other diagnostic services, as mandated
A81: Standard A4 | B81: Facility provides services as mandated in national Health Programs/ state scheme | H81: =SUM(D82:D93) -> 0 | I81: =COUNT(D82:D93)*2 -> 0
A82: ME A4.1 | B82: The facility provides services under National Vector Borne Disease Control Programme as per guidelines
A83: ME A4.2 | B83: The facility provides services under Revised National TB Control Programme as per guidelines
A84: ME A4.3 | B84: The facility provides services under National Leprosy Eradication Programme as per guidelines
A85: ME A4.4 | B85: The facility provides services under National AIDS Control Programme as per guidelines
A86: ME A4.5 | B86: The facility provides services under National Programme for prevention and control of Blindness as per guidelines
A87: ME A4.6 | B87: The facility provides services under Mental Health Programme as per guidelines
A88: ME A4.7 | B88: The facility provides services under National Programme for the health care of the elderly as per guidelines
A89: ME A4.8 | B89: The facility provides services under National Programme for Prevention and control of Cancer, Diabetes, Cardiovascular diseases & Stroke (NPCDCS) as per guidelines
A90: ME A4.9 | B90: The facility Provides services under Integrated Disease Surveillance Programme as per Guidelines
A91: ME A4.10 | B91: The facility provide services under National health Programme for deafness
A92: ME A4.11 | B92: The facility provides services as per State specific health programmes
A93: ME A 4.12 | B93: The facility provided services as per Rashtriya bal swasthya Karykram
A94: Standard A5 | B94: Facility provides support services | H94: =SUM(D95:D102) -> 0 | I94: =COUNT(D95:D102)*2 -> 0
A95: ME A5.1 | B95: The facility provides dietary services
A96: ME A5.2 | B96: The facility provides laundry services
A97: ME A5.3 | B97: The facility provides security services
A98: ME A5.4 | B98: The facility provides housekeeping services
A99: ME A5.5 | B99: The facility ensures maintenance services
A100: ME A5.6 | B100: The facility provides pharmacy services
A101: ME A5.7 | B101: The facility has services of medical record department
A102: ME A5.8 | B102: The facility provides mortuary services
A103: Standard A6 | B103: Health services provided at the facility are appropriate to community needs. | H103: =SUM(D104:D105) -> 0 | I103: =COUNT(D104:D105)*2 -> 0
A104: ME A6.1 | B104: The facility provides curatives & preventive services for the health problems and diseases, prevalent locally.
...

Sheet ICU
A1: National Quality Assurance Standards for District Hospitals | G1: Version: DH/02/19
A2: Checklist for Intensive Care Unit | H2: 11
A3: Assessment Summary
A4: Name of the Hospital | F4: Date of Assessment
A5: Names of Assessors | F5: Names of Assessees
A6: Type of Assessment (Internal/External) | F6: Action plan Submission Date
A7: Intensive Care Unit Score Card
A8: Area of Concern wise Score | D8: Intensive Care Unit Score
A9: A | B9: Service Provision | C9: =ICU!D713 -> 1 | D9: =D721 -> 1
A10: B | B10: Patient Rights | C10: =ICU!D714 -> 1
A11: C | B11: Inputs | C11: =ICU!D715 -> 1
A12: D | B12: Support Services | C12: =ICU!D716 -> 1
A13: E | B13: Clinical Services | C13: =ICU!D717 -> 1
A14: F | B14: Infection Control | C14: =ICU!D718 -> 1
A15: G | B15: Quality Management | C15: =ICU!D719 -> 1
A16: H | B16: Outcome | C16: =ICU!D720 -> 1
B18: Major Gaps Observed
A19: 1
A20: 2
A21: 3
A22: 4
A23: 5
B24: Strengths / Good Practices
A25: 1
A26: 2
A27: 3
A28: 4
A29: 5
B30: Recommendations/ Opportunites for Improvement
A31: 1
A32: 2
A33: 3
A34: 4
A35: 5
B36: Signature of Assessors
B37: Date
A41: Checklist for Intensive Care Unit
A42: Reference No | B42: ME Statement | C42: Checkpoint | D42: Compliance Full/Partial/No | E42: Assessment Method | F42: Means of Verification | G42: Remarks
B43: Area of Concern - A Service Provision | H43: =H44+H69+H74+H63+H87+H96 -> 20 | I43: =I44+I69+I74+I63+I96 -> 20
A44: Standard A1 | B44: Facility Provides Curative Services | H44: =SUM(D45:D62) -> 10 | I44: =COUNT(D45:D62)*2 -> 10
A45: ME A1.1 | B45: The facility provides General Medicine services | C45: Availability of Intensive care services for medical cases | D45: 2 | E45: SI/OB | F45: Major medical cases like CVA,Haematomas, CAD, Haemoptysis, Snake bite, Br. Asthma Poisoning etc
A46: ME A1.2 | B46: The facility provides General Surgery services | C46: Availability of Intensive care services for Surgical cases | D46: 2 | E46: SI/OB | F46: Major surgical cases including trauma
A47: ME A1.3 | B47: The facility provides Obstetrics & Gynaecology Services | C47: Availability of Intensive care services for Gynae and obstetrics cases | D47: 2 | E47: SI/OB | F47: If ICU services are not available then facility ensure linkages (Partial Compliance)
A48: ME A1.4 | B48: The facility provides Paediatric Services
A49: ME A1.5 | B49: The facility provides Ophthalmology Services
A50: ME A1.6 | B50: The facility provides ENT Services
A51: ME A1.7 | B51: The facility provides Orthopaedics Services
A52: ME A1.8 | B52: The facility provides Skin & VD Services
A53: ME A1.9 | B53: The facility provides Psychiatry Services
A54: ME A1.10 | B54: The facility provides Dental Treatment Services
A55: ME A1.11 | B55: The facility provides AYUSH Services
A56: ME A1.12 | B56: The facility provides Physiotherapy Services
A57: ME A1.13 | B57: The facility provides services for OPD procedures
A58: ME A1.14 | B58: Services are available for the time period as mandated | C58: Availability of ICU services 24X7 | D58: 2 | E58: SI/RR
A59: ME A1.15 | B59: The facility provides services for Super specialties, as mandated
A60: ME A1.16 | B60: The facility provides Accident & Emergency Services
A61: ME A1.17 | B61: The facility provides Intensive care Services | C61: Availability of Intensive care services. | D61: 2 | E61: SI/OB | F61: Intubation, Tracheotomy, Mechanical Ventilation, short term cardio respiratory support, Defibrillation, CPR, Mobilization, Chest Tube, ventilator
A62: ME A1.18 | B62: The facility provides Blood bank & transfusion services
A63: Standard A2 | B63: Facility provides RMNCHA Services | H63: =SUM(D64:D68) -> 0 | I63: =COUNT(D64:D68)*2 -> 0
A64: ME A2.1 | B64: The facility provides Reproductive health Services
A65: ME A2.2 | B65: The facility provides Maternal health Services
A66: ME A2.3 | B66: The facility provides Newborn health Services
A67: ME A2.4 | B67: The facility provides Child health Services
A68: ME A2.5 | B68: The facility provides Adolescent health Services
A69: Standard A3 | B69: Facility Provides diagnostic Services | H69: =SUM(D70:D73) -> 8 | I69: =COUNT(D70:D73)*2 -> 8
A70: ME A3.1 | B70: The facility provides Radiology Services | C70: Availability of Portable X ray services | D70: 2 | E70: SI/OB
C71: Availability of USG services | D71: 2 | E71: SI/OB
A72: ME A3.2 | B72: The facility Provides Laboratory Services | C72: Functional side laboratory services are available | D72: 2 | E72: SI/OB | F72: ABG & Electrolyte
A73: ME A3.3 | B73: The facility provides other diagnostic services, as mandated | C73: Functional ECG Services are available | D73: 2 | E73: SI/OB | F73: 12 lead ECG
A74: Standard A4 | B74: Facility provides services as mandated in national Health Programs/ state scheme | H74: =SUM(D75:D86) -> 2 | I74: =COUNT(D75:D86)*2 -> 2
A75: ME A4.1 | B75: The facility provides services under National Vector Borne Disease Control Programme as per guidelines
A76: ME A4.2 | B76: The facility provides services under Revised National TB Control Programme as per guidelines
A77: ME A4.3 | B77: The facility provides services under National Leprosy Eradication Programme as per guidelines
A78: ME A4.4 | B78: The facility provides services under National AIDS Control Programme as per guidelines
A79: ME A4.5 | B79: The facility provides services under National Programme for prevention and control of Blindness as per guidelines
A80: ME A4.6 | B80: The facility provides services under Mental Health Programme as per guidelines
A81: ME A4.7 | B81: The facility provides services under National Programme for the health care of the elderly as per guidelines
A82: ME A4.8 | B82: The facility provides services under National Programme for Prevention and control of Cancer, Diabetes, Cardiovascular diseases & Stroke (NPCDCS) as per guidelines | C82: Availability of cardiac care unit | D82: 2 | E82: SI/OB | F82: 5 bedded ICU
A83: ME A4.9 | B83: The facility Provides services under Integrated Disease Surveillance Programme as per Guidelines
A84: ME A4.10 | B84: The facility provide services under National health Programme for deafness
A85: ME A4.11 | B85: The facility provides services as per State specific health programmes
A86: ME A 4.12 | B86: The facility provided services as per Rashtriya bal swasthya Karykram
A87: Standard A5 | B87: Facility provides support services | H87: =SUM(D88:D95) -> 0 | I87: =COUNT(D88:D95)*2 -> 0
A88: ME A5.1 | B88: The facility provides dietary services
A89: ME A5.2 | B89: The facility provides laundry services
A90: ME A5.3 | B90: The facility provides security services
A91: ME A5.4 | B91: The facility provides housekeeping services
A92: ME A5.5 | B92: The facility ensures maintenance services
A93: ME A5.6 | B93: The facility provides pharmacy services
A94: ME A5.7 | B94: The facility has services of medical record department
A95: ME A5.8 | B95: The facility provides mortuary services
A96: Standard A6 | B96: Health services provided at the facility are appropriate to community needs. | H96: =SUM(D97:D98) -> 0 | I96: =COUNT(D97:D98)*2 -> 0
A97: ME A6.1 | B97: The facility provides curatives & preventive services for the health problems and diseases, prevalent locally.
A98: ME A6.2 | B98: There is process for consulting community/ or their representatives when planning or revising scope of services of the facility
B99: Area of Concern - B Patient Rights | H99: =H100+H114+H121+H127+H134+H141 -> 64 | I99: =I100+I114+I121+I127+I134+I141 -> 64
A100: Standard B1 | B100: Facility provides the information to care seekers, attendants & community about the available services and their modalities | H100: =SUM(D101:D113) -> 22 | I100: =COUNT(D101:D113)*2 -> 22
A101: ME B1.1 | B101: The facility has uniform and user-friendly signage system | C101: Availability departmental signage's | D101: 2 | E101: OB | F101: (Numbering, main department and internal sectional signage
C102: Availability of Directional Signage's | D102: 2 | E102: OB
C103: Signage for restricted area | D103: 2 | E103: OB
A104: ME B1.2 | B104: The facility displays the services and entitlements available in its departments | C104: Services provision in ICU are displayed | D104: 2 | E104: OB
...

Sheet IPD
A1: National Quality Assurance Standards for District Hospitals | G1: Version: DH/02/19
A2: Checklist for Indoor Patient Department | H2: 12
A3: Assessment Summary
A4: Name of the Hospital | F4: Date of Assessment
A5: Names of Assessors | F5: Names of Assessees
A6: Type of Assessment (Internal/External) | F6: Action plan Submission Date
A7: Indoor Patient Department Score Card
A8: Area of Concern wise Score | D8: IPD Score
A9: A | B9: Service Provision | C9: =IPD!D661 -> 1 | D9: =D669 -> 1
A10: B | B10: Patient Rights | C10: =IPD!D662 -> 1
A11: C | B11: Inputs | C11: =IPD!D663 -> 1
A12: D | B12: Support Services | C12: =IPD!D664 -> 1
A13: E | B13: Clinical Services | C13: =IPD!D665 -> 1
A14: F | B14: Infection Control | C14: =IPD!D666 -> 1
A15: G | B15: Quality Management | C15: =IPD!D667 -> 1
A16: H | B16: Outcome | C16: =IPD!D668 -> 1
B18: Major Gaps Observed
A19: 1
A20: 2
A21: 3
A22: 4
A23: 5
B24: Strengths / Good Practices
A25: 1
A26: 2
A27: 3
A28: 4
A29: 5
B30: Recommendations/ Opportunites for Improvement
A31: 1
A32: 2
A33: 3
A34: 4
A35: 5
B36: Signature of Assessors
B37: Date
A41: Checklist for IPD
A42: Reference No/ | B42: ME Statement | C42: Checkpoints | D42: Compliance | E42: Assessment Method | F42: Means of verification | G42: Remarks
B43: Area of Concern - A Service Provision | H43: =H44+H75+H97+H65+H71+H88 -> 36 | I43: =I44+I75+I97+I65+I71+I88 -> 36
A44: Standard A1 | B44: The facility provides Curative Services | H44: =SUM(D45:D64) -> 22 | I44: =COUNT(D45:D64)*2 -> 22
A45: ME A1.1 | B45: The facility provides General Medicine services | C45: Availability of general medicine indoor services | D45: 2 | E45: SI/OB
C46: Availability of isolation ward services | D46: 2 | E46: SI/OB
A47: ME A1.2 | B47: The facility provides General Surgery services | C47: Availability of general surgery indoor services | D47: 2 | E47: SI/OB
C48: Availability of burn ward indoor services | D48: 2 | E48: SI/OB
A49: ME A1.3 | B49: The facility provides Obstetrics & Gynaecology Services
A50: ME A1.4 | B50: The facility provides Paediatric Services
A51: ME A1.5 | B51: The facility provides Ophthalmology Services | C51: Availability of ophthalmology indoor services | D51: 2 | E51: SI/OB
A52: ME A1.6 | B52: The facility provides ENT Services
A53: ME A1.7 | B53: The facility provides Orthopaedics Services | C53: Availability of Orthopaedics indoor services | D53: 2 | E53: SI/OB
A54: ME A1.8 | B54: The facility provides Skin & VD Services
A55: ME A1.9 | B55: The facility provides Psychiatry Services | C55: Availability of Psychiatry Indoor services | D55: 2 | E55: SI/OB
A56: ME A1.10 | B56: The facility provides Dental Treatment Services
A57: ME A1.11 | B57: The facility provides AYUSH Services
A58: ME A1.12 | B58: The facility provides Physiotherapy Services | C58: Availability of Indoor Physiotherapy Procedures | D58: 2 | E58: SI/OB
A59: ME A1.13 | B59: The facility provides services for OPD procedures
A60: ME A1.14 | B60: Services are available for the time period as mandated | C60: Availability of nursing services 24X7 | D60: 2 | E60: SI/OB
A61: ME A1.15 | B61: The facility provides services for Super specialties, as mandated | C61: Availability of dialysis services | D61: 2 | E61: SI/OB
A62: ME A1.16 | B62: The facility provides Accident & Emergency Services | C62: Availability of accident & trauma ward | D62: 2 | E62: SI/OB
A63: ME A1.17 | B63: The facility provides Intensive care Services
A64: ME A1.18 | B64: The facility provides Blood bank & transfusion services
A65: Standard A2 | B65: The facility provides RMNCHA Services | H65: =SUM(D66:D70) -> 0 | I65: =COUNT(D66:D70)*2 -> 0
A66: ME A2.1 | B66: The facility provides Reproductive health Services
A67: ME A2.2 | B67: The facility provides Maternal health Services
A68: ME A2.3 | B68: The facility provides Newborn health Services
A69: ME A2.4 | B69: The facility provides Child health Services
A70: ME A2.5 | B70: The facility provides Adolescent health Services
A71: Standard A3 | B71: The facility Provides diagnostic Services | H71: =SUM(D72:D74) -> 0 | I71: =COUNT(D72:D74)*2 -> 0
A72: ME A3.1 | B72: The facility provides Radiology Services
A73: ME A3.2 | B73: The facility Provides Laboratory Services
A74: ME A3.3 | B74: The facility provides other diagnostic services, as mandated
A75: Standard A4 | B75: The facility provides services as mandated in national Health Programmes/ state scheme | H75: =SUM(D76:D87) -> 12 | I75: =COUNT(D76:D87)*2 -> 12
A76: ME A4.1 | B76: The facility provides services under National Vector Borne Disease Control Programme as per guidelines | C76: Availability of Indoor services for Management | D76: 2 | E76: SI/RR | F76: Maleria Kalaazar Dengue & Chikunguna AES/Japanese Encephalitis as prevelant locally
A77: ME A4.2 | B77: The facility provides services under Revised National TB Control Programme as per guidelines | C77: Indoor treatment of TB patients requires hospitalization | D77: 2 | E77: SI/RR
A78: ME A4.3 | B78: The facility provides services under National Leprosy Eradication Programme as per guidelines | C78: Inpatient Management of severly ill cases | D78: 2 | E78: SI/RR
A79: ME A4.4 | B79: The facility provides services under National AIDS Control Programme as per guidelines | C79: Inpatient care for cases require hospitilization | D79: 2 | E79: SI/RR
A80: ME A4.5 | B80: The facility provides services under National Programme for prevention and control of Blindness as per guidelines | C80: Availabily of Opthalmic ward | D80: 2 | E80: SI/OB
A81: ME A4.6 | B81: The facility provides services under Mental Health Programme as per guidelines
A82: ME A4.7 | B82: The facility provides services under National Programme for the health care of the elderly as per guidelines | C82: Availbilty of Geriatic ward | D82: 2 | E82: SI/OB
A83: ME A4.8 | B83: The facility provides services under National Programme for Prevention and control of Cancer, Diabetes, Cardiovascular diseases & Stroke (NPCDCS) as per guidelines
A84: ME A4.9 | B84: The facility Provides services under Integrated Disease Surveillance Programme as per Guidelines
A85: ME A4.10 | B85: The facility provide services under National health Programme for deafness
A86: ME A4.11 | B86: The facility provides services as per State specific health programmes
A87: ME A 4.12 | B87: The facility provided services as per Rashtriya bal swasthya Karykram
A88: Standard A5 | B88: The facility provides support services | H88: =SUM(D89:D96) -> 0 | I88: =COUNT(D89:D96)*2 -> 0
A89: ME A5.1 | B89: The facility provides dietary services
A90: ME A5.2 | B90: The facility provides laundry services
A91: ME A5.3 | B91: The facility provides security services
A92: ME A5.4 | B92: The facility provides housekeeping services
A93: ME A5.5 | B93: The facility ensures maintenance services
A94: ME A5.6 | B94: The facility provides pharmacy services
A95: ME A5.7 | B95: The facility has services of medical record department
A96: ME A5.8 | B96: The facility provides mortuary services
A97: Standard A6 | B97: Health services provided at the facility are appropriate to community needs. | H97: =SUM(D98:D99) -> 2 | I97: =COUNT(D98:D99)*2 -> 2
A98: ME A6.1 | B98: The facility provides curatives & preventive services for the health problems and diseases, prevalent locally. | C98: Availability of indoor Services as per local prevalent disease | D98: 2 | E98: SI/RR
A99: ME A6.2 | B99: There is process for consulting community/ or their representatives when planning or revising scope of services of the facility
B100: Area of Concern - B Patient Rights | H100: =H101+H115+H128+H138+H144+H152 -> 78 | I100: =I101+I115+I128+I138+I144+I152 -> 78
A101: Standard B1 | B101: The facility provides the information to care seekers, attendants & community about the available services and their modalities | H101: =SUM(D102:D114) -> 22 | I101: =COUNT(D102:D114)*2 -> 22
A102: ME B1.1 | B102: The facility has uniform and user-friendly signage system | C102: Availability departmental signage's | D102: 2 | E102: OB | F102: (Numbering, main department and internal sectional signage
C103: Display of layout/floor directory | D103: 2 | E103: OB
C104: Visiting hours and visitor policy are displayed | D104: 2 | E104: OB
...

Sheet Blood Bank
A1: National Quality Assurance Standards for District Hospitals | G1: Version: DH/02/19
A2: Checklist for Blood Bank | H2: 13
A3: Assessment Summary
A4: Name of the Hospital | F4: Date of Assessment
A5: Names of Assessors | F5: Names of Assessees
A6: Type of Assessment (Internal/External) | F6: Action plan Submission Date
A7: Blood Bank Score Card
A8: Area of Concern wise Score | D8: Blood Bank Score
A9: A | B9: Service Provision | C9: ='Blood Bank'!D650 -> 1 | D9: =D658 -> 1
A10: B | B10: Patient Rights | C10: ='Blood Bank'!D651 -> 1
A11: C | B11: Inputs | C11: ='Blood Bank'!D652 -> 1
A12: D | B12: Support Services | C12: ='Blood Bank'!D653 -> 1
A13: E | B13: Clinical Services | C13: ='Blood Bank'!D654 -> 1
A14: F | B14: Infection Control | C14: ='Blood Bank'!D655 -> 1
A15: G | B15: Quality Management | C15: ='Blood Bank'!D656 -> 1
A16: H | B16: Outcome | C16: ='Blood Bank'!D657 -> 1
B18: Major Gaps Observed
A19: 1
A20: 2
A21: 3
A22: 4
A23: 5
B24: Strengths / Good Practices
A25: 1
A26: 2
A27: 3
A28: 4
A29: 5
B30: Recommendations/ Opportunites for Improvement
A31: 1
A32: 2
A33: 3
A34: 4
A35: 5
B36: Signature of Assessors
B37: Date
A41: Checklist for Blood Bank
A42: Reference No. | B42: ME Statement | C42: Checkpoint | D42: Compliance | E42: Assessment Method | F42: Means of Verification | G42: Remarks
A43: . | B43: Area of Concern - A Service Provision | H43: =H44+H66+H72+H76+H98+H89 -> 18 | I43: =I44+I66+I72+I76+I98+I89 -> 18
A44: Standard A1. | B44: Facility Provides Curative Services | H44: =SUM(D45:D65) -> 10 | I44: =COUNT(D45:D65)*2 -> 10
A45: ME A1.1 | B45: The facility provides General Medicine services
A46: ME A1.2 | B46: The facility provides General Surgery services
A47: ME A1.3 | B47: The facility provides Obstetrics & Gynaecology Services
A48: ME A1.4 | B48: The facility provides Paediatric Services
A49: ME A1.5 | B49: The facility provides Ophthalmology Services
A50: ME A1.6 | B50: The facility provides ENT Services
A51: ME A1.7 | B51: The facility provides Orthopaedics Services
A52: ME A1.8 | B52: The facility provides Skin & VD Services
A53: ME A1.9 | B53: The facility provides Psychiatry Services
A54: ME A1.10 | B54: The facility provides Dental Treatment Services
A55: ME A1.11 | B55: The facility provides AYUSH Services
A56: ME A1.12 | B56: The facility provides Physiotherapy Services
A57: ME A1.13 | B57: The facility provides services for OPD procedures
A58: ME A1.14. | B58: Services are available for the time period as mandated | C58: Blood bank services available 24X7 | D58: 2 | E58: SI/RR
A59: ME A1.15 | B59: The facility provides services for Super specialties, as mandated
A60: ME A1.16 | B60: The facility provides Accident & Emergency Services
A61: ME A1.17 | B61: The facility provides Intensive care Services
A62: ME A1.18. | B62: The facility provides Blood bank & transfusion services | C62: Blood bank has facility of whole blood collection and Storage | D62: 2 | E62: SI/OB
A63: . | C63: Blood Bank Has facility for Blood Components | D63: 2 | E63: SI/OB | F63: PRC, Platelets Concentrate, FMP, Plasma& Single donor Cryo Precipitate
A64: . | C64: Blood bank has emergency stock of blood | D64: 2 | E64: SI/OB | F64: For A+, B+, O+ and O-
C65: Provision of blood donation camps | D65: 2 | E65: SI/OB
A66: Standard A2 | B66: Facility provides RMNCHA Services | H66: =SUM(D67:D71) -> 2 | I66: =COUNT(D67:D71)*2 -> 2
A67: ME A2.1 | B67: The facility provides Reproductive health Services
A68: ME A2.2 | B68: The facility provides Maternal health Services | C68: Availability of transfusion services | D68: 2 | E68: SI/OB
A69: ME A2.3 | B69: The facility provides Newborn health Services
A70: ME A2.4 | B70: The facility provides Child health Services
A71: ME A2.5 | B71: The facility provides Adolescent health Services
A72: Standard A3 | B72: Facility Provides diagnostic Services | H72: =SUM(D73:D75) -> 2 | I72: =COUNT(D74)*2 -> 2
A73: ME A3.1 | B73: The facility provides Radiology Services
A74: ME A3.2 | B74: The facility Provides Laboratory Services | C74: Availability of screening and cross matching services | D74: 2 | E74: SI/OB
A75: ME A3.3 | B75: The facility provides other diagnostic services, as mandated
A76: Standard A4 | B76: Facility provides services as mandated in national Health Programs/ state scheme | H76: =SUM(D77:D88) -> 2 | I76: =COUNT(D77:D88)*2 -> 2
A77: ME A4.1 | B77: The facility provides services under National Vector Borne Disease Control Programme as per guidelines | C77: Availability of platelets for management of Dengue cases | D77: 2 | E77: SI/RR
A78: ME A4.2 | B78: The facility provides services under Revised National TB Control Programme as per guidelines
A79: ME A4.3 | B79: The facility provides services under National Leprosy Eradication Programme as per guidelines
A80: ME A4.4 | B80: The facility provides services under National AIDS Control Programme as per guidelines
A81: ME A4.5 | B81: The facility provides services under National Programme for prevention and control of Blindness as per guidelines
A82: ME A4.6 | B82: The facility provides services under Mental Health Programme as per guidelines
A83: ME A4.7 | B83: The facility provides services under National Programme for the health care of the elderly as per guidelines
A84: ME A4.8 | B84: The facility provides services under National Programme for Prevention and control of Cancer, Diabetes, Cardiovascular diseases & Stroke (NPCDCS) as per guidelines
A85: ME A4.9 | B85: The facility Provides services under Integrated Disease Surveillance Programme as per Guidelines
A86: ME A4.10 | B86: The facility provide services under National health Programme for deafness
A87: ME A4.11 | B87: The facility provides services as per State specific health programmes
A88: ME A 4.12 | B88: The facility provided services as per Rashtriya bal swasthya Karykram
A89: Standard A5 | B89: Facility provides support services | H89: =SUM(D90:D97) -> 0 | I89: =COUNT(D90:D97)*2 -> 0
A90: ME A5.1 | B90: The facility provides dietary services
A91: ME A5.2 | B91: The facility provides laundry services
A92: ME A5.3 | B92: The facility provides security services
A93: ME A5.4 | B93: The facility provides housekeeping services
A94: ME A5.5 | B94: The facility ensures maintenance services
A95: ME A5.6 | B95: The facility provides pharmacy services
A96: ME A5.7 | B96: The facility has services of medical record department
A97: ME A5.8 | B97: The facility provides mortuary services
A98: Standard A6. | B98: Health services provided at the facility are appropriate to community needs. | H98: =SUM(D99:D100) -> 2 | I98: =COUNT(D99:D100)*2 -> 2
A99: ME A6.1. | B99: The facility provides curatives & preventive services for the health problems and diseases, prevalent locally. | C99: Blood Bank provides blood components for thalassemia, dengue, haemophilia etc. as per local need | D99: 2 | E99: SI/RR
A100: ME A6.2. | B100: There is process for consulting community/ or their representatives when planning or revising scope of services of the facility
A101: . | B101: Area of Concern - B Patient Rights | H101: =H102+H114+H120+H125+H132+H139 -> 42 | I101: =I102+I114+I120+I125+I132+I139 -> 42
A102: Standard B1. | B102: Facility provides the information to care seekers, attendants & community about the available services and their modalities | H102: =SUM(D103:D113) -> 16 | I102: =COUNT(D103:D113)*2 -> 16
A103: ME B1.1. | B103: The facility has uniform and user-friendly signage system | C103: Availability of Departmental signages | D103: 2 | E103: OB | F103: (Numbering, main department and internal sectional signage
C104: Directional signage for department is displayed | D104: 2 | E104: OB
...

Sheet Lab
A1: National Quality Assurance Standards for District Hospitals | G1: Version: DH/02/19
A2: Checklist for Laboratory | H2: 14
A3: Assessment Summary
A4: Name of the Hospital | F4: Date of Assessment
A5: Names of Assessors | F5: Names of Assessees
A6: Type of Assessment (Internal/External) | F6: Action plan Submission Date
A7: Laboratory Score Card
A8: Area of Concern wise Score | D8: Laboratory Score
A9: A | B9: Service Provision | C9: =Lab!D667 -> 1 | D9: =D675 -> 1
A10: B | B10: Patient Rights | C10: =Lab!D668 -> 1
A11: C | B11: Inputs | C11: =Lab!D669 -> 1
A12: D | B12: Support Services | C12: =Lab!D670 -> 1
A13: E | B13: Clinical Services | C13: =Lab!D671 -> 1
A14: F | B14: Infection Control | C14: =Lab!D672 -> 1
A15: G | B15: Quality Management | C15: =Lab!D673 -> 1
A16: H | B16: Outcome | C16: =Lab!D674 -> 1
B18: Major Gaps Observed
A19: 1
A20: 2
A21: 3
A22: 4
A23: 5
B24: Strengths / Good Practices
A25: 1
A26: 2
A27: 3
A28: 4
A29: 5
B30: Recommendations/ Opportunites for Improvement
A31: 1
A32: 2
A33: 3
A34: 4
A35: 5
B36: Signature of Assessors
B37: Date
A41: Checklist for Laboratory
A42: Standard | B42: ME Statement | C42: Checkpoint | D42: Compliance Full/Partial/No | E42: Audit Method | F42: Means of Verification | G42: Remarks
B43: Area of Concern - A Service Provision | H43: =H70+H82+H105+H44+H64+H96 -> 30 | I43: =I70+I82+I105+I44+I64+I96 -> 30
A44: Standard A1 | B44: Facility Provides Curative Services | H44: =SUM(D45:D63) -> 0 | I44: =COUNT(D45:D63)*2 -> 0
A45: ME A1.1 | B45: The facility provides General Medicine services
A46: ME A1.2 | B46: The facility provides General Surgery services
A47: ME A1.3 | B47: The facility provides Obstetrics & Gynaecology Services
A48: ME A1.4 | B48: The facility provides Paediatric Services
A49: ME A1.5 | B49: The facility provides Ophthalmology Services
A50: ME A1.6 | B50: The facility provides ENT Services
A51: ME A1.7 | B51: The facility provides Orthopaedics Services
A52: ME A1.8 | B52: The facility provides Skin & VD Services
A53: ME A1.9 | B53: The facility provides Psychiatry Services
A54: ME A1.10 | B54: The facility provides Dental Treatment Services
A55: ME A1.11 | B55: The facility provides AYUSH Services
A56: ME A1.12 | B56: The facility provides Physiotherapy Services
... A63: ME A1.18 | B63: The facility provides Blood bank & transfusion services
A64: Standard A2 | B64: Facility provides RMNCHA Services | H64: =SUM(D65:D69) -> 0 | I64: =COUNT(D65:D69)*2 -> 0
A65: ME A 2.1 | B65: The facility provides Reproductive health Services
A66: ME A 2.2 | B66: The facility provides Maternal health Services
A67: ME A 2.3 | B67: The facility provides Newborn health Services
A68: ME A 2.4 | B68: The facility provides Child health Services
A69: ME A 2.5 | B69: The facility provides Adolescent health Services
A70: Standard A3 | B70: Facility Provides diagnostic Services | H70: =SUM(D71:D81) -> 18 | I70: =COUNT(D71:D81)*2 -> 18
A71: ME A3.1 | B71: The facility provides Radiology Services
A72: ME A3.2 | B72: The facility Provides Laboratory Services | C72: All lab services are available in routine working hours | D72: 2 | E72: SI/RR
C73: Emergency lab services are available for selected tests of Haematology, Biochemistry and Serology 24X7 | D73: 2 | E73: SI/RR
C74: Availability of Haematology services | D74: 2 | E74: SI/OB
C75: Availability of Bio chemistry services | D75: 2 | E75: SI/OB
C76: Availability of Microbiology services | D76: 2 | E76: SI/OB
C77: Availability of Cytology services | D77: 2 | E77: SI/OB
C78: Availability of Histopathology services | D78: 2 | E78: SI/OB
C79: Availability of Clinical Pathology services | D79: 2 | E79: SI/OB
C80: Availability of Serology services | D80: 2 | E80: SI/OB
A81: ME A 3.3 | B81: The facility provides other diagnostic services, as mandated
A82: Standard A4 | B82: Facility provides services as mandated in national Health Programs/ state scheme | H82: =SUM(D83:D95) -> 10 | I82: =COUNT(D83:D95)*2 -> 10
A83: ME A4.1 | B83: The facility provides services under National Vector Borne Disease Control Programme as per guidelines | C83: Tests for Diagnosis of maleria (Smear and RDTK) | D83: 2 | E83: SI/OB
C84: Tests for Kala Azar, Dengue, JE, Chikengunia | D84: 2 | E84: SI/OB | F84: As per prevalant endemic
A85: ME A4.2 | B85: The facility provides services under Revised National TB Control Programme as per guidelines | C85: Availability of Designated Microscoy Center (AFB) | D85: 2 | E85: SI/OB
A86: ME A4.3 | B86: The facility provides services under National Leprosy Eradication Programme as per guidelines | C86: Availability of Skin Smear Examination | D86: 2 | E86: SI/OB
A87: ME A4.4 | B87: The facility provides services under National AIDS Control Programme as per guidelines
A88: ME A4.5 | B88: The facility provides services under National Programme for prevention and control of Blindness as per guidelines
A89: ME A 4.6 | B89: The facility provides services under Mental Health Programme as per guidelines
A90: ME A4.7 | B90: The facility provides services under National Programme for the health care of the elderly as per guidelines
A91: ME A4.8 | B91: The facility provides services under National Programme for Prevention and control of Cancer, Diabetes, Cardiovascular diseases & Stroke (NPCDCS) as per guidelines | C91: Haemogram, BT CT, Fasting/PP Sugar, Lipid Profile, Blood Urea , LFT Kidney Function Test | D91: 2 | E91: SI/RR
A92: ME A4.9 | B92: The facility Provides services under Integrated Disease Surveillance Programme as per Guidelines
A93: ME A4.10 | B93: The facility provide services under National health Programme for Prevention and Control of deafness
A94: ME A4.11 | B94: The facility provides services as per State specific health programmes
A95: ME A4.12 | B95: The facility provided services as per Rashtriya bal swasthya Karykram
A96: Standard A5 | B96: Facility provides support services | H96: =SUM(D97:D104) -> 0 | I96: =COUNT(D97:D104)*2 -> 0
A97: ME A5.1 | B97: The facility provides dietary services
A98: ME A5.2 | B98: The facility provides laundry services
A99: ME A5.3 | B99: The facility provides security services
A100: ME A5.4 | B100: The facility provides housekeeping services
A101: ME A5.5 | B101: The facility ensures maintenance services
A102: ME A5.6 | B102: The facility provides pharmacy services
A103: ME A5.7 | B103: The facility has services of medical record department
A104: ME A5.8 | B104: The facility provides mortuary services
A105: Standard A6 | B105: Health services provided at the facility are appropriate to community needs. | H105: =SUM(D106:D107) -> 2 | I105: =COUNT(D106:D107)*2 -> 2
A106: ME A 6.1 | B106: The facility provides curatives & preventive services for the health problems and diseases, prevalent locally. | C106: Laboratory provides specific test for local health problems/ diseases e.g.. Dengue, swine flu etc. | D106: 2 | E106: SI/RR
A107: ME A 6.2 | B107: There is process for consulting community/ or their representatives when planning or revising scope of services of the facility
B108: Area of Concern - B Patient Rights | H108: =H109+H120+H126+H131+H137+H145 -> 42 | I108: =I109+I120+I126+I131+I137+I145 -> 42
A109: Standard B1 | B109: Facility provides the information to care seekers, attendants & community about the available services and their modalities | H109: =SUM(D110:D119) -> 14 | I109: =COUNT(D110:D119)*2 -> 14
A110: ME B1.1 | B110: The facility has uniform and user-friendly signage system | C110: Availability departmental signage's | D110: 2 | E110: OB | F110: (Numbering, main department and internal sectional signage
...

Sheet Radiology 
A1: National Quality Assurance Standards for District Hospitals | G1: Version: DH/02/19
A2: Checklist for Radiology Department | H2: 15
A3: Assessment Summary
A4: Name of the Hospital | F4: Date of Assessment
A5: Names of Assessors | F5: Names of Assessees
A6: Type of Assessment (Internal/External) | F6: Action plan Submission Date
A7: Radiology Score Card
A8: Area of Concern wise Score | D8: Radiology Score
A9: A | B9: Service Provision | C9: ='Radiology '!D618 -> 1 | D9: =D626 -> 1
A10: B | B10: Patient Rights | C10: ='Radiology '!D619 -> 1
A11: C | B11: Inputs | C11: ='Radiology '!D620 -> 1
A12: D | B12: Support Services | C12: ='Radiology '!D621 -> 1
A13: E | B13: Clinical Services | C13: ='Radiology '!D622 -> 1
A14: F | B14: Infection Control | C14: ='Radiology '!D623 -> 1
A15: G | B15: Quality Management | C15: ='Radiology '!D624 -> 1
A16: H | B16: Outcome | C16: ='Radiology '!D625 -> 1
B18: Major Gaps Observed
A19: 1
A20: 2
A21: 3
A22: 4
A23: 5
B24: Strengths / Good Practices
A25: 1
A26: 2
A27: 3
A28: 4
A29: 5
B30: Recommendations/ Opportunites for Improvement
A31: 1
A32: 2
A33: 3
A34: 4
A35: 5
B36: Signature of Assessors
B37: Date
A41: Reference no. | B41: ME Statement | C41: Checkpoint | D41: Compliance Full/Partial/No | E41: Assessment Method | F41: Means of Verification | G41: Remarks
B42: Area of Concern - A Service Provision | H42: =H43+H63+H69+H77+H90+H99 -> 16 | I42: =I43+I63+I69+I77+I90+I99 -> 16
A43: Standard A1 | B43: Facility Provides Curative Services | H43: =SUM(D44:D62) -> 4 | I43: =COUNT(D44:D62)*2 -> 4
A44: ME A1.1 | B44: The facility provides General Medicine services
A45: ME A1.2 | B45: The facility provides General Surgery services
A46: ME A1.3 | B46: The facility provides Obstetrics & Gynaecology Services
A47: ME A1.4 | B47: The facility provides Paediatric Services
A48: ME A1.5 | B48: The facility provides Ophthalmology Services
A49: ME A1.6 | B49: The facility provides ENT Services
A50: ME A1.7 | B50: The facility provides Orthopaedics Services
A51: ME A1.8 | B51: The facility provides Skin & VD Services
A52: ME A1.9 | B52: The facility provides Psychiatry Services
A53: ME A1.10 | B53: The facility provides Dental Treatment Services
A54: ME A1.11 | B54: The facility provides AYUSH Services
A55: ME A1.12 | B55: The facility provides Physiotherapy Services
A56: ME A1.13 | B56: The facility provides services for OPD procedures
A57: ME A1.14 | B57: Services are available for the time period as mandated | C57: All radiology services are available in routine working hours | D57: 2 | E57: SI/RR
C58: Emergency radiology services are available for selected procedure 24X7 | D58: 2 | E58: SI/RR
A59: ME A1.15 | B59: The facility provides services for Super specialties, as mandated
A60: ME A1.16 | B60: The facility provides Accident & Emergency Services
A61: ME A1.17 | B61: The facility provides Intensive care Services
A62: ME A1.18 | B62: The facility provides Blood bank & transfusion services
A63: Standard A2 | B63: Facility provides RMNCHA Services | H63: =SUM(D64:D68) -> 2 | I63: =COUNT(D64:D68)*2 -> 2
A64: ME A2.1 | B64: The facility provides Reproductive health Services
A65: ME A2.2 | B65: The facility provides Maternal health Services | C65: Availability of USG services for Pregnant women | D65: 2 | E65: SI/OB
A66: ME A2.3 | B66: The facility provides Newborn health Services
A67: ME A2.4 | B67: The facility provides Child health Services
A68: ME A2.5 | B68: The facility provides Adolescent health Services
A69: Standard A3 | B69: Facility Provides diagnostic Services | H69: =SUM(D70:D76) -> 10 | I69: =COUNT(D70:D76)*2 -> 10
A70: ME A3.1 | B70: The facility provides Radiology Services | C70: Availability of X ray services | D70: 2 | E70: SI/OB | F70: for chest, bones, skull, spine and abdomen.
C71: Availability of special radio graphy services | D71: 2 | E71: SI/OB | F71: Barium Swallow, Barium enema, Barium meal,MMR (Miniature mass radiography) Chest
C72: Availability of Dental X ray Services | D72: 2 | E72: SI/OB | F72: Dental X-ray. OPG services
C73: Availability of ultrasound services | D73: 2 | E73: SI/OB | F73: Pre natal diagnostic procedure: Ultrasonography, Fetoscopy | G73: 342342
C74: Availability of CT scan facility | D74: 2 | E74: SI/OB
A75: ME A3.2 | B75: The facility Provides Laboratory Services
A76: ME A3.3 | B76: The facility provides other diagnostic services, as mandated
A77: Standard A4 | B77: Facility provides services as mandated in national Health Programs/ state scheme | H77: =SUM(D78:D89) -> 0 | I77: =COUNT(D78:D89)*2 -> 0
A78: ME A4.1 | B78: The facility provides services under National Vector Borne Disease Control Programme as per guidelines
A79: ME A4.2 | B79: The facility provides services under Revised National TB Control Programme as per guidelines
A80: ME A4.3 | B80: The facility provides services under National Leprosy Eradication Programme as per guidelines
A81: ME A4.4 | B81: The facility provides services under National AIDS Control Programme as per guidelines
A82: ME A4.5 | B82: The facility provides services under National Programme for prevention and control of Blindness as per guidelines
A83: ME A4.6 | B83: The facility provides services under Mental Health Programme as per guidelines
A84: ME A4.7 | B84: The facility provides services under National Programme for the health care of the elderly as per guidelines
A85: ME A4.8 | B85: The facility provides services under National Programme for Prevention and control of Cancer, Diabetes, Cardiovascular diseases & Stroke (NPCDCS) as per guidelines
A86: ME A4.9 | B86: The facility Provides services under Integrated Disease Surveillance Programme as per Guidelines
A87: ME A4.10 | B87: The facility provide services under National health Programme for deafness
A88: ME A4.11 | B88: The facility provides services as per State specific health programmes
A89: ME A4.12 | B89: The facility provided services as per Rashtriya bal swasthya Karykram
A90: Standard A5 | B90: Facility provides support services | H90: =SUM(D91:D98) -> 0 | I90: =COUNT(D91:D98)*2 -> 0
A91: ME A5.1 | B91: The facility provides dietary services
A92: ME A5.2 | B92: The facility provides laundry services
A93: ME A5.3 | B93: The facility provides security services
A94: ME A5.4 | B94: The facility provides housekeeping services
A95: ME A5.5 | B95: The facility ensures maintenance services
A96: ME A5.6 | B96: The facility provides pharmacy services
A97: ME A5.7 | B97: The facility has services of medical record department
A98: ME A5.8 | B98: The facility provides mortuary services
A99: Standard A6 | B99: Health services provided at the facility are appropriate to community needs. | H99: =SUM(D100:D101) -> 0 | I99: =COUNT(D100:D101)*2 -> 0
A100: ME A6.1 | B100: The facility provides curatives & preventive services for the health problems and diseases, prevalent locally.
A101: ME A6.2 | B101: There is process for consulting community/ or their representatives when planning or revising scope of services of the facility
B102: Area of Concern - B Patient Rights | H102: =H103+H115+H121+H127+H133+H140 -> 40 | I102: =I103+I115+I121+I127+I133+I140 -> 40
A103: Standard B1 | B103: Facility provides the information to care seekers, attendants & community about the available services and their modalities | H103: =SUM(D104:D114) -> 16 | I103: =COUNT(D104:D114)*2 -> 16
A104: ME B1.1 | B104: The facility has uniform and user-friendly signage system | C104: Availability departmental signage's | D104: 2 | E104: OB | F104: (Numbering, main department and internal sectional signage
...

Sheet Pharmacy
A1: National Quality Assurance Standards for District Hospitals | G1: Version: DH/02/19
A2: Checklist for Pharmacy Department | H2: 16
A3: Assessment Summary
A4: Name of the Hospital | F4: Date of Assessment
A5: Names of Assessors | F5: Names of Assessees
A6: Type of Assessment (Internal/External) | F6: Action plan Submission Date
A7: Pharmacy Score Card
A8: Area of Concern wise Score | D8: Pharmacy Score
A9: A | B9: Service Provision | C9: =Pharmacy!D610 -> 1 | D9: =D618 -> 1
A10: B | B10: Patient Rights | C10: =Pharmacy!D611 -> 1
A11: C | B11: Inputs | C11: =Pharmacy!D612 -> 1
A12: D | B12: Support Services | C12: =Pharmacy!D613 -> 1
A13: E | B13: Clinical Services | C13: =Pharmacy!D614 -> 1
A14: F | B14: Infection Control | C14: =Pharmacy!D615 -> 1
A15: G | B15: Quality Management | C15: =Pharmacy!D616 -> 1
A16: H | B16: Outcome | C16: =Pharmacy!D617 -> 1
B18: Major Gaps Observed
A19: 1
A20: 2
A21: 3
A22: 4
A23: 5
B24: Strengths / Good Practices
A25: 1
A26: 2
A27: 3
A28: 4
A29: 5
B30: Recommendations/ Opportunites for Improvement
A31: 1
A32: 2
A33: 3
A34: 4
A35: 5
B36: Signature of Assessors
B37: Date
A41: Reference No | B41: ME Statement | C41: Checkpoint | D41: Compliance Full/Partial/No | E41: Assessment Method | F41: Means of Verification | G41: Remarks
B42: Area of Concern - A Service Provision | H42: =H43+H74+H88+H64+H70+H100 -> 24 | I42: =I43+I74+I88+I64+I70 -> 24
A43: Standard A1 | B43: Facility Provides Curative Services | H43: =SUM(D44:D63) -> 6 | I43: =COUNT(D44:D63)*2 -> 6
A44: ME A1.1 | B44: The facility provides General Medicine services
A45: ME A1.2 | B45: The facility provides General Surgery services
A46: ME A1.3 | B46: The facility provides Obstetrics & Gynaecology Services
A47: ME A1.4 | B47: The facility provides Paediatric Services
A48: ME A1.5 | B48: The facility provides Ophthalmology Services
A49: ME A1.6 | B49: The facility provides ENT Services
A50: ME A1.7 | B50: The facility provides Orthopaedics Services
A51: ME A1.8 | B51: The facility provides Skin & VD Services
A52: ME A1.9 | B52: The facility provides Psychiatry Services
A53: ME A1.10 | B53: The facility provides Dental Treatment Services
A54: ME A1.11 | B54: The facility provides AYUSH Services
A55: ME A1.12 | B55: The facility provides Physiotherapy Services
A56: ME A1.13 | B56: The facility provides services for OPD procedures
A57: ME A1.14 | B57: Services are available for the time period as mandated | C57: Dispensary services are available in OPD hours | D57: 2 | E57: SI/RR
C58: Facility ensure access to drug store after OPD hours | D58: 2 | E58: SI/RR
C59: Generic Drug store is operational 24X7 | D59: 2 | E59: SI/RR
A60: ME A1.15 | B60: The facility provides services for Super specialties, as mandated
A61: ME A1.16 | B61: The facility provides Accident & Emergency Services
A62: ME A1.17 | B62: The facility provides Intensive care Services
A63: ME A1.18 | B63: The facility provides Blood bank & transfusion services
A64: Standard A2 | B64: Facility provides RMNCHA Services | H64: =SUM(D65:D69) -> 0 | I64: =COUNT(D65:D69)*2 -> 0
A65: ME A2.1 | B65: The facility provides Reproductive health Services
A66: ME A2.2 | B66: The facility provides Maternal health Services
A67: ME A2.3 | B67: The facility provides Newborn health Services
A68: ME A2.4 | B68: The facility provides Child health Services
A69: ME A2.5 | B69: The facility provides Adolescent health Services
A70: Standard A3 | B70: Facility Provides diagnostic Services | H70: =SUM(D71:D73) -> 0 | I70: =COUNT(D71:D73)*2 -> 0
A71: ME A3.1 | B71: The facility provides Radiology Services
A72: ME A3.2 | B72: The facility Provides Laboratory Services
A73: ME A3.3 | B73: The facility provides other diagnostic services, as mandated
A74: Standard A4 | B74: Facility provides services as mandated in national Health Programs/ state scheme | H74: =SUM(D75:D87) -> 10 | I74: =COUNT(D75:D87)*2 -> 10
A75: ME A4.1 | B75: The facility provides services under National Vector Borne Disease Control Programme as per guidelines | C75: Availability of Drugs under NVBDCP | D75: 2 | E75: SI/OB | F75: Chloroquine, Primaquine, ACT (Artemisinin Combination Therapy)
A76: ME A4.2 | B76: The facility provides services under Revised National TB Control Programme as per guidelines | C76: Availability of Drugs under RNTBCP | D76: 2 | E76: SI/OB
A77: ME A4.3 | B77: The facility provides services under National Leprosy Eradication Programme as per guidelines | C77: Availability of Drugs under NLEP | D77: 2 | E77: SI/OB | F77: Rifampicin, Clofazimine, Dapsone
A78: ME A4.4 | B78: The facility provides services under National AIDS Control Programme as per guidelines | C78: Availability of ARV Drugs under NACP | D78: 2 | E78: SI/OB | F78: Zidovudine, Stavudine, Lamivudine, Nevirapine in combination as per NACO
C79: Availability of Drugs for Paediatric HIV management | D79: 2 | E79: SI/OB | F79: Paediatric Dosages FDC 6, FDC 10, Efavirenz, Cotrimoxazole
A80: ME A4.5 | B80: The facility provides services under National Programme for control of Blindness as per guidelines
A81: ME A4.6 | B81: The facility provides services under Mental Health Programme as per guidelines
A82: ME A4.7 | B82: The facility provides services under National Programme for the health care of the elderly as per guidelines
A83: ME A4.8 | B83: The facility provides services under National Programme for Prevention and control of Cancer, Diabetes, Cardiovascular diseases & Stroke (NPCDCS) as per guidelines
A84: ME A4.9 | B84: The facility Provides services under Integrated Disease Surveillance Programme as per Guidelines
A85: ME A4.10 | B85: The facility provide services under National health Programme for deafness
A86: ME A4.11 | B86: The facility provides services as per State specific health programmes
A87: ME A4.12 | B87: The facility provided services as per Rashtriya bal swasthya Karykram
A88: Standard A5 | B88: Facility provides support services | H88: =SUM(D89:D99) -> 8 | I88: =COUNT(D89:D99)*2 -> 8
A89: ME A5.1 | B89: The facility provides dietary services
A90: ME A5.2 | B90: The facility provides laundry services
A91: ME A5.3 | B91: The facility provides security services
A92: ME A5.4 | B92: The facility provides housekeeping services
A93: ME A5.5 | B93: The facility ensures maintenance services
A94: ME A5.6 | B94: The facility provides pharmacy services | C94: Dispensing of Medicines and consumables for OPD Patients | D94: 2 | E94: SI/OB | F94: Functional dispensary
C95: Generic Drug Store | D95: 2 | E95: SI/OB | F95: Functional jan ayushdhalya in premises or equivalent
C96: Storage of drugs | D96: 2 | E96: SI/OB
C97: Cold chain management services | D97: 2 | E97: SI/OB
A98: ME A5.7 | B98: The facility has services of medical record department
A99: ME A5.8 | B99: The facility provides mortuary services
A100: Standard A6 | B100: Health services provided at the facility are appropriate to community needs. | H100: =SUM(D101:D102) -> 0 | I100: =COUNT(D101:D102)*2 -> 0
A101: ME A6.1 | B101: The facility provides curatives & preventive services for the health problems and diseases, prevalent locally.
A102: ME A6.2 | B102: There is process for consulting community/ or their representatives when planning or revising scope of services of the facility
B103: Area of Concern - B Patient Rights | H103: =H104+H116+H122+H127+H133+H141 -> 34 | I103: =I104+I116+I122+I127+I133+I141 -> 34
A104: Standard B1 | B104: Facility provides the information to care seekers, attendants & community about the available services and their modalities | H104: =SUM(D105:D115) -> 14 | I104: =COUNT(D105:D115)*2 -> 14
...

Sheet Auxillary services
A1: National Quality Assurance Standards for District Hospitals | G1: Version: DH/02/19
A2: Checklist for Auxillary Services | H2: 17
A3: Assessment Summary
A4: Name of the Hospital | F4: Date of Assessment
A5: Names of Assessors | F5: Names of Assessees
A6: Type of Assessment (Internal/External) | F6: Action plan Submission Date
A7: Auxillary Services Score Card
B8: Area of Concern wise Score | D8: Auxillary Services Score
A9: A | B9: Service Provision | C9: ='Auxillary services'!D639 -> 1 | D9: =D647 -> 1
A10: B | B10: Patient Rights | C10: ='Auxillary services'!D640 -> 1
A11: C | B11: Inputs | C11: ='Auxillary services'!D641 -> 1
A12: D | B12: Support Services | C12: ='Auxillary services'!D642 -> 1
A13: E | B13: Clinical Services | C13: ='Auxillary services'!D643 -> 1
A14: F | B14: Infection Control | C14: ='Auxillary services'!D644 -> 1
A15: G | B15: Quality Management | C15: ='Auxillary services'!D645 -> 1
A16: H | B16: Outcome | C16: ='Auxillary services'!D646 -> 1
B18: Major Gaps Observed
A19: 1
A20: 2
A21: 3
A22: 4
A23: 5
B24: Strengths / Good Practices
A25: 1
A26: 2
A27: 3
A28: 4
A29: 5
B30: Recommendations/ Opportunites for Improvement
A31: 1
A32: 2
A33: 3
A34: 4
A35: 5
B36: Signature of Assessors
B37: Date
A41: Reference no | B41: ME Statement | C41: Checkpoint | D41: Compliance | E41: Assessment Method | F41: Means of Verification | G41: Remarks
B42: Area of Concern - A Service Provision | H42: =H85+H43+H62+H68+H72+H94 -> 14 | I42: =I85+I43+I62+I68+I72+I94 -> 14
A43: Standard A1 | B43: Facility Provides Curative Services | H43: =SUM(D44:D61) -> 0 | I43: =COUNT(D44:D61)*2 -> 0
A44: ME A1.1 | B44: The facility provides General Medicine services
A45: ME A1.2 | B45: The facility provides General Surgery services
A46: ME A1.3 | B46: The facility provides Obstetrics & Gynaecology Services
A47: ME A1.4 | B47: The facility provides Paediatric Services
A48: ME A1.5 | B48: The facility provides Ophthalmology Services
A49: ME A1.6 | B49: The facility provides ENT Services
A50: ME A1.7 | B50: The facility provides Orthopaedics Services
A51: ME A1.8 | B51: The facility provides Skin & VD Services
A52: ME A1.9 | B52: The facility provides Psychiatry Services
A53: ME A1.10 | B53: The facility provides Dental Treatment Services
A54: ME A1.11 | B54: The facility provides AYUSH Services
A55: ME A1.12 | B55: The facility provides Physiotherapy Services
... A61: ME A1.18 | B61: The facility provides Blood bank & transfusion services
A62: Standard A2 | B62: Facility provides RMNCHA Services | H62: =SUM(D63:D67) -> 0 | I62: =COUNT(D63:D67)*2 -> 0
A63: ME A2.1 | B63: The facility provides Reproductive health Services
A64: ME A2.2 | B64: The facility provides Maternal health Services
A65: ME A2.3 | B65: The facility provides Newborn health Services
A66: ME A2.4 | B66: The facility provides Child health Services
A67: ME A2.5 | B67: The facility provides Adolescent health Services
A68: Standard A3 | B68: Facility Provides diagnostic Services | H68: =SUM(D69:D71) -> 0 | I68: =COUNT(D69:D71)*2 -> 0
A69: ME A3.1 | B69: The facility provides Radiology Services
A70: ME A3.2 | B70: The facility Provides Laboratory Services
A71: ME A3.3 | B71: The facility provides other diagnostic services, as mandated
A72: Standard A4 | B72: Facility provides services as mandated in national Health Programs/ state scheme | H72: =SUM(D73:D84) -> 0 | I72: =COUNT(D73:D84)*2 -> 0
A73: ME A4.1 | B73: The facility provides services under National Vector Borne Disease Control Programme as per guidelines
A74: ME A4.2 | B74: The facility provides services under Revised National TB Control Programme as per guidelines
A75: ME A4.3 | B75: The facility provides services under National Leprosy Eradication Programme as per guidelines
A76: ME A4.4 | B76: The facility provides services under National AIDS Control Programme as per guidelines
A77: ME A4.5 | B77: The facility provides services under National Programme for prevention and control of Blindness as per guidelines
A78: ME A4.6 | B78: The facility provides services under Mental Health Programme as per guidelines
A79: ME A4.7 | B79: The facility provides services under National Programme for the health care of the elderly as per guidelines
A80: ME A4.8 | B80: The facility provides services under National Programme for Prevention and control of Cancer, Diabetes, Cardiovascular diseases & Stroke (NPCDCS) as per guidelines
A81: ME A4.9 | B81: The facility Provides services under Integrated Disease Surveillance Programme as per Guidelines
A82: ME A4.10 | B82: The facility provide services under National health Programme for deafness
A83: ME A4.11 | B83: The facility provides services as per State specific health programmes
A84: ME A4.12 | B84: The facility provided services as per Rashtriya bal swasthya Karykram
A85: Standard A5 | B85: Facility provides support services | H85: =SUM(D86:D93) -> 14 | I85: =COUNT(D86:D93)*2 -> 14
A86: ME A5.1 | B86: The facility provides dietary services | C86: Availability of operational Kitchen | D86: 2 | E86: SI/OB | F86: Functional Kitchen within the premise of the hospital
A87: ME A5.2 | B87: The facility provides laundry services | C87: Availability of functional laundry | D87: 2 | E87: SI/OB | F87: Arrangement of laundry services inhouse or outsourced
A88: ME A5.3 | B88: The facility provides security services | C88: Availability of functional security services 24 X7 | D88: 2 | E88: SI/OB
A89: ME A5.4 | B89: The facility provides housekeeping services | C89: Availability of Housekeeping services 24X7 | D89: 2 | E89: SI/OB
A90: ME A5.5 | C90: Availability of waste disposal services | D90: 2 | E90: SI/OB | F90: Arrangement for disposal of Bio medical and general waste Inhouse or outsouced
A91: ME A5.6 | B91: The facility ensures maintenance services | C91: Availability of maintenance services 24X7 | D91: 2 | E91: SI/OB | F91: Includes Physical infrastructure maintenance and equipment maintenance
A92: ME A5.7 | B92: The facility provides pharmacy services
A93: ME A5.8 | B93: The facility has services of medical record department | C93: Availability of Medical record department | D93: 2 | E93: SI/OB
A94: Standard A6 | B94: Health services provided at the facility are appropriate to community needs. | H94: =SUM(D95:D96) -> 0 | I94: =COUNT(D95:D96)*2 -> 0
A95: ME A6.1 | B95: The facility provides curatives & preventive services for the health problems and diseases, prevalent locally.
A96: ME A6.2 | B96: There is process for consulting community/ or their representatives when planning or revising scope of services of the facility
B97: Area of Concern - B Patient Rights | H97: =H98+H113+H118+H124+H107+H131 -> 16 | I97: =I98+I113+I118+I124+I107+I131 -> 16
A98: Standard B1 | B98: Facility provides the information to care seekers, attendants & community about the available services and their modalities | H98: =SUM(D99:D106) -> 6 | I98: =COUNT(D99:D106)*2 -> 6
A99: ME B1.1 | B99: The facility has uniform and user-friendly signage system | C99: Availability of departmental signage for support service department | D99: 2 | E99: OB
A100: ME B1.2 | B100: The facility displays the services and entitlements available in its departments
A101: ME B1.3 | B101: The facility has established citizen charter, which is followed at all levels
A102: ME B1.4 | B102: User charges are displayed and communicated to patients effectively
A103: ME B1.5 | B103: Patients & visitors are sensitised and educated through appropriate IEC / BCC approaches
A104: ME B1.6 | B104: Information is available in local language and easy to understand | C104: Signage's and information are available in local language | D104: 2 | E104: OB
A105: ME B1.7 | B105: The facility provides information to patients and visitor through an exclusive set-up.
A106: ME B1.8 | B106: The facility ensures access to clinical records of patients to entitled personnel | C106: Medical records are provided to patient/ Next to kin on request | D106: 2 | E106: RR/OB
A107: Standard B2 | B107: Services are delivered in a manner that is sensitive to gender, religious and cultural needs, and there are no barrier on account of physical, economic, cultural or social reasons. | H107: =SUM(D108:D112) -> 0 | I107: =COUNT(D108:D112)*2 -> 0
A108: ME B2.1 | B108: Services are provided in manner that are sensitive to gender
A109: ME B2.2 | B109: Religious and cultural preferences of patients and attendants are taken into consideration while delivering services
...

Sheet Mortuary 
A1: National Quality Assurance Standards for District Hospitals | G1: Version: DH/02/19
A2: Checklist for Mortuary | H2: 18
A3: Assessment Summary
A4: Name of the Hospital | F4: Date of Assessment
A5: Names of Assessors | F5: Names of Assessees
A6: Type of Assessment (Internal/External) | F6: Action plan Submission Date
A7: Mortuary Score Card
A8: Area of Concern wise Score | D8: Mortuary Score
A9: A | B9: Service Provision | C9: ='Mortuary '!D582 -> 1 | D9: =D590 -> 1
A10: B | B10: Patient Rights | C10: ='Mortuary '!D583 -> 1
A11: C | B11: Inputs | C11: ='Mortuary '!D584 -> 1
A12: D | B12: Support Services | C12: ='Mortuary '!D585 -> 1
A13: E | B13: Clinical Services | C13: ='Mortuary '!D586 -> 1
A14: F | B14: Infection Control | C14: ='Mortuary '!D587 -> 1
A15: G | B15: Quality Management | C15: ='Mortuary '!D588 -> 1
A16: H | B16: Outcome | C16: ='Mortuary '!D589 -> 1
B18: Major Gaps Observed
A19: 1
A20: 2
A21: 3
A22: 4
A23: 5
B24: Strengths / Good Practices
A25: 1
A26: 2
A27: 3
A28: 4
A29: 5
B30: Recommendations/ Opportunites for Improvement
A31: 1
A32: 2
A33: 3
A34: 4
A35: 5
B36: Signature of Assessors
B37: Date
A38: Checklist for Mortuary
A41: Reference No. | B41: ME Statement | C41: Checkpoints | D41: Compliance | E41: Assessment method | F41: Audit Support | G41: Remark
B42: Area of Concern - A Service Provision | H42: =H43+H85+H62+H68+H72+H97 -> 10 | I42: =I43+I85+I62+I68+I72+I97 -> 10
A43: Standard A1 | B43: The facility provides Curative Services | H43: =SUM(D44:D61) -> 2 | I43: =COUNT(D57)*2 -> 2
A44: ME A1.1 | B44: The facility provides General Medicine services
A45: ME A1.2 | B45: The facility provides General Surgery services
A46: ME A1.3 | B46: The facility provides Obstetrics & Gynaecology Services
A47: ME A1.4 | B47: The facility provides Paediatric Services
A48: ME A1.5 | B48: The facility provides Ophthalmology Services
A49: ME A1.6 | B49: The facility provides ENT Services
A50: ME A1.7 | B50: The facility provides Orthopaedics Services
A51: ME A1.8 | B51: The facility provides Skin & VD Services
A52: ME A1.9 | B52: The facility provides Psychiatry Services
A53: ME A1.10 | B53: The facility provides Dental Treatment Services
A54: ME A1.11 | B54: The facility provides AYUSH Services
A55: ME A1.12 | B55: The facility provides Physiotherapy Services
A56: ME A1.13 | B56: The facility provides services for OPD procedures
A57: ME A1.14 | B57: Services are available for the time period as mandated | C57: Availability of services 24X7 | D57: 2 | E57: SI/RR
A58: ME A1.15 | B58: The facility provides services for Super specialties, as mandated
A59: ME A1.16 | B59: The facility provides Accident & Emergency Services
A60: ME A1.17 | B60: The facility provides Intensive care Services
A61: ME A1.18 | B61: The facility provides Blood bank & transfusion services
A62: Standard A2 | B62: The facility provides RMNCHA Services | H62: =SUM(D63:D67) -> 0 | I62: =COUNT(D63:D67)*2 -> 0
A63: ME A2.1 | B63: The facility provides Reproductive health Services
A64: ME A2.2 | B64: The facility provides Maternal health Services
A65: ME A2.3 | B65: The facility provides Newborn health Services
A66: ME A2.4 | B66: The facility provides Child health Services
A67: ME A2.5 | B67: The facility provides Adolescent health Services
A68: Standard A3 | B68: The facility Provides diagnostic Services | H68: =SUM(D69:D71) -> 0 | I68: =COUNT(D69:D71)*2 -> 0
A69: ME A3.1 | B69: The facility provides Radiology Services
A70: ME A3.2 | B70: The facility Provides Laboratory Services
A71: ME A3.3 | B71: The facility provides other diagnostic services, as mandated
